 Dungeon Crawl Stone Soup version 0.30.0-29-ga12c61a403 (webtiles) character file.

Game seed: 14954100330717732599

997668 qw the Invulnerable (level 27, 0/199 HPs)
             Began as a Gargoyle Fighter on June 4, 2023.
             Was the Champion of the Shining One.
             Slain by an eldritch tentacle (7 damage)
             ... called by Mnoleg
             ... in Pandemonium.
             The game lasted 01:10:00 (82108 turns).

qw the Invulnerable (Gargoyle Fighter)             Turns: 82108, Time: 01:10:00

Health: 0/199      AC: 65    Str: 37      XL:     27
Magic:  5/32       EV: 18    Int: 16 (18) God:    the Shining One [******]
Gold:   5014       SH: 25    Dex: 10      Spells: 26/26 levels left

rFire   + . .        y - +9 broad axe (holy)
rCold   x . .        f - +2 tower shield {reflect}
rNeg    + + +        Q - +3 gold dragon scales
rPois   inf          (helmet restricted)
rElec   +            n - +3 cloak of Akkekayhoy {rCorr Int+2 Dex+2}
rCorr   +            N - +2 pair of gloves of Bitterness {+Inv rC- Dex+5}
SInv    .            E - +3 pair of boots of Feasting {-Cast rF+++ rN+++ Dex-5}
Will    ++...        F - amulet of faith Stlth
                     R - +5 ring of evasion
HPRegen 0.53/turn    I - ring of Pudavum {Ice rN+ Str+5 Int+2}
MPRegen 0.23/turn

%: no spellcasting, reflection, faith
@: flying, glowing
A: sickness immunity, AC +20, big wings, negative energy resistance 1,
electricity resistance, torment resistance 1, petrification resistance, horns 1,
clever 1, low MP 2, mutation resistance 1, teleportitis 1, cold vulnerability 2,
heat vulnerability 2, subdued magic 1
}: 9/15 runes: barnacled, slimy, silver, golden, abyssal, demonic, magical,
fiery, gossamer
a: Renounce Religion, Evoke Invisibility, Divine Shield, Cleansing Flame, Summon
Divine Warrior


You were in Pandemonium.
You worshipped the Shining One.
The Shining One was exalted by your worship.
You visited 12 branches of the dungeon, and saw 55 of its levels.
You visited Pandemonium 1 time, and saw 10 of its levels.
You visited the Abyss 4 times.

You collected 10176 gold pieces.
You spent 5162 gold pieces at shops.


Innate Abilities, Weirdness & Mutations

You are immune to sickness and miasma.
Your stone body is resilient. (AC +20)
You are immune to poison.
Your large and strong wings let you fly.
You resist negative energy. (rN+)
You are resistant to electric shocks. (rElec)
You are resistant to unholy torment.
You are immune to petrification.
You have a pair of small horns on your head.
Your mind is acute. (Int +4, Str/Dex -1)
Your magical capacity is very low. (-20% MP)
You are somewhat resistant to further mutation.
You are occasionally teleported next to monsters.
You are very vulnerable to cold. (rC--)
You are very vulnerable to heat. (rF--)
Your spells are a little easier to cast, but a little less powerful.


   Skills:
 O Level 27 Fighting
 + Level 6.2 Short Blades
 + Level 26.8 Axes
 - Level 14.0 Throwing
 O Level 27 Armour
 - Level 16.0 Dodging
 - Level 26.0 Shields
 O Level 27 Invocations


You had 26 spell levels left.
You didn't know any spells.
Your spell library was empty.

Inventory:

Hand Weapons
 e - the +4 broad axe "Raceqih" {spect, rC- Int+5 Dex+3}
   (Okawaru gifted it to you on level 1 of the Vaults)

   Int:       It affects your intelligence (+5).
   Dex:       It affects your dexterity (+3).
   rC:        It makes you vulnerable to cold.
 y - a +9 broad axe of holy wrath (weapon)
Armour
 f - a +2 tower shield of reflection (worn)
 j - a +0 tower shield of protection
 n - the +3 cloak of Akkekayhoy (worn) {rCorr Int+2 Dex+2}
   (You found it on level 3 of the Tomb of the Ancients)

   Int:       It affects your intelligence (+2).
   Dex:       It affects your dexterity (+2).
   rCorr:     It protects you from acid and corrosion.
 u - a +2 pair of gloves
 A - a +10 plate armour of ponderousness
 E - the +3 pair of boots of Feasting (worn) {-Cast rF+++ rN+++ Dex-5}
   (You bought it in a shop on level 2 of the Orcish Mines)

   Dex:       It affects your dexterity (-5).
   rF:        It renders you almost immune to fire.
   rN:        It renders you almost immune to negative energy.
   -Cast:     It prevents spellcasting.
 N - the +2 pair of gloves of Bitterness (worn) {+Inv rC- Dex+5}
   (Okawaru gifted it to you on level 5 of the Vaults)

   Dex:       It affects your dexterity (+5).
   rC:        It makes you vulnerable to cold.
   +Inv:      It lets you turn invisible.
 Q - +3 gold dragon scales (worn)
 T - the +1 plate armour of Darkness {rF- Regen+ Int+3}
   (You acquired it on level 5 of the Vaults)

   Int:       It affects your intelligence (+3).
   rF:        It makes you vulnerable to fire.
   Regen:     It increases your rate of health regeneration.
Jewellery
 b - a +6 ring of strength
 c - the ring "Faecwur" {Fire rPois Will+ Str+2 Int+3}
   (You acquired it on level 13 of the Dungeon)

   [ring of fire]

   It enhances your fire magic.
   Str:       It affects your strength (+2).
   Int:       It affects your intelligence (+3).
   rF:        It protects you from fire.
   rC:        It makes you vulnerable to cold.
   rPois:     It protects you from poison.
   Will:      It increases your willpower.
 o - an amulet of the acrobat
 p - the amulet "Xaunot" {RegenMP +Blink rC+++ Will+ Str-3}
   (You bought it in a shop on level 4 of the Depths)

   [amulet of magic regeneration]

   It increases your rate of magic regeneration.
   Str:       It affects your strength (-3).
   rC:        It renders you almost immune to cold.
   +Blink:    It lets you blink.
   Will:      It increases your willpower.
 v - an amulet of reflection
 D - a ring of protection from cold
 F - an amulet of faith (around neck)
 I - the ring of Pudavum (right hand) {Ice rN+ Str+5 Int+2}
   (You found it on level 4 of the Shoals)

   [ring of ice]

   It enhances your ice magic.
   Str:       It affects your strength (+5).
   Int:       It affects your intelligence (+2).
   rF:        It makes you vulnerable to fire.
   rC:        It protects you from cold.
   rN:        It protects you from negative energy.
 J - a +4 ring of protection
 M - the ring "Dirhoxac" {rF+ Str+6 Int+3}
   (You took it off an ironbound preserver on level 3 of the Vaults)

   [ring of strength]

   Str:       It affects your strength (+6).
   Int:       It affects your intelligence (+3).
   rF:        It protects you from fire.
 P - the ring "Nuoriwn" {rElec rF+ MP+9}
   (You found it on level 5 of the Vaults)

   [ring of magical power]

   rF:        It protects you from fire.
   rElec:     It insulates you from electricity.
   MP:        It affects your magic capacity (+9).
 R - a +5 ring of evasion (left hand)
 Y - the ring of Nod Ivitu {rPois rC+ rN++ Str+6 Dex-2}
   (You acquired it on level 5 of the Vaults)

   [ring of strength]

   Str:       It affects your strength (+6).
   Dex:       It affects your dexterity (-2).
   rC:        It protects you from cold.
   rPois:     It protects you from poison.
   rN:        It greatly protects you from negative energy.
Wands
 s - a wand of digging (11)
Scrolls
 h - 13 scrolls of identify
 L - 8 scrolls of enchant weapon
Potions
 a - 25 potions of curing
 d - 5 potions of might
 g - 9 potions of attraction
 k - 4 potions of magic
 l - 9 potions of lignification
 m - 5 potions of cancellation
 r - 4 potions of haste

Dungeon Overview and Level Annotations

Branches:
Dungeon (15/15)            Temple (1/1) D:6            Lair (5/5) D:11
 Shoals (4/4) Lair:2       Spider (4/4) Lair:2        Slime (5/5) Lair:4
    Orc (2/2) D:11            Elf (0/3) Orc:2        Vaults (5/5) D:13
  Crypt (3/3) Vaults:3       Tomb (3/3) Crypt:3      Depths (4/4) D:15
    Zot (4/5) Depths:4

Altars:
Ashenzari
Cheibriados
Dithmenos
Elyvilon
Fedhas
Gozag
Hepliaklqana
Kikubaaqudgha
Makhleb
Nemelex Xobeh
Okawaru
Qazlal
Ru
Sif Muna
Trog
Uskayaw
Vehumet
Wu Jian
Xom
Yredelemnul
Zin
The Shining One
Jiyva

Shops:
D:8 *   Orc:1 :(?:   Orc:2 =*[[   Shoals:2 (   Shoals:3 !(   Vaults:1 :
Vaults:2 [=   Vaults:3 ?(   Depths:4 =::

Portals:
Hell: Depths:1 Depths:2 Depths:3 Depths:4
Abyss: Depths:3
Pandemonium: Depths:2
Ziggurat: Depths:3

Annotations:
D:2 1 runed translucent door, Crazy Yiuf
D:7 2 transporters, qw's ghost, novice GrFi
D:8 1 runed translucent door, qw's ghost, novice GrFi
D:12 2 runed translucent doors, qw's ghost, journeyman GrFi
D:14 1 runed translucent door, Cown's ghost, journeyman TrHu
D:15 1 runed translucent door, Uvinaotu's ghost, journeyman MiFi
Lair:5 1 runed translucent door
Shoals:2 3 runed translucent doors, Bityczex's ghost, adept DEFE; ShutUppercut's ghost, adept SpEn; Zipteul's ghost, adept NaBe; royokou's ghost, adept GrEE
Depths:1 1 runed translucent door, lmSkywalker's ghost, adept DrTm


Message History

The floating eye's view fixates on you. The red very ugly thing stings you!
The eldritch tentacle slaps you but does no damage.
The eldritch tentacle claws you but does no damage.
The brown very ugly thing basks in the mutagenic energy from its kin and changes!
The white very ugly thing pecks you but does no damage.
Your daeva hits the red very ugly thing with a +3 eudemon blade of holy wrath!
Your daeva completely misses the red very ugly thing.
The red very ugly thing basks in the mutagenic energy from its kin and changes!
The eldritch tentacle slaps you but does no damage.
The eldritch tentacle claws you but does no damage.
The neqoxec hits you but does no damage. x2
Your daeva blocks the red very ugly thing's attack.
The brown very ugly thing basks in the mutagenic energy from its kin and changes!
The white very ugly thing pecks you but does no damage.
Your daeva calls down the wrath of the Shining One upon the red very ugly thing.
The red very ugly thing is smitten.
The eldritch tentacle completely misses you.
The eldritch tentacle claws you. The eldritch tentacle freezes you!!!
You feel a terrible chill!
The neqoxec hits you but does no damage.
Your daeva blocks the red very ugly thing's attack.
The neqoxec barely misses you.
Your daeva hits the red very ugly thing with a +3 eudemon blade of holy wrath!
The red very ugly thing dies!
The white very ugly thing pecks you but does no damage.
The eldritch tentacle slaps you but does no damage.
The eldritch tentacle claws you but does no damage.
The red ugly thing basks in the mutagenic energy from its kin and changes!
The neqoxec hits you but does no damage. x2
The floating eye gazes piercingly through you!
You shrug off the repeated paralysis!
The white very ugly thing trunk-slaps you but does no damage.
You can move again.
You barely miss the white very ugly thing.
The white very ugly thing is moderately wounded.
You slash the eldritch tentacle! You hit the neqoxec.
The neqoxec convulses.
You slash the white very ugly thing! You hit the neqoxec.
The neqoxec convulses.
The eldritch tentacle slaps you!! The eldritch tentacle shocks you! You resist.
You die...

..... ...# ...#
...## .
...#.....# ..#
#..#.....#
....##..#.....#
...............
.....%A33......
#u@# #..Gwu#
#....|Xuu
.....|3uuX
#.....*.u.u
#####..[.u#.$3
...####..##...
....uu.u.. ....
#.uu.u...


You could see an eldritch tentacle (strong, resistant), 7 very ugly things, 3
ugly things, 2 large abominations, 4 neqoxecs, a floating eye (agile, resistant)
and a friendly daeva (summoned).

Vanquished Creatures
  Cerebov (Pan)
  the Royal Jelly (Slime:5)
  Lom Lobon (Pan)
  Mnoleg (Pan)
  5 ancient liches
  2 dread liches
  An orb of fire (Zot:1)
  28 royal mummies
  Josephina (Crypt:3)
  Vv (Depths:2)
  2 curse toes
  3 Killer Klowns (Zot:1)
  Saint Roka (Vaults:4)
  9 golden dragons
  Nikola (Vaults:1)
  21 bone dragons
  6 profane servitors
  Arachne (Spider:3)
  3 Tzitzimimeh (Zot:1)
  3 doom hounds (Zot:1)
  An electric golem (Zot:3)
  2 hellephants (Abyss:4)
  2 Brimstone Fiends (Pan)
  14 tentacled monstrosities
  5 Hell Sentinels
  3 pandemonium lords (Pan)
  2 Ice Fiends (Pan)
  5 deep elf blademasters
  A walking crystal tome (Abyss:4)
  16 liches
  Asterion (Spider:3)
  2 walking earthen tomes
  A shard shrike skeleton (Abyss:4)
  A walking divine tome (Abyss:4)
  6 quicksilver dragons
  14 titans
  Grunn (Zot:1)
  A quicksilver dragon (shapeshifter) (Zot:1)
  9 acid blobs (Slime:5)
  A walking frostbound tome (Depths:2)
  8 deep elf master archers
  8 death cobs
  2 krakens
  11 ancient champions
  64 tentacled starspawn
  9 Executioners
  10 sphinxes
  Polyphemus (Shoals:4)
  A thorn hunter (Abyss:4)
  11 tengu reavers
  An eldritch tentacle (Vaults:3)
  13 shadow dragons
  A storm dragon (shapeshifter) (Abyss:4)
  8 revenants
  5 demonspawn warmongers (Pan)
  9 storm dragons
  A daeva (Abyss:4)
  3 draconian monks (Zot:2)
  9 rockslimes
  8 emperor scorpions
  5 azure jellies
  24 fire giants
  16 balrugs
  4 draconian knights
  29 frost giants
  4 deep elf sorcerers
  3 iron dragons
  4 draconian scorchers
  A curse skull (Crypt:1)
  6 angels
  12 vault wardens
  3 spriggan defenders
  5 ghost moths
  A shard shrike simulacrum (Abyss:4)
  4 ghouls (Crypt:3)
  Aizul (Shoals:4)
  3 orc warlords
  16 cacodemons
  A war gargoyle (Vaults:5)
  3 demonspawn blood saints (Pan)
  4 demonspawn corrupters (Pan)
  4 draconian stormcallers
  2 caustic shrike skeletons
  6 draconian shifters
  43 very ugly things
  5 broodmothers
  3 ophanim
  23 ironbound preservers
  5 draconian annihilators
  33 stone giants
  5 quicksilver oozes
  Nessos (D:15)
  10 reapers
  A juggernaut skeleton (Abyss:4)
  11 green draconians
  8 vampire knights
  8 ironbound thunderhulks
  4 deep elf demonologists
  11 white draconians
  2 bunyips
  5 demonspawn black suns (Pan)
  2 deep elf annihilators
  2 minotaurs (Shoals:4)
  8 red draconians
  6 bennus
  7 dire elephants
  8 lorocyprocas
  11 black draconians
  10 purple draconians
  11 spark wasps
  6 yellow draconians
  5 eidola
  16 green deaths
  15 ettins
  14 jiangshi
  10 blizzard demons (Pan)
  6 deep elf death magi
  2 quicksilver dragon zombies
  3 merfolk impalers
  2 crystal guardians (Abyss:4)
  2 merfolk javelineers
  2 fire dragons
  17 mummy priests
  2 entropy weavers
  An entropy weaver (shapeshifter) (Depths:3)
  19 great orbs of eyes
  13 yaktaur captains
  A juggernaut simulacrum (Pan)
  30 vault guards
  An ice dragon (shapeshifter) (Abyss:4)
  3 deep elf high priests
  A hydra (shapeshifter) (Zot:1)
  18 rakshasas
  8 ice dragons
  Erolcha (Orc:1)
  9 hydras
  12 ironbound frosthearts
  A hell beast (Pan)
  7 ogre magi
  4 catoblepae
  A merfolk avatar (Shoals:3)
  7 centaur warriors
  A fenstrider witch zombie (Crypt:1)
  A spriggan skeleton (Crypt:3)
  A radroach (Spider:2)
  2 spriggan air magi (Depths:4)
  2 dancing weapons (Abyss:4)
  15 death yaks
  2 alligators (Lair:5)
  An alligator snapping turtle (Shoals:3)
  6 deep troll shamans
  2 merfolk aquamancers (Shoals:3)
  An Orb Guardian skeleton (Crypt:1)
  18 two-headed ogres
  2 death knights
  7 boulder beetles
  100 death scarabs
  11 hell hogs
  16 satyrs
  A titan zombie (Abyss:4)
  10 vampire magi
  2 deep troll earth magi
  5 orc high priests (Orc:2)
  6 tengu warriors
  98 thrashing horrors
  2 shock serpents (Vaults:3)
  Urug (Lair:2)
  40 sun demons
  4 spriggan berserkers
  6 deep elf knights
  A titan skeleton (Abyss:3)
  9 shadow wraiths
  44 wretched stars
  5 iron trolls
  15 hell knights
  A skyshark (shapeshifter) (Abyss:4)
  4 pharaoh ants
  5 skysharks
  25 sixfirhies
  19 soul eaters
  5 death drakes
  10 spatial maelstroms
  7 sea snakes
  23 skeletal warriors
  An iron giant zombie (Abyss:4)
  A sun moth (Spider:4)
  A sea snake (shapeshifter) (Zot:1)
  10 glowing orange brains
  2 bog bodies (Crypt:3)
  53 deep trolls
  3 shadow demons
  12 wizards
  10 orb spiders
  10 flayed ghosts
  19 phantasmal warriors
  9 deep elf archers
  30 ironbound convokers
  A shadow dragon zombie (Zot:4)
  3 spriggan simulacra
  4 steelbarb worms
  A harpy (shapeshifter) (Abyss:4)
  5 orc sorcerers
  13 lindwurms
  A tengu zombie (Vaults:2)
  A mana viper (Abyss:3)
  A wolf spider zombie (Crypt:2)
  8 orc knights
  9 deep elf pyromancers
  6 deep elf zephyrmancers
  13 harpies
  10 necromancers
  6 shining eyes
  22 wolf spiders
  A shadow dragon skeleton (Crypt:2)
  5 will-o-the-wisps (Abyss:4)
  A mana viper (shapeshifter) (Depths:2)
  2 cyclopes
  2 stone giant zombies
  46 ugly things
  26 fauns
  2 salamanders (shapeshifter)
  A jorogumo skeleton (Crypt:2)
  2 salamanders (Abyss:4)
  16 worldbinders
  A frost giant skeleton (Crypt:2)
  3 moths of wrath (shapeshifter)
  21 moths of wrath
  A draconian skeleton (Zot:4)
  3 black mambas
  2 stone giant skeletons
  An iron dragon skeleton (Crypt:1)
  9 merfolk sirens
  17 manticores
  10 apocalypse crabs (Abyss:4)
  21 vault sentinels
  2 centaur zombies
  67 slime creatures
  Maurice (D:13)
  A black mamba (shapeshifter) (Abyss:4)
  A torpor snail (shapeshifter) (Depths:1)
  19 demonic crawlers
  24 orange demons
  A guardian serpent (Abyss:4)
  5 rust devils
  4 molten gargoyles (D:12)
  10 water nymphs
  4 hellions (Pan)
  12 torpor snails
  3 ice statues
  64 smoke demons
  6 gargoyles
  A steelbarb worm zombie (Crypt:2)
  A kobold demonologist (Abyss:4)
  An alligator snapping turtle skeleton (Abyss:4)
  A pale draconian zombie (Crypt:2)
  A yaktaur (shapeshifter) (Abyss:4)
  11 cane toads
  A naga skeleton (Abyss:4)
  8 ice devils
  An orc skeleton (Tomb:2)
  16 efreet
  11 unseen horrors
  4 rime drakes
  6 yaktaurs
  8 tormentors
  18 freezing wraiths
  45 guardian mummies
  7 komodo dragons
  8 tengu conjurers
  A komodo dragon (shapeshifter) (Abyss:4)
  43 ancient zymes
  38 hellwings
  5 trolls
  3 tyrant leeches (Lair:5)
  An unseen horror skeleton (Crypt:1)
  15 merfolk
  A queen bee (Spider:3)
  A silent spectre (Abyss:4)
  6 meliai
  2 trolls (shapeshifter)
  3 wind drakes
  2 meliai (shapeshifter) (Abyss:4)
  3 red devils
  10 polar bears (Lair:5)
  24 tarantellas
  16 hornets
  27 blink frogs
  2 dream sheep (shapeshifter) (Abyss:4)
  183 raiju
  2 snapping turtles
  An alligator zombie (Crypt:1)
  5 harpy skeletons
  An ettin zombie (Abyss:4)
  28 jumping spiders
  A jumping spider (shapeshifter) (D:13)
  51 flying skulls
  3 shadows (Abyss:4)
  2 centaur simulacra
  6 vampires
  7 spriggans
  2 black mamba zombies (Crypt:1)
  22 culicivoras
  A merfolk skeleton (Crypt:1)
  30 ynoxinuls
  22 water elementals
  16 ushabtiu
  2 elf skeletons
  A dire elephant simulacrum (Abyss:4)
  3 air elementals
  An ice dragon skeleton (Crypt:1)
  88 small abominations
  5 wyverns
  252 starcursed masses
  17 wraiths
  A basilisk (shapeshifter) (Abyss:3)
  58 yaks
  A spriggan (shapeshifter) (Abyss:4)
  6 fire bats
  2 basilisks
  26 golden eyes
  159 large abominations
  36 chaos spawn
  2 steam dragons
  44 redbacks
  30 neqoxecs
  3 fire elementals (Abyss:4)
  2 vampire mosquitoes
  Menkaure (D:5)
  A harpy simulacrum (Crypt:3)
  A naga (shapeshifter) (Abyss:3)
  8 wargs
  A glowing shapeshifter zombie (Vaults:2)
  3 nagas (Abyss:4)
  25 spatial vortices
  An acid dragon (D:13)
  A hydra simulacrum (Vaults:3)
  An acid dragon (shapeshifter) (Abyss:4)
  14 water moccasins
  15 hell hounds
  2 floating eyes
  3 ice beasts
  33 orc warriors
  2 fire dragon simulacra (Vaults:3)
  A sky beast (D:7)
  15 black bears
  6 ogres
  A swamp dragon skeleton (Crypt:3)
  2 boggarts
  3 black mamba simulacra
  9 centaurs
  36 wolves
  A blink frog skeleton (Crypt:3)
  4 phantoms
  3 kobold brigands
  A draconian zombie (Crypt:3)
  Blork the orc (D:6)
  5 bullfrogs
  A cyclops zombie (Crypt:3)
  3 necrophages (Crypt:3)
  A salamander skeleton (Crypt:3)
  A gnoll sergeant (D:9)
  3 scorpions
  2 earth elementals (Abyss:4)
  8 wights
  A yak zombie (Crypt:1)
  An elephant simulacrum (Vaults:3)
  20 killer bees (Spider:3)
  8 howler monkeys
  A troll skeleton (Crypt:1)
  An electric eel (Spider:3)
  A human simulacrum (Vaults:2)
  5 jellies (Lair:4)
  7 quasits
  4 hounds
  6 iron imps (Abyss:4)
  3 gnoll boudas
  A human zombie (Crypt:1)
  26 orc priests
  2 sleepcaps
  2 human skeletons (Crypt:1)
  5 iguanas
  4 lightning spires (Vaults:3)
  32 orc wizards
  A deep dwarf zombie (Crypt:3)
  36 mummies
  43 gnolls
  11 adders
  3 naga simulacra
  4 shadow imps
  9 white imps
  4 ufetubi
  An iguana skeleton (Crypt:2)
  2 worms
  93 orcs
  A bat skeleton (Crypt:3)
  10 endoplasms
  6 giant cockroaches
  7 goblins
  6 hobgoblins
  16 jackals
  A kobold (shapeshifter) (D:15)
  5 quokkas
  9 ball pythons
  4 bats
  An endoplasm zombie (Crypt:2)
  2 frilled lizards
  A frilled lizard skeleton (Crypt:1)
  13 kobolds
  5 rats
  A rat zombie (Crypt:1)
  A river rat skeleton (Crypt:1)
  A ball lightning (Vaults:3)
  3 fire vortices (Pan)
  7 lurking horrors (Abyss:4)
  5 spectral weapons (Spider:3)
  63 starspawn tentacles
  6 tentacles
4428 creatures vanquished.

Vanquished Creatures (collateral kills)
  An ancient lich (Abyss:4)
  A pandemonium lord (Pan)
  10 royal mummies
  A profane servitor (Crypt:3)
  A shard shrike zombie (Tomb:3)
  2 Brimstone Fiends (Pan)
  An Ice Fiend (Pan)
  A lich (Crypt:3)
  4 Hell Sentinels (Pan)
  3 titans (Pan)
  2 deep elf blademasters (Crypt:3)
  3 Executioners
  A walking divine tome (Abyss:4)
  12 tentacled starspawn
  A tengu reaver (Abyss:4)
  A fire giant (Tomb:1)
  A demonspawn warmonger (Pan)
  2 balrugs (Pan)
  A caustic shrike zombie (Abyss:3)
  A cacodemon (Abyss:4)
  3 very ugly things
  A draconian stormcaller (Abyss:4)
  3 ghouls (Crypt:3)
  2 demonspawn corrupters (Pan)
  2 ophanim (Abyss:4)
  A reaper (Pan)
  A draconian annihilator (Pan)
  A stone giant (Tomb:1)
  4 demonspawn black suns (Pan)
  2 vampire knights (Crypt:3)
  3 dire elephants (Abyss:4)
  3 white draconians
  A bunyip (Abyss:4)
  A purple draconian (Tomb:1)
  2 jiangshi (Crypt:3)
  4 blizzard demons (Pan)
  A great orb of eyes (Pan)
  5 mummy priests (Tomb:1)
  2 green deaths
  4 rakshasas
  A juggernaut simulacrum (Pan)
  A spriggan zombie (Abyss:4)
  A naga warrior (Abyss:4)
  A death knight (Abyss:4)
  14 death scarabs
  A vampire mage (Crypt:3)
  2 hell hogs (Abyss:4)
  4 thrashing horrors (Abyss:4)
  8 sun demons
  4 soul eaters (Pan)
  5 skeletal warriors (Tomb:1)
  3 sixfirhies
  6 wretched stars (Abyss:4)
  4 glowing orange brains
  An orb spider (Abyss:4)
  2 spatial maelstroms (Abyss:4)
  5 shadow demons (Pan)
  A flayed ghost (Crypt:3)
  A deep elf archer (Tomb:1)
  An anaconda skeleton (Crypt:3)
  An orc sorcerer (Abyss:4)
  A worldbinder (Abyss:4)
  29 large abominations
  A dire elephant zombie (Abyss:4)
  5 apocalypse crabs (Abyss:4)
  A guardian serpent (Abyss:4)
  15 smoke demons
  4 ice statues (Pan)
  2 rust devils (Pan)
  4 demonic crawlers
  3 orange demons
  A pale draconian zombie (Crypt:3)
  2 hellions (Abyss:4)
  A naga skeleton (Tomb:3)
  4 freezing wraiths
  An efreet (Pan)
  2 ice devils (Pan)
  8 ancient zymes
  12 guardian mummies
  2 red devils (Pan)
  4 hellwings
  A blink frog (Abyss:4)
  23 raiju (Abyss:4)
  A radroach zombie (Crypt:3)
  10 flying skulls
  2 shadows
  A vampire (Crypt:3)
  An ettin skeleton (Abyss:4)
  An ushabti (Tomb:3)
  9 ynoxinuls
  28 starcursed masses
  7 neqoxecs
  9 spatial vortices (Abyss:4)
  9 chaos spawn
  9 small abominations
  2 quasits
  A jelly (Abyss:4)
  12 mummies
  A white imp (Abyss:4)
  2 ufetubi (Abyss:3)
  A lurking horror (Abyss:4)
  5 starspawn tentacles (Abyss:4)
400 creatures vanquished.

Vanquished Creatures (others)
  An ancient champion (Tomb:3)
  A frost giant (Depths:2)
  A draconian knight (Zot:4)
  A white draconian (Zot:1)
  2 blizzard demons (Pan)
  2 green deaths (Pan)
  2 rakshasas (Pan)
  2 thrashing horrors (Abyss:4)
  2 shadow wraiths (Vaults:5)
  A phantasmal warrior (Vaults:5)
  A water nymph (shapeshifter) (Abyss:4)
  An ancient zyme (Abyss:4)
  A hellwing (Pan)
  A tarantella (Spider:2)
  5 large abominations (Abyss:4)
  A flying skull (Abyss:4)
  9 golden eyes
  A chaos spawn (Pan)
  An ogre (Vaults:5)
  6 small abominations (Abyss:4)
  7 ball lightnings
  12 foxfires (Abyss:4)
  14 lurking horrors
  65 spectral weapons
  124 starspawn tentacles
  7 tentacles
271 creatures vanquished.

Grand Total: 5099 creatures vanquished

Notes
Turn   | Place    | Note
-------+----------+-------------------------------------------
     0 | D:1      | qw the Gargoyle Fighter began the quest for the Orb.
     0 | D:1      | Reached XP level 1. HP: 14/14 MP: 1/1
     0 | D:1      | 0 ||| qw: Version: 0.2-a-107-g4668610
     0 | D:1      | 0 ||| qw: Game counter: 1211
     0 | D:1      | 0 ||| qw: Always use a shield: true
     0 | D:1      | 0 ||| qw: God list: Okawaru
     0 | D:1      | 0 ||| qw: Allow faded altars: false
     0 | D:1      | 0 ||| qw: Do Orc after D:15 true
     0 | D:1      | 0 ||| qw: Do second Lair branch before Depths: true
     0 | D:1      | 0 ||| qw: Lair rune preference: random
     0 | D:1      | 0 ||| qw: Plans: Normal, Zot:1-4, Slime:5, God:TSO, Crypt,
                  | Tomb, Abyss, Pan, Hells, Win
     0 | D:1      | 0 ||| PLANNING D:1-11
     2 | D:1      | Noticed a meteoran
     4 | D:1      | Noticed a spriggan
     4 | D:1      | Noticed a tengu
     6 | D:1      | Noticed a demigod
     6 | D:1      | Noticed an ogre
     8 | D:1      | Noticed a vine stalker
     8 | D:1      | Noticed an armataur
    10 | D:1      | Noticed a human
    10 | D:1      | Noticed a vampire
    12 | D:1      | Noticed a troll
    12 | D:1      | Noticed a minotaur
    14 | D:1      | Noticed a demonspawn
    14 | D:1      | Noticed a felid
    16 | D:1      | Noticed a gargoyle
    18 | D:1      | Noticed a merfolk
    20 | D:1      | Noticed a naga
    20 | D:1      | Noticed a formicid
    22 | D:1      | Noticed an octopode
    22 | D:1      | Noticed a draconian
    24 | D:1      | Noticed an elf
    24 | D:1      | Noticed a felid
    26 | D:1      | Noticed a formicid
    38 | D:1      | 38 ||| Stepping ~*~*~tactically~*~*~ (stealth).
    39 | D:1      | 39 ||| Stepping ~*~*~tactically~*~*~ (stealth).
    51 | D:1      | 51 ||| Stepping ~*~*~tactically~*~*~ (stealth).
    74 | D:1      | 74 ||| Stepping ~*~*~tactically~*~*~ (stealth).
    76 | D:1      | 76 ||| Stepping ~*~*~tactically~*~*~ (stealth).
   127 | D:1      | Reached XP level 2. HP: 18/19 MP: 2/2
   302 | D:1      | Reached skill level 3 in Axes
   379 | D:1      | Reached XP level 3. HP: 23/23 MP: 3/3
   498 | D:1      | Found a faded altar of an unknown god.
   591 | D:1      | 591 ||| UPGRADING to +0 cloak.
   596 | D:1      | 596 ||| READING scroll labelled VYD MASETUITO.
   597 | D:1      | 597 ||| READING scroll labelled UNUAWEH XYRO.
   704 | D:2      | 704 ||| Stepping ~*~*~tactically~*~*~ (stealth).
   793 | D:2      | 793 ||| Stepping ~*~*~tactically~*~*~ (stealth).
   794 | D:2      | 794 ||| Stepping ~*~*~tactically~*~*~ (stealth).
   887 | D:2      | Reached XP level 4. HP: 28/28 MP: 4/4
  1064 | D:2      | Found a runed translucent door.
  1065 | D:2      | 1065 ||| DROPPING +0 club.
  1066 | D:2      | Noticed Crazy Yiuf
  1193 | D:2      | 1193 ||| Stepping ~*~*~tactically~*~*~ (stealth).
  1408 | D:2      | 1408 ||| READING 3 scrolls labelled NOCEUMEZAT.
  1409 | D:2      | 1409 ||| READING scroll labelled ZITADY VISA.
  1410 | D:2      | 1410 ||| DRINKING 3 fizzy inky potions.
  1411 | D:2      | 1411 ||| DRINKING 2 murky golden potions.
  1412 | D:2      | 1412 ||| READING 2 scrolls of identify.
  1412 | D:2      | 1412 ||| IDENTIFYING viscous ruby potion
  1685 | D:3      | Reached XP level 5. HP: 32/32 MP: 5/5
  2228 | D:3      | 2228 ||| UPGRADING to +2 ring mail of fire resistance.
  2238 | D:3      | 2238 ||| DROPPING +0 scale mail.
  2239 | D:3      | 2239 ||| DRINKING 3 blue potions.
  2319 | D:4      | HP: 5/32 [gnoll/+0 flail (11)]
  2320 | D:4      | 2320 ||| DRINKING 2 potions of heal wounds.
  2345 | D:4      | 2345 ||| DROPPING +0 flail.
  2346 | D:4      | 2346 ||| DROPPING +0 mace.
  2409 | D:4      | 2409 ||| Stepping ~*~*~tactically~*~*~ (stealth).
  2410 | D:4      | 2410 ||| Stepping ~*~*~tactically~*~*~ (stealth).
  2411 | D:4      | 2411 ||| Stepping ~*~*~tactically~*~*~ (stealth).
  2412 | D:4      | 2412 ||| Stepping ~*~*~tactically~*~*~ (hiding).
  2416 | D:4      | Reached skill level 1 in Dodging
  2640 | D:4      | 2640 ||| Stepping ~*~*~tactically~*~*~ (stealth).
  2642 | D:4      | 2642 ||| Stepping ~*~*~tactically~*~*~ (stealth).
  2659 | D:4      | Reached XP level 6. HP: 36/38 MP: 6/6
  3190 | D:4      | 3190 ||| UPGRADING to +0 helmet.
  3195 | D:4      | 3195 ||| DRINKING 2 bubbling red potions.
  3258 | D:5      | Entered Level 5 of the Dungeon
  3263 | D:5      | 3263 ||| STAIRDANCE
  3295 | D:5      | 3295 ||| Stepping ~*~*~tactically~*~*~ (stealth).
  3297 | D:5      | Noticed an ice beast
  3315 | D:5      | Killed an ice beast
  3316 | D:5      | Reached skill level 6 in Axes
  3316 | D:5      | Reached XP level 7. HP: 35/43 MP: 7/7
  3350 | D:5      | Noticed Menkaure
  3353 | D:5      | 3353 ||| Stepping ~*~*~tactically~*~*~ (hiding).
  3362 | D:5      | HP: 5/43 [Menkaure (9)]
  3363 | D:5      | 3363 ||| DRINKING 3 potions of heal wounds.
  3365 | D:5      | Killed Menkaure
  3516 | D:5      | Found a basalt altar of Yredelemnul.
  3546 | D:5      | 3546 ||| Stepping ~*~*~tactically~*~*~ (hiding).
  3547 | D:5      | 3547 ||| Stepping ~*~*~tactically~*~*~ (hiding).
  3563 | D:5      | 3563 ||| FLEEEEING.
  3564 | D:5      | 3564 ||| STAIRDANCE
  3599 | D:4      | 3599 ||| DRINKING 2 viscous pink potions.
  3637 | D:5      | 3637 ||| STAIRDANCE
  3746 | D:5      | Found a glowing silver altar of Zin.
  3800 | D:5      | 3800 ||| Stepping ~*~*~tactically~*~*~ (hiding).
  3801 | D:5      | 3801 ||| Stepping ~*~*~tactically~*~*~ (hiding).
  3804 | D:5      | 3804 ||| Stepping ~*~*~tactically~*~*~ (hiding).
  3811 | D:5      | Reached XP level 8. HP: 46/49 MP: 8/8
  3884 | D:5      | Found a sacrificial altar of Ru.
  4132 | D:5      | Identified the +0 ring mail of Moirill {Fly rF++ rC-
                  | Stlth+}
  4211 | D:5      | 4211 ||| Stepping ~*~*~tactically~*~*~ (stealth).
  4217 | D:5      | 4217 ||| Stepping ~*~*~tactically~*~*~ (hiding).
  4366 | D:5      | 4366 ||| FLEEEEING.
  4367 | D:5      | 4367 ||| FLEEEEING.
  4368 | D:5      | 4368 ||| FLEEEEING.
  4369 | D:5      | 4369 ||| FLEEEEING.
  4370 | D:5      | 4370 ||| FLEEEEING.
  4371 | D:5      | 4371 ||| FLEEEEING.
  4372 | D:5      | 4372 ||| FLEEEEING.
  4373 | D:5      | 4373 ||| FLEEEEING.
  4374 | D:5      | 4374 ||| FLEEEEING.
  4375 | D:5      | 4375 ||| FLEEEEING.
  4376 | D:5      | 4376 ||| Stepping ~*~*~tactically~*~*~ (stealth).
  4448 | D:5      | 4448 ||| FLEEEEING.
  4747 | D:5      | Reached skill level 1 in Throwing
  4751 | D:5      | Reached skill level 6 in Fighting
  5052 | D:5      | 5052 ||| UPGRADING to +0 ring mail of Moirill {Fly rF++ rC-
                  | Stlth+}.
  5062 | D:5      | 5062 ||| UPGRADING to +0 chain mail.
  5072 | D:5      | 5072 ||| DROPPING ring of magical power.
  5073 | D:5      | 5073 ||| READING scroll labelled LAIMNIRA SABO.
  5074 | D:5      | 5074 ||| READING scroll labelled ETZIDU XOYBY.
  5301 | D:6      | 5301 ||| Stepping ~*~*~tactically~*~*~ (hiding).
  5310 | D:6      | Reached XP level 9. HP: 54/55 MP: 9/9
  5319 | D:6      | 5319 ||| Stepping ~*~*~tactically~*~*~ (stealth).
  5330 | D:6      | Reached skill level 9 in Axes
  5357 | D:6      | Found a hazy altar of Hepliaklqana.
  5357 | D:6      | Identified the +10 trident of Valour {vamp, Stlth+}
  5414 | D:6      | Noticed Blork the orc
  5419 | D:6      | Killed Blork the orc
  5612 | D:6      | Found a shimmering blue altar of Sif Muna.
  5618 | D:6      | Found a staircase to the Ecumenical Temple.
  5619 | D:6      | 5619 ||| PLANNING TEMPLE
  5619 | D:6      | 5619 ||| UPGRADING to +6 ring of dexterity.
  5620 | D:6      | 5620 ||| READING scroll labelled DAUTEU JUIL.
  5621 | D:6      | 5621 ||| READING scroll labelled EPNAGG JYIFASH.
  5622 | D:6      | 5622 ||| READING scroll labelled UWKOTO MARYFI.
  5623 | D:6      | 5623 ||| READING scroll labelled NIRODGH RUWNA.
  5623 | D:6      | Identified a scroll of acquirement
  5623 | D:6      | 5623 ||| ACQUIRING +0 pair of boots of Gallantry {Int+4}
  5623 | D:6      | Acquired the +0 pair of boots of Gallantry {Int+4}
  5625 | D:6      | 5625 ||| UPGRADING to +0 pair of boots of Gallantry
                  | {Int+4}.
  5638 | Temple   | Entered the Ecumenical Temple
  5639 | Temple   | 5639 ||| PLANNING OKAWARU WORSHIP
  5772 | Temple   | Became a worshipper of Warmaster Okawaru
  5772 | Temple   | 5772 ||| PLANNING D:1-11
  6007 | D:7      | Reached * piety under Okawaru
  6028 | D:7      | 6028 ||| READING scroll of enchant armour.
  6028 | D:7      | 6028 ||| ENCHANTING +0 helmet.
  6192 | D:7      | Reached skill level 1 in Invocations
  6228 | D:7      | 6228 ||| READING scroll of enchant armour.
  6228 | D:7      | 6228 ||| ENCHANTING +1 helmet.
  6238 | D:7      | Noticed qw's ghost (novice GrFi)
  6264 | D:7      | Found a transporter.
  6268 | D:7      | Found a transporter.
  6274 | D:7      | Found a bloodstained altar of Trog.
  6284 | D:7      | Noticed a moth of wrath
  6329 | D:7      | Found a bloodstained altar of Trog.
  6397 | D:7      | 6397 ||| READING scroll labelled JUGAIF MABB.
  6498 | D:7      | 6498 ||| READING 2 scrolls labelled DAX RAOKKESM.
  6499 | D:7      | 6499 ||| READING 5 scrolls of identify.
  6499 | D:7      | 6499 ||| IDENTIFYING fizzy green potion
  6500 | D:7      | 6500 ||| READING 4 scrolls of identify.
  6500 | D:7      | 6500 ||| IDENTIFYING cyan potion
  6501 | D:7      | 6501 ||| DROPPING potion of invisibility.
  6502 | D:7      | 6502 ||| DROPPING potion of degeneration.
  6503 | D:7      | 6503 ||| DROPPING scroll of poison.
  6548 | D:8      | 6548 ||| Stepping ~*~*~tactically~*~*~ (stealth).
  6554 | D:8      | 6554 ||| Stepping ~*~*~tactically~*~*~ (stealth).
  6563 | D:8      | 6563 ||| DRINKING 4 potions of curing.
  6563 | D:8      | 6563 ||| (to cure confusion)
  6627 | D:8      | Reached skill level 3 in Invocations
  6627 | D:8      | Reached ** piety under Okawaru
  6678 | D:8      | Found a runed translucent door.
  6678 | D:8      | Noticed qw's ghost (novice GrFi)
  6775 | D:8      | Noticed a two-headed ogre
  6776 | D:8      | 6776 ||| INVOKING Heroism.
  6785 | D:8      | Killed a two-headed ogre
  6786 | D:8      | Reached XP level 10. HP: 52/63 MP: 10/13
  6859 | D:8      | Noticed a two-headed ogre
  6860 | D:8      | 6860 ||| INVOKING Heroism.
  6862 | D:8      | 6862 ||| Stepping ~*~*~tactically~*~*~ (stealth).
  6867 | D:8      | Killed a two-headed ogre
  6889 | D:8      | 6889 ||| Stepping ~*~*~tactically~*~*~ (stealth).
  6892 | D:8      | 6892 ||| INVOKING Heroism.
  7066 | D:8      | Found Caigikox's Gadget Gallery.
  7093 | D:8      | 7093 ||| BUYING wand of digging (1) (42 gold).
  7093 | D:8      | Bought a wand of digging (1) for 42 gold pieces
  7123 | D:8      | 7123 ||| INVOKING Heroism.
  7299 | D:8      | 7299 ||| DROPPING +2 hat.
  7329 | D:9      | Reached skill level 6 in Armour
  7334 | D:9      | 7334 ||| INVOKING Heroism.
  7346 | D:9      | HP: 11/64 [gnoll sergeant/+1 spear of freezing (10)]
  7347 | D:9      | 7347 ||| DRINKING 4 potions of heal wounds.
  7354 | D:9      | 7354 ||| Stepping ~*~*~tactically~*~*~ (hiding).
  7355 | D:9      | 7355 ||| Stepping ~*~*~tactically~*~*~ (hiding).
  7372 | D:9      | 7372 ||| FLEEEEING.
  7374 | D:9      | 7374 ||| STAIRDANCE
  7466 | D:9      | 7466 ||| Stepping ~*~*~tactically~*~*~ (stealth).
  7482 | D:9      | Noticed a two-headed ogre
  7483 | D:9      | 7483 ||| INVOKING Heroism.
  7493 | D:9      | Killed a two-headed ogre
  7532 | D:9      | 7532 ||| DROPPING +2 flail of protection.
  7561 | D:9      | 7561 ||| Stepping ~*~*~tactically~*~*~ (stealth).
  7584 | D:9      | Reached skill level 3 in Dodging
  7610 | D:9      | 7610 ||| Stepping ~*~*~tactically~*~*~ (stealth).
  7611 | D:9      | 7611 ||| Stepping ~*~*~tactically~*~*~ (stealth).
  7612 | D:9      | 7612 ||| Stepping ~*~*~tactically~*~*~ (stealth).
  7617 | D:9      | 7617 ||| Stepping ~*~*~tactically~*~*~ (stealth).
  7620 | D:9      | 7620 ||| INVOKING Heroism.
  7633 | D:9      | Reached XP level 11. HP: 41/69 MP: 12/14
  7670 | D:9      | 7670 ||| Stepping ~*~*~tactically~*~*~ (stealth).
  7988 | D:9      | 7988 ||| UPGRADING to +0 pair of gloves.
  7993 | D:9      | 7993 ||| READING 6 scrolls of identify.
  7993 | D:9      | 7993 ||| IDENTIFYING purple potion
  8015 | D:10     | Entered Level 10 of the Dungeon
  8015 | D:10     | Noticed a two-headed ogre
  8016 | D:10     | 8016 ||| INVOKING Heroism.
  8025 | D:10     | Killed a two-headed ogre
  8025 | D:10     | Reached *** piety under Okawaru
  8145 | D:10     | 8145 ||| READING scroll of acquirement.
  8145 | D:10     | 8145 ||| ACQUIRING +5 broad axe of flaming
  8145 | D:10     | Acquired a +5 broad axe of flaming
  8147 | D:10     | 8147 ||| SWAPPING to +5 broad axe of flaming.
  8148 | D:10     | 8148 ||| DROPPING +0 morningstar.
  8149 | D:10     | 8149 ||| DROPPING +1 war axe.
  8167 | D:10     | 8167 ||| READING scroll of enchant weapon.
  8167 | D:10     | 8167 ||| ENCHANTING +5 broad axe of flaming.
  8282 | D:10     | Reached skill level 9 in Fighting
  8346 | D:10     | You fall into a shaft and drop 1 floor!
  8355 | D:11     | Noticed a two-headed ogre
  8356 | D:11     | 8356 ||| INVOKING Heroism.
  8362 | D:11     | Killed a two-headed ogre
  8411 | D:10     | 8411 ||| Stepping ~*~*~tactically~*~*~ (cloud).
  8416 | D:10     | 8416 ||| INVOKING Heroism.
  8419 | D:10     | 8419 ||| Stepping ~*~*~tactically~*~*~ (cloud).
  8609 | D:10     | 8609 ||| Stepping ~*~*~tactically~*~*~ (stealth).
  8612 | D:10     | 8612 ||| Stepping ~*~*~tactically~*~*~ (stealth).
  8614 | D:10     | 8614 ||| Stepping ~*~*~tactically~*~*~ (stealth).
  8708 | D:10     | Reached skill level 12 in Axes
  8720 | D:10     | Reached **** piety under Okawaru
  8732 | D:10     | 8732 ||| INVOKING Heroism.
  8926 | D:10     | Found a burning altar of Makhleb.
  8926 | D:10     | Noticed a balrug
  8953 | D:10     | 8953 ||| READING scroll labelled HIUTAGHUICO.
  8989 | D:11     | Noticed a manticore
  8990 | D:11     | 8990 ||| STAIRDANCE
  8992 | D:10     | 8992 ||| INVOKING Heroism.
  8995 | D:10     | Killed a manticore
  9034 | D:11     | 9034 ||| INVOKING Heroism.
  9040 | D:11     | Received a gift from Okawaru
  9043 | D:11     | Reached skill level 6 in Shields
  9101 | D:11     | Reached skill level 6 in Invocations
  9290 | D:11     | Noticed a two-headed ogre
  9291 | D:11     | 9291 ||| INVOKING Heroism.
  9301 | D:11     | Killed a two-headed ogre
  9302 | D:11     | Reached XP level 12. HP: 23/76 MP: 14/16
  9502 | D:11     | Found a staircase to the Lair.
  9547 | D:11     | 9547 ||| Stepping ~*~*~tactically~*~*~ (hiding).
  9548 | D:11     | 9548 ||| Stepping ~*~*~tactically~*~*~ (hiding).
  9652 | D:11     | 9652 ||| Stepping ~*~*~tactically~*~*~ (hiding).
  9656 | D:11     | 9656 ||| INVOKING Heroism.
  9676 | D:11     | 9676 ||| FLEEEEING.
  9677 | D:11     | 9677 ||| FLEEEEING.
  9678 | D:11     | 9678 ||| FLEEEEING.
  9679 | D:11     | 9679 ||| FLEEEEING.
  9680 | D:11     | 9680 ||| FLEEEEING.
  9681 | D:11     | 9681 ||| FLEEEEING.
  9682 | D:11     | 9682 ||| FLEEEEING.
  9683 | D:11     | 9683 ||| STAIRDANCE
  9814 | D:10     | 9814 ||| DROPPING +2 ring mail of fire resistance.
  9815 | D:10     | 9815 ||| UPGRADING to +0 plate armour.
  9825 | D:10     | 9825 ||| DROPPING +0 chain mail.
  9826 | D:10     | 9826 ||| READING 7 scrolls of identify.
  9826 | D:10     | 9826 ||| IDENTIFYING silvery potion
  9827 | D:10     | 9827 ||| READING 6 scrolls of identify.
  9827 | D:10     | 9827 ||| IDENTIFYING smoky golden potion
  9828 | D:10     | 9828 ||| DROPPING potion of berserk rage.
  9829 | D:10     | 9829 ||| DROPPING potion of brilliance.
  9878 | D:11     | Found a staircase to the Orcish Mines.
  9942 | D:11     | Identified the +7 quarterstaff "Nomeur" {venom, SInv}
 10015 | D:11     | 10015 ||| PLANNING LAIR
 10015 | D:11     | 10015 ||| UPGRADING to +2 plate armour of poison
                  | resistance.
 10025 | D:11     | 10025 ||| DROPPING +0 plate armour.
 10062 | Lair:1   | Entered Level 1 of the Lair of Beasts
 10122 | Lair:1   | 10122 ||| INVOKING Heroism.
 10147 | Lair:1   | 10147 ||| INVOKING Heroism.
 10386 | Lair:1   | Noticed a catoblepas
 10391 | Lair:1   | 10391 ||| INVOKING Heroism.
 10396 | Lair:1   | Reached skill level 9 in Armour
 10400 | Lair:1   | Killed a catoblepas
 10440 | Lair:1   | 10440 ||| INVOKING Heroism.
 10655 | Lair:1   | 10655 ||| Stepping ~*~*~tactically~*~*~ (stealth).
 10656 | Lair:1   | 10656 ||| INVOKING Heroism.
 10661 | Lair:1   | Received a gift from Okawaru
 10669 | Lair:1   | Reached skill level 9 in Invocations
 10749 | Lair:1   | 10749 ||| INVOKING Heroism.
 10834 | Lair:1   | 10834 ||| Stepping ~*~*~tactically~*~*~ (stealth).
 10837 | Lair:1   | 10837 ||| INVOKING Heroism.
 11001 | Lair:1   | 11001 ||| INVOKING Heroism.
 11178 | Lair:1   | 11178 ||| DROPPING ring of wizardry.
 11221 | Lair:2   | Noticed a five-headed hydra
 11222 | Lair:2   | 11222 ||| INVOKING Heroism.
 11227 | Lair:2   | Killed a two-headed hydra
 11306 | Lair:2   | 11306 ||| Stepping ~*~*~tactically~*~*~ (stealth).
 11414 | Lair:2   | Found a hole to the Spider Nest.
 11501 | Lair:2   | Noticed Urug
 11502 | Lair:2   | 11502 ||| INVOKING Heroism.
 11520 | Lair:2   | HP: 8/77 [Urug/+3 war axe of electrocution (16)]
 11521 | Lair:2   | 11521 ||| READING 5 scrolls of teleportation.
 11521 | Lair:2   | HP: 2/77 [Urug/+3 war axe of electrocution (6)]
 11522 | Lair:2   | 11522 ||| DRINKING 4 potions of heal wounds.
 11525 | Lair:2   | Killed Urug
 11701 | Lair:2   | Noticed a skyshark
 11701 | Lair:2   | Noticed an eight-headed hydra
 11702 | Lair:2   | 11702 ||| INVOKING Heroism.
 11702 | Lair:2   | Noticed a skyshark
 11703 | Lair:2   | 11703 ||| Stepping ~*~*~tactically~*~*~ (water).
 11707 | Lair:2   | Reached XP level 13. HP: 66/82 MP: 17/20
 11712 | Lair:2   | Received a gift from Okawaru
 11713 | Lair:2   | HP: 16/82 [skyshark (13)]
 11714 | Lair:2   | 11714 ||| READING 4 scrolls of teleportation.
 11715 | Lair:2   | 11715 ||| DRINKING 3 potions of heal wounds.
 11716 | Lair:2   | Reached ***** piety under Okawaru
 11934 | Lair:2   | 11934 ||| INVOKING Heroism.
 11943 | Lair:2   | 11943 ||| Stepping ~*~*~tactically~*~*~ (hiding).
 11944 | Lair:2   | 11944 ||| Stepping ~*~*~tactically~*~*~ (hiding).
 11950 | Lair:2   | Received a gift from Okawaru
 12264 | Lair:2   | 12264 ||| READING 6 scrolls of identify.
 12264 | Lair:2   | 12264 ||| IDENTIFYING black potion
 12319 | Lair:3   | 12319 ||| INVOKING Heroism.
 12416 | Lair:3   | 12416 ||| READING scroll of enchant armour.
 12416 | Lair:3   | 12416 ||| ENCHANTING +0 pair of gloves.
 12553 | Lair:3   | 12553 ||| Stepping ~*~*~tactically~*~*~ (stealth).
 12554 | Lair:3   | 12554 ||| Stepping ~*~*~tactically~*~*~ (stealth).
 12571 | Lair:3   | Reached skill level 3 in Throwing
 12696 | Lair:3   | 12696 ||| INVOKING Heroism.
 12713 | Lair:3   | 12713 ||| Stepping ~*~*~tactically~*~*~ (stealth).
 12727 | Lair:3   | 12727 ||| Stepping ~*~*~tactically~*~*~ (stealth).
 12729 | Lair:3   | 12729 ||| Stepping ~*~*~tactically~*~*~ (stealth).
 12731 | Lair:3   | 12731 ||| Stepping ~*~*~tactically~*~*~ (stealth).
 12733 | Lair:3   | 12733 ||| Stepping ~*~*~tactically~*~*~ (stealth).
 13106 | Lair:3   | 13106 ||| UPGRADING to ring of see invisible.
 13123 | Lair:4   | 13123 ||| INVOKING Heroism.
 13136 | Lair:4   | Received a gift from Okawaru
 13137 | Lair:4   | 13137 ||| STAIRDANCE
 13144 | Lair:3   | HP: 19/82 [death yak (8)]
 13145 | Lair:3   | 13145 ||| READING 3 scrolls of teleportation.
 13146 | Lair:3   | 13146 ||| DRINKING 2 potions of heal wounds.
 13338 | Lair:4   | 13338 ||| INVOKING Heroism.
 13339 | Lair:4   | 13339 ||| Stepping ~*~*~tactically~*~*~ (stealth).
 13357 | Lair:4   | 13357 ||| INVOKING Finesse.
 13473 | Lair:4   | Found a runed translucent door.
 13477 | Lair:4   | Found a staircase to the Slime Pits.
 13492 | Lair:4   | 13492 ||| INVOKING Heroism.
 13511 | Lair:4   | 13511 ||| Stepping ~*~*~tactically~*~*~ (stealth).
 13569 | Lair:4   | 13569 ||| INVOKING Heroism.
 13571 | Lair:4   | 13571 ||| Stepping ~*~*~tactically~*~*~ (stealth).
 13638 | Lair:4   | 13638 ||| INVOKING Heroism.
 13740 | Lair:4   | 13740 ||| FLEEEEING.
 13741 | Lair:4   | 13741 ||| FLEEEEING.
 13742 | Lair:4   | 13742 ||| FLEEEEING.
 13744 | Lair:4   | 13744 ||| FLEEEEING.
 13745 | Lair:4   | 13745 ||| FLEEEEING.
 13746 | Lair:4   | 13746 ||| FLEEEEING.
 13747 | Lair:4   | 13747 ||| FLEEEEING.
 13888 | Lair:4   | 13888 ||| FLEEEEING.
 13889 | Lair:4   | 13889 ||| FLEEEEING.
 13890 | Lair:4   | 13890 ||| FLEEEEING.
 13892 | Lair:4   | 13892 ||| INVOKING Heroism.
 13938 | Lair:4   | 13938 ||| Stepping ~*~*~tactically~*~*~ (stealth).
 13942 | Lair:4   | 13942 ||| INVOKING Heroism.
 13966 | Lair:4   | Gained mutation: Your large and strong wings let you fly.
                  | [Gargoyle growth]
 13966 | Lair:4   | Reached XP level 14. HP: 82/90 MP: 21/21
 14187 | Lair:4   | 14187 ||| DROPPING +0 ring mail of Moirill {Fly rF++ rC-
                  | Stlth+}.
 14213 | Lair:5   | Entered Level 5 of the Lair of Beasts
 14220 | Lair:5   | 14220 ||| STAIRDANCE
 14303 | Lair:5   | 14303 ||| INVOKING Heroism.
 14309 | Lair:5   | 14309 ||| INVOKING Finesse.
 14593 | Lair:5   | 14593 ||| Stepping ~*~*~tactically~*~*~ (stealth).
 14741 | Lair:5   | 14741 ||| INVOKING Heroism.
 14867 | Lair:5   | 14867 ||| Stepping ~*~*~tactically~*~*~ (stealth).
 14869 | Lair:5   | 14869 ||| Stepping ~*~*~tactically~*~*~ (stealth).
 14948 | Lair:5   | 14948 ||| Stepping ~*~*~tactically~*~*~ (stealth).
 14954 | Lair:5   | 14954 ||| INVOKING Heroism.
 14961 | Lair:5   | Reached skill level 15 in Axes
 15116 | Lair:5   | Found a runed translucent door.
 15119 | Lair:5   | 15119 ||| FLEEEEING.
 15120 | Lair:5   | 15120 ||| INVOKING Heroism.
 15157 | Lair:5   | Received a gift from Okawaru
 15159 | Lair:5   | 15159 ||| INVOKING Heroism.
 15336 | Lair:5   | 15336 ||| FLEEEEING.
 15338 | Lair:5   | 15338 ||| INVOKING Heroism.
 15340 | Lair:5   | 15340 ||| Stepping ~*~*~tactically~*~*~ (stealth).
 15427 | Lair:5   | 15427 ||| READING scroll of enchant armour.
 15427 | Lair:5   | 15427 ||| ENCHANTING +1 pair of gloves.
 15554 | Lair:5   | 15554 ||| INVOKING Heroism.
 15582 | Lair:5   | 15582 ||| Stepping ~*~*~tactically~*~*~ (stealth).
 15583 | Lair:5   | 15583 ||| Stepping ~*~*~tactically~*~*~ (stealth).
 15584 | Lair:5   | 15584 ||| Stepping ~*~*~tactically~*~*~ (stealth).
 15595 | Lair:5   | 15595 ||| Stepping ~*~*~tactically~*~*~ (stealth).
 15596 | Lair:5   | 15596 ||| Stepping ~*~*~tactically~*~*~ (hiding).
 15598 | Lair:5   | 15598 ||| Stepping ~*~*~tactically~*~*~ (hiding).
 15604 | Lair:5   | 15604 ||| INVOKING Heroism.
 15626 | Lair:5   | 15626 ||| Stepping ~*~*~tactically~*~*~ (stealth).
 15631 | Lair:5   | Reached skill level 12 in Fighting
 15661 | Lair:5   | 15661 ||| INVOKING Heroism.
 15692 | Lair:5   | 15692 ||| Stepping ~*~*~tactically~*~*~ (stealth).
 15734 | Lair:5   | 15734 ||| INVOKING Heroism.
 15752 | Lair:5   | 15752 ||| Stepping ~*~*~tactically~*~*~ (stealth).
 15802 | Lair:5   | 15802 ||| Stepping ~*~*~tactically~*~*~ (stealth).
 15853 | Lair:5   | 15853 ||| Stepping ~*~*~tactically~*~*~ (hiding).
 15976 | Lair:5   | 15976 ||| Stepping ~*~*~tactically~*~*~ (hiding).
 15985 | Lair:5   | Reached skill level 12 in Armour
 16049 | Lair:5   | 16049 ||| INVOKING Heroism.
 16172 | Lair:5   | 16172 ||| INVOKING Heroism.
 16508 | Lair:5   | 16508 ||| INVOKING Heroism.
 16707 | Lair:5   | 16707 ||| PLANNING D
 16707 | Lair:5   | 16707 ||| READING 8 scrolls of identify.
 16707 | Lair:5   | 16707 ||| IDENTIFYING fuming inky potion
 16708 | Lair:5   | 16708 ||| READING 7 scrolls of identify.
 16708 | Lair:5   | 16708 ||| IDENTIFYING lumpy sapphire potion
 16709 | Lair:5   | 16709 ||| DROPPING potion of ambrosia.
 16902 | D:12     | Identified the +1 halberd of Dust {venom, SInv}
 16944 | D:12     | 16944 ||| INVOKING Heroism.
 16973 | D:12     | 16973 ||| Stepping ~*~*~tactically~*~*~ (hiding).
 16974 | D:12     | 16974 ||| Stepping ~*~*~tactically~*~*~ (hiding).
 16975 | D:12     | 16975 ||| Stepping ~*~*~tactically~*~*~ (hiding).
 16978 | D:12     | 16978 ||| Stepping ~*~*~tactically~*~*~ (hiding).
 16979 | D:12     | 16979 ||| Stepping ~*~*~tactically~*~*~ (hiding).
 16980 | D:12     | 16980 ||| Stepping ~*~*~tactically~*~*~ (hiding).
 17039 | D:12     | 17039 ||| INVOKING Heroism.
 17140 | D:12     | Reached XP level 15. HP: 72/96 MP: 22/22
 17144 | D:12     | 17144 ||| FLEEEEING.
 17145 | D:12     | 17145 ||| FLEEEEING.
 17146 | D:12     | 17146 ||| FLEEEEING.
 17147 | D:12     | 17147 ||| FLEEEEING.
 17150 | D:12     | 17150 ||| FLEEEEING.
 17151 | D:12     | 17151 ||| FLEEEEING.
 17152 | D:12     | 17152 ||| FLEEEEING.
 17153 | D:12     | 17153 ||| FLEEEEING.
 17154 | D:12     | 17154 ||| FLEEEEING.
 17155 | D:12     | 17155 ||| FLEEEEING.
 17156 | D:12     | 17156 ||| FLEEEEING.
 17157 | D:12     | 17157 ||| FLEEEEING.
 17158 | D:12     | 17158 ||| FLEEEEING.
 17159 | D:12     | 17159 ||| STAIRDANCE
 17206 | D:11     | 17206 ||| DROPPING amulet of magic regeneration.
 17223 | D:12     | Found a runed translucent door.
 17227 | D:12     | Noticed qw's ghost (journeyman GrFi)
 17373 | D:12     | Noticed a fire giant
 17376 | D:12     | Noticed a lich
 17470 | D:12     | Found a runed translucent door.
 17472 | D:12     | Identified the amulet "Jaqaraz" {rF+ rN+ Regen+ Str+3}
 17481 | D:12     | 17481 ||| Stepping ~*~*~tactically~*~*~ (stealth).
 17482 | D:12     | 17482 ||| Stepping ~*~*~tactically~*~*~ (stealth).
 17541 | D:12     | 17541 ||| INVOKING Heroism.
 17543 | D:12     | HP: 23/96 [molten gargoyle/bolt of magma (6)]
 17544 | D:12     | 17544 ||| READING 3 scrolls of teleportation.
 17544 | D:12     | HP: 9/96 [molten gargoyle/+0 mace (12)]
 17545 | D:12     | 17545 ||| DRINKING 5 potions of heal wounds.
 17546 | D:12     | 17546 ||| DRINKING 4 potions of heal wounds.
 17548 | D:12     | 17548 ||| DRINKING 3 potions of heal wounds.
 17752 | D:12     | 17752 ||| Stepping ~*~*~tactically~*~*~ (stealth).
 17754 | D:12     | 17754 ||| Stepping ~*~*~tactically~*~*~ (hiding).
 17755 | D:12     | 17755 ||| Stepping ~*~*~tactically~*~*~ (hiding).
 17757 | D:12     | 17757 ||| Stepping ~*~*~tactically~*~*~ (hiding).
 17758 | D:12     | 17758 ||| Stepping ~*~*~tactically~*~*~ (hiding).
 17759 | D:12     | 17759 ||| Stepping ~*~*~tactically~*~*~ (hiding).
 17760 | D:12     | 17760 ||| Stepping ~*~*~tactically~*~*~ (hiding).
 17764 | D:12     | 17764 ||| INVOKING Heroism.
 17787 | D:12     | 17787 ||| FLEEEEING.
 17954 | D:12     | 17954 ||| Stepping ~*~*~tactically~*~*~ (stealth).
 17956 | D:12     | 17956 ||| Stepping ~*~*~tactically~*~*~ (hiding).
 18129 | D:13     | 18129 ||| INVOKING Heroism.
 18201 | D:13     | 18201 ||| Stepping ~*~*~tactically~*~*~ (stealth).
 18202 | D:13     | 18202 ||| INVOKING Heroism.
 18204 | D:13     | 18204 ||| Stepping ~*~*~tactically~*~*~ (hiding).
 18205 | D:13     | 18205 ||| Stepping ~*~*~tactically~*~*~ (hiding).
 18373 | D:13     | 18373 ||| Stepping ~*~*~tactically~*~*~ (hiding).
 18376 | D:13     | 18376 ||| INVOKING Heroism.
 18392 | D:13     | 18392 ||| STAIRDANCE
 18532 | D:13     | 18532 ||| Stepping ~*~*~tactically~*~*~ (stealth).
 18534 | D:13     | 18534 ||| INVOKING Heroism.
 18657 | D:13     | 18657 ||| INVOKING Heroism.
 18857 | D:13     | 18857 ||| READING scroll of acquirement.
 18857 | D:13     | 18857 ||| ACQUIRING ring "Faecwur" {Fire rPois Will+ Str+2
                  | Int+3}
 18857 | D:13     | Acquired the ring "Faecwur" {Fire rPois Will+ Str+2 Int+3}
 18859 | D:13     | 18859 ||| UPGRADING to ring "Faecwur" {Fire rPois Will+
                  | Str+2 Int+3}.
 18956 | D:13     | Noticed Maurice
 18968 | D:13     | Killed Maurice
 19148 | D:13     | 19148 ||| INVOKING Heroism.
 19408 | D:13     | 19408 ||| INVOKING Heroism.
 19490 | D:13     | 19490 ||| INVOKING Heroism.
 19518 | D:13     | Found a gate to the Vaults.
 19574 | D:13     | 19574 ||| Stepping ~*~*~tactically~*~*~ (hiding).
 19598 | D:13     | 19598 ||| Stepping ~*~*~tactically~*~*~ (stealth).
 19599 | D:13     | 19599 ||| INVOKING Heroism.
 19644 | D:13     | 19644 ||| Stepping ~*~*~tactically~*~*~ (hiding).
 19645 | D:13     | 19645 ||| Stepping ~*~*~tactically~*~*~ (hiding).
 19892 | D:13     | 19892 ||| UPGRADING to +0 kite shield.
 19902 | D:13     | 19902 ||| DROPPING +0 buckler.
 19929 | D:14     | 19929 ||| INVOKING Heroism.
 20109 | D:14     | 20109 ||| INVOKING Heroism.
 20113 | D:14     | Received a gift from Okawaru
 20149 | D:14     | 20149 ||| INVOKING Heroism.
 20422 | D:14     | 20422 ||| READING scroll of enchant weapon.
 20422 | D:14     | 20422 ||| ENCHANTING +6 broad axe of flaming.
 20556 | D:14     | Found a runed translucent door.
 20559 | D:14     | Noticed Cown's ghost (journeyman TrHu)
 20640 | D:14     | Reached skill level 9 in Shields
 20647 | D:14     | 20647 ||| INVOKING Heroism.
 21114 | D:14     | 21114 ||| UPGRADING to amulet of reflection.
 21145 | D:15     | Entered Level 15 of the Dungeon
 21328 | D:15     | Noticed Nessos
 21329 | D:15     | 21329 ||| Stepping ~*~*~tactically~*~*~ (hiding).
 21330 | D:15     | 21330 ||| Stepping ~*~*~tactically~*~*~ (hiding).
 21334 | D:15     | 21334 ||| Stepping ~*~*~tactically~*~*~ (hiding).
 21336 | D:15     | 21336 ||| Stepping ~*~*~tactically~*~*~ (hiding).
 21337 | D:15     | Killed Nessos
 21389 | D:15     | 21389 ||| INVOKING Heroism.
 21571 | D:15     | Found a staircase to the Depths.
 21571 | D:15     | Noticed a fire giant
 21580 | D:15     | Killed a fire giant
 21604 | D:15     | Found a runed translucent door.
 21604 | D:15     | Noticed Uvinaotu's ghost (journeyman MiFi)
 21604 | D:15     | Noticed a fire giant
 21651 | D:15     | 21651 ||| Stepping ~*~*~tactically~*~*~ (hiding).
 21660 | D:15     | 21660 ||| Stepping ~*~*~tactically~*~*~ (stealth).
 21665 | D:15     | 21665 ||| INVOKING Heroism.
 21697 | D:15     | Received a gift from Okawaru
 21705 | D:15     | Reached XP level 16. HP: 77/103 MP: 23/23
 21731 | D:15     | 21731 ||| FLEEEEING.
 21732 | D:15     | 21732 ||| FLEEEEING.
 21733 | D:15     | 21733 ||| FLEEEEING.
 21734 | D:15     | 21734 ||| FLEEEEING.
 21735 | D:15     | 21735 ||| FLEEEEING.
 21736 | D:15     | 21736 ||| FLEEEEING.
 21737 | D:15     | 21737 ||| FLEEEEING.
 21738 | D:15     | 21738 ||| FLEEEEING.
 21739 | D:15     | 21739 ||| FLEEEEING.
 21745 | D:15     | 21745 ||| FLEEEEING.
 21746 | D:15     | 21746 ||| FLEEEEING.
 21747 | D:15     | 21747 ||| FLEEEEING.
 21748 | D:15     | 21748 ||| FLEEEEING.
 21749 | D:15     | 21749 ||| STAIRDANCE
 21855 | D:14     | 21855 ||| READING scroll labelled DYT EQERPHAECHI.
 21925 | D:15     | 21925 ||| DROPPING +0 whip.
 21949 | D:15     | 21949 ||| Stepping ~*~*~tactically~*~*~ (stealth).
 21950 | D:15     | 21950 ||| Stepping ~*~*~tactically~*~*~ (stealth).
 21951 | D:15     | 21951 ||| Stepping ~*~*~tactically~*~*~ (stealth).
 21952 | D:15     | 21952 ||| Stepping ~*~*~tactically~*~*~ (stealth).
 21953 | D:15     | 21953 ||| Stepping ~*~*~tactically~*~*~ (stealth).
 21954 | D:15     | 21954 ||| Stepping ~*~*~tactically~*~*~ (stealth).
 21955 | D:15     | 21955 ||| Stepping ~*~*~tactically~*~*~ (stealth).
 21956 | D:15     | 21956 ||| Stepping ~*~*~tactically~*~*~ (stealth).
 22054 | D:15     | 22054 ||| Stepping ~*~*~tactically~*~*~ (hiding).
 22055 | D:15     | 22055 ||| Stepping ~*~*~tactically~*~*~ (hiding).
 22056 | D:15     | 22056 ||| Stepping ~*~*~tactically~*~*~ (hiding).
 22057 | D:15     | 22057 ||| Stepping ~*~*~tactically~*~*~ (hiding).
 22074 | D:15     | 22074 ||| DROPPING +0 flail.
 22089 | D:15     | 22089 ||| Stepping ~*~*~tactically~*~*~ (stealth).
 22152 | D:15     | 22152 ||| PLANNING ORC
 22253 | Orc:1    | Entered Level 1 of the Orcish Mines
 22253 | Orc:1    | Noticed Erolcha
 22254 | Orc:1    | 22254 ||| INVOKING Heroism.
 22264 | Orc:1    | Reached skill level 12 in Shields
 22264 | Orc:1    | 22264 ||| INVOKING Finesse.
 22269 | Orc:1    | Killed Erolcha
 22270 | Orc:1    | Found Kosulevo's Book Shop.
 22485 | Orc:2    | Entered Level 2 of the Orcish Mines
 22487 | Orc:2    | 22487 ||| INVOKING Heroism.
 22509 | Orc:2    | Received a gift from Okawaru
 22555 | Orc:2    | 22555 ||| INVOKING Heroism.
 22609 | Orc:2    | Received a gift from Okawaru
 22676 | Orc:2    | 22676 ||| INVOKING Heroism.
 22696 | Orc:2    | 22696 ||| Stepping ~*~*~tactically~*~*~ (hiding).
 22710 | Orc:2    | 22710 ||| Stepping ~*~*~tactically~*~*~ (stealth).
 22711 | Orc:2    | 22711 ||| Stepping ~*~*~tactically~*~*~ (stealth).
 22711 | Orc:2    | Found Ifuycam's Antique Armour Boutique.
 22711 | Orc:2    | Found Plog's Armour Boutique.
 22712 | Orc:2    | 22712 ||| Stepping ~*~*~tactically~*~*~ (stealth).
 22713 | Orc:2    | 22713 ||| Stepping ~*~*~tactically~*~*~ (stealth).
 22714 | Orc:2    | Found Vezxar's General Store.
 22716 | Orc:2    | Found Soipn's Jewellery Shop.
 22721 | Orc:2    | 22721 ||| BUYING +1 helmet of see invisible (231 gold).
 22721 | Orc:2    | Bought a +1 helmet of see invisible for 231 gold pieces
 22721 | Orc:2    | 22721 ||| BUYING +2 chain mail of fire resistance (301
                  | gold).
 22721 | Orc:2    | Bought a +2 chain mail of fire resistance for 301 gold
                  | pieces
 22722 | Orc:2    | 22722 ||| BUYING +3 pair of boots of Feasting {-Cast rF+++
                  | rN+++ Dex-5} (780 gold).
 22722 | Orc:2    | Bought the +3 pair of boots of Feasting {-Cast rF+++ rN+++
                  | Dex-5} for 780 gold pieces
 22722 | Orc:2    | 22722 ||| BUYING 3 scrolls of identify (72 gold).
 22722 | Orc:2    | Bought 3 scrolls of identify for 72 gold pieces
 22722 | Orc:2    | 22722 ||| BUYING ring of positive energy (240 gold).
 22722 | Orc:2    | Bought a ring of positive energy for 240 gold pieces
 22722 | Orc:2    | 22722 ||| Stepping ~*~*~tactically~*~*~ (stealth).
 22723 | Orc:2    | 22723 ||| BUYING +5 ring of evasion (540 gold).
 22723 | Orc:2    | Bought a +5 ring of evasion for 540 gold pieces
 22723 | Orc:2    | 22723 ||| SHOPLISTING ring of protection from cold (375
                  | gold, have 170).
 22788 | Orc:2    | Found a frozen archway.
 22834 | Orc:2    | 22834 ||| UPGRADING to +10 plate armour of ponderousness.
 22844 | Orc:2    | 22844 ||| Stepping ~*~*~tactically~*~*~ (stealth).
 22845 | Orc:2    | 22845 ||| DROPPING +2 plate armour of poison resistance.
 22846 | Orc:2    | 22846 ||| UPGRADING to +3 pair of boots of Feasting {-Cast
                  | rF+++ rN+++ Dex-5}.
 22856 | Orc:2    | 22856 ||| DROPPING +0 pair of boots of Gallantry {Int+4}.
 22857 | Orc:2    | 22857 ||| UPGRADING to +6 ring of dexterity.
 22859 | Orc:2    | 22859 ||| DROPPING ring of positive energy.
 22860 | Orc:2    | 22860 ||| UPGRADING to +5 ring of evasion.
 22862 | Orc:2    | 22862 ||| UPGRADING to +6 ring of dexterity.
 22864 | Orc:2    | 22864 ||| UPGRADING to +1 helmet of see invisible.
 22875 | Orc:2    | Found a staircase to the Elven Halls.
 22951 | Orc:1    | Found Xienudup's Magic Scroll Boutique.
 22954 | Orc:1    | 22954 ||| BUYING 2 scrolls of enchant weapon (195 gold).
 22954 | Orc:1    | Bought 2 scrolls of enchant weapon for 195 gold pieces
 22954 | Orc:1    | 22954 ||| SHOPLISTING scroll of enchant weapon (97 gold,
                  | have 77).
 22954 | Orc:1    | 22954 ||| BUYING scroll of teleportation (39 gold).
 22954 | Orc:1    | Bought a scroll of teleportation for 39 gold pieces
 22954 | Orc:1    | 22954 ||| SHOPLISTING scroll of teleportation (39 gold,
                  | have 38).
 22954 | Orc:1    | 22954 ||| READING 2 scrolls of enchant weapon.
 22954 | Orc:1    | 22954 ||| ENCHANTING +7 vampiric broad axe.
 22955 | Orc:1    | 22955 ||| READING scroll of enchant weapon.
 22955 | Orc:1    | 22955 ||| ENCHANTING +8 vampiric broad axe.
 23000 | Orc:1    | 23000 ||| Stepping ~*~*~tactically~*~*~ (hiding).
 23001 | Orc:1    | 23001 ||| Stepping ~*~*~tactically~*~*~ (hiding).
 23005 | Orc:1    | 23005 ||| Stepping ~*~*~tactically~*~*~ (hiding).
 23112 | Orc:1    | Found Qacudyme's Antique Weapon Emporium.
 23113 | Orc:1    | 23113 ||| Stepping ~*~*~tactically~*~*~ (hiding).
 23115 | Orc:1    | 23115 ||| Stepping ~*~*~tactically~*~*~ (hiding).
 23118 | Orc:1    | 23118 ||| INVOKING Heroism.
 23120 | Orc:1    | 23120 ||| Stepping ~*~*~tactically~*~*~ (hiding).
 23152 | Orc:1    | 23152 ||| SHOPLISTING runed morningstar (252 gold, have
                  | 38).
 23244 | Orc:1    | Found Roikkidgh's Book Shoppe.
 23268 | Orc:2    | 23268 ||| Stepping ~*~*~tactically~*~*~ (stealth).
 23482 | Orc:2    | 23482 ||| PLANNING SHOALS:1-3
 23674 | Shoals:1 | Entered Level 1 of the Shoals
 23685 | Shoals:1 | 23685 ||| DROPPING +0 morningstar.
 23882 | Shoals:1 | Noticed a kraken
 23892 | Shoals:1 | Killed a kraken
 23927 | Shoals:1 | 23927 ||| Stepping ~*~*~tactically~*~*~ (hiding).
 24487 | Shoals:2 | 24487 ||| INVOKING Heroism.
 24643 | Shoals:2 | 24643 ||| Stepping ~*~*~tactically~*~*~ (hiding).
 24671 | Shoals:2 | 24671 ||| INVOKING Heroism.
 24864 | Shoals:2 | Found Yxzok's Antique Weapon Boutique.
 24865 | Shoals:2 | Identified the +1 chain mail "Semalec" {rN+}
 24873 | Shoals:2 | 24873 ||| BUYING glowing broad axe (203 gold).
 24873 | Shoals:2 | Bought a glowing broad axe for 203 gold pieces
 24947 | Shoals:2 | 24947 ||| FLEEEEING.
 24948 | Shoals:2 | 24948 ||| FLEEEEING.
 24949 | Shoals:2 | 24949 ||| FLEEEEING.
 24950 | Shoals:2 | 24950 ||| FLEEEEING.
 24951 | Shoals:2 | 24951 ||| FLEEEEING.
 24952 | Shoals:2 | 24952 ||| FLEEEEING.
 24953 | Shoals:2 | 24953 ||| FLEEEEING.
 24954 | Shoals:2 | 24954 ||| INVOKING Heroism.
 25146 | Shoals:2 | Reached skill level 18 in Axes
 25146 | Shoals:2 | Found a runed translucent gate.
 25146 | Shoals:2 | Found a runed translucent gate.
 25146 | Shoals:2 | Found a runed translucent gate.
 25203 | Shoals:2 | Noticed Bityczex's ghost (adept DEFE)
 25203 | Shoals:2 | Noticed ShutUppercut's ghost (adept SpEn)
 25204 | Shoals:2 | Noticed Zipteul's ghost (adept NaBe)
 25204 | Shoals:2 | Noticed royokou's ghost (adept GrEE)
 25380 | Shoals:2 | 25380 ||| READING scroll labelled QAEL OCVIYPLAMUZ.
 25513 | Shoals:3 | 25513 ||| INVOKING Heroism.
 25558 | Shoals:3 | Reached XP level 17. HP: 109/109 MP: 24/24
 25590 | Shoals:3 | 25590 ||| Stepping ~*~*~tactically~*~*~ (stealth).
 25592 | Shoals:3 | 25592 ||| Stepping ~*~*~tactically~*~*~ (hiding).
 25609 | Shoals:3 | 25609 ||| FLEEEEING.
 25612 | Shoals:3 | 25612 ||| Stepping ~*~*~tactically~*~*~ (hiding).
 25614 | Shoals:3 | 25614 ||| Stepping ~*~*~tactically~*~*~ (hiding).
 25617 | Shoals:3 | 25617 ||| INVOKING Heroism.
 25664 | Shoals:3 | Received a gift from Okawaru
 25665 | Shoals:3 | Found Lideog's Distillery.
 25800 | Shoals:3 | 25800 ||| INVOKING Heroism.
 25904 | Shoals:3 | Noticed a kraken
 25922 | Shoals:3 | Killed a kraken
 26014 | Shoals:3 | 26014 ||| Stepping ~*~*~tactically~*~*~ (stealth).
 26018 | Shoals:3 | 26018 ||| Stepping ~*~*~tactically~*~*~ (stealth).
 26019 | Shoals:3 | 26019 ||| Stepping ~*~*~tactically~*~*~ (stealth).
 26020 | Shoals:3 | 26020 ||| Stepping ~*~*~tactically~*~*~ (stealth).
 26021 | Shoals:3 | 26021 ||| Stepping ~*~*~tactically~*~*~ (stealth).
 26024 | Shoals:3 | 26024 ||| Stepping ~*~*~tactically~*~*~ (hiding).
 26026 | Shoals:3 | 26026 ||| Stepping ~*~*~tactically~*~*~ (hiding).
 26027 | Shoals:3 | 26027 ||| Stepping ~*~*~tactically~*~*~ (hiding).
 26028 | Shoals:3 | 26028 ||| Stepping ~*~*~tactically~*~*~ (hiding).
 26029 | Shoals:3 | 26029 ||| Stepping ~*~*~tactically~*~*~ (hiding).
 26031 | Shoals:3 | 26031 ||| Stepping ~*~*~tactically~*~*~ (hiding).
 26164 | Shoals:3 | 26164 ||| BUYING potion of curing (54 gold).
 26164 | Shoals:3 | Bought a potion of curing for 54 gold pieces
 26164 | Shoals:3 | 26164 ||| BUYING potion of curing (54 gold).
 26164 | Shoals:3 | Bought a potion of curing for 54 gold pieces
 26164 | Shoals:3 | 26164 ||| BUYING potion of curing (54 gold).
 26164 | Shoals:3 | Bought a potion of curing for 54 gold pieces
 26164 | Shoals:3 | 26164 ||| SHOPLISTING potion of haste (180 gold, have 59).
 26164 | Shoals:3 | 26164 ||| SHOPLISTING potion of mutation (144 gold, have
                  | 59).
 26195 | Shoals:3 | Found Veiban's Antique Weapon Emporium.
 26245 | Shoals:3 | 26245 ||| INVOKING Heroism.
 26378 | Shoals:3 | 26378 ||| READING scroll labelled FEUCWY PUTS.
 26407 | Shoals:4 | Entered Level 4 of the Shoals
 26407 | Shoals:4 | Noticed Polyphemus
 26408 | Shoals:4 | 26408 ||| INVOKING Heroism.
 26419 | Shoals:4 | Reached skill level 6 in Throwing
 26439 | Shoals:4 | 26439 ||| INVOKING Finesse.
 26444 | Shoals:4 | Killed Polyphemus
 26519 | Shoals:3 | 26519 ||| PLANNING SPIDER:1-3
 26652 | Spider:1 | Entered Level 1 of the Spider Nest
 26741 | Spider:1 | 26741 ||| INVOKING Finesse.
 26752 | Spider:1 | 26752 ||| INVOKING Heroism.
 26918 | Spider:1 | 26918 ||| Stepping ~*~*~tactically~*~*~ (stealth).
 26924 | Spider:1 | 26924 ||| Stepping ~*~*~tactically~*~*~ (stealth).
 26941 | Spider:1 | Received a gift from Okawaru
 26989 | Spider:1 | 26989 ||| Stepping ~*~*~tactically~*~*~ (stealth).
 26990 | Spider:1 | 26990 ||| Stepping ~*~*~tactically~*~*~ (stealth).
 26991 | Spider:1 | 26991 ||| Stepping ~*~*~tactically~*~*~ (stealth).
 27337 | Spider:1 | 27337 ||| UPGRADING to amulet of faith.
 27347 | Spider:1 | 27347 ||| READING 10 scrolls of identify.
 27347 | Spider:1 | 27347 ||| IDENTIFYING ruby potion
 27348 | Spider:1 | 27348 ||| DROPPING potion of flight.
 27654 | Spider:2 | 27654 ||| INVOKING Finesse.
 27687 | Spider:2 | 27687 ||| INVOKING Heroism.
 27692 | Spider:2 | Received a gift from Okawaru
 27794 | Spider:2 | 27794 ||| Stepping ~*~*~tactically~*~*~ (stealth).
 27882 | Spider:2 | Reached skill level 15 in Fighting
 27900 | Spider:2 | 27900 ||| Stepping ~*~*~tactically~*~*~ (stealth).
 27906 | Spider:2 | 27906 ||| INVOKING Heroism.
 27910 | Spider:2 | Received a gift from Okawaru
 27911 | Spider:2 | 27911 ||| INVOKING Finesse.
 27933 | Spider:2 | 27933 ||| Stepping ~*~*~tactically~*~*~ (stealth).
 27934 | Spider:2 | 27934 ||| Stepping ~*~*~tactically~*~*~ (stealth).
 27986 | Spider:2 | 27986 ||| INVOKING Heroism.
 28033 | Spider:2 | Received a gift from Okawaru
 28403 | Spider:2 | 28403 ||| INVOKING Heroism.
 28447 | Spider:2 | Received a gift from Okawaru
 28794 | Spider:3 | Noticed Arachne
 28795 | Spider:3 | 28795 ||| Stepping ~*~*~tactically~*~*~ (hiding).
 28796 | Spider:3 | 28796 ||| Stepping ~*~*~tactically~*~*~ (stealth).
 28799 | Spider:3 | 28799 ||| INVOKING Finesse.
 28815 | Spider:3 | Reached skill level 15 in Armour
 28822 | Spider:3 | 28822 ||| INVOKING Heroism.
 28853 | Spider:3 | Killed Arachne
 28858 | Spider:3 | Reached XP level 18. HP: 119/119 MP: 21/25
 28861 | Spider:3 | 28861 ||| DROPPING +1 hand axe of flaming.
 28868 | Spider:3 | Received a gift from Okawaru
 28871 | Spider:3 | 28871 ||| Stepping ~*~*~tactically~*~*~ (stealth).
 28872 | Spider:3 | 28872 ||| Stepping ~*~*~tactically~*~*~ (stealth).
 28873 | Spider:3 | 28873 ||| Stepping ~*~*~tactically~*~*~ (stealth).
 28885 | Spider:3 | 28885 ||| Stepping ~*~*~tactically~*~*~ (stealth).
 28887 | Spider:3 | 28887 ||| Stepping ~*~*~tactically~*~*~ (stealth).
 29042 | Spider:3 | 29042 ||| Stepping ~*~*~tactically~*~*~ (stealth).
 29119 | Spider:3 | 29119 ||| Stepping ~*~*~tactically~*~*~ (stealth).
 29129 | Spider:3 | 29129 ||| INVOKING Heroism.
 29131 | Spider:3 | Noticed Asterion
 29145 | Spider:3 | 29145 ||| INVOKING Finesse.
 29162 | Spider:3 | Gained mutation: Your spells are a little easier to cast,
                  | but a little less powerful. [a cacodemon]
 29165 | Spider:3 | Killed Asterion
 29508 | Spider:3 | 29508 ||| PLANNING SHOALS:4
 29720 | Shoals:4 | Identified the +10 scimitar of Suicidal Tendencies
                  | {distort, rPois Str-4 Int+5}
 29764 | Shoals:4 | 29764 ||| Stepping ~*~*~tactically~*~*~ (hiding).
 29766 | Shoals:4 | 29766 ||| Stepping ~*~*~tactically~*~*~ (hiding).
 29875 | Shoals:4 | 29875 ||| INVOKING Heroism.
 29909 | Shoals:4 | 29909 ||| Stepping ~*~*~tactically~*~*~ (hiding).
 29921 | Shoals:4 | 29921 ||| Stepping ~*~*~tactically~*~*~ (hiding).
 30001 | Shoals:4 | 30001 ||| Stepping ~*~*~tactically~*~*~ (hiding).
 30002 | Shoals:4 | 30002 ||| Stepping ~*~*~tactically~*~*~ (hiding).
 30003 | Shoals:4 | 30003 ||| Stepping ~*~*~tactically~*~*~ (hiding).
 30018 | Shoals:4 | 30018 ||| Stepping ~*~*~tactically~*~*~ (hiding).
 30019 | Shoals:4 | 30019 ||| Stepping ~*~*~tactically~*~*~ (hiding).
 30020 | Shoals:4 | 30020 ||| Stepping ~*~*~tactically~*~*~ (hiding).
 30040 | Shoals:4 | 30040 ||| Stepping ~*~*~tactically~*~*~ (hiding).
 30041 | Shoals:4 | 30041 ||| Stepping ~*~*~tactically~*~*~ (hiding).
 30066 | Shoals:4 | 30066 ||| Stepping ~*~*~tactically~*~*~ (hiding).
 30108 | Shoals:4 | 30108 ||| Stepping ~*~*~tactically~*~*~ (hiding).
 30109 | Shoals:4 | 30109 ||| Stepping ~*~*~tactically~*~*~ (hiding).
 30110 | Shoals:4 | 30110 ||| Stepping ~*~*~tactically~*~*~ (hiding).
 30113 | Shoals:4 | 30113 ||| Stepping ~*~*~tactically~*~*~ (hiding).
 30166 | Shoals:4 | 30166 ||| INVOKING Heroism.
 30174 | Shoals:4 | Received a gift from Okawaru
 30175 | Shoals:4 | Reached skill level 9 in Throwing
 30194 | Shoals:4 | Noticed Aizul
 30195 | Shoals:4 | 30195 ||| INVOKING Finesse.
 30198 | Shoals:4 | Reached skill level 15 in Shields
 30213 | Shoals:4 | Killed Aizul
 30219 | Shoals:4 | Identified the +4 broad axe of Zulas {venom, rPois Str-4
                  | Dex+2} (Okawaru gifted it to you on level 4 of the Shoals)
 30219 | Shoals:4 | Received a gift from Okawaru
 30240 | Shoals:4 | 30240 ||| Stepping ~*~*~tactically~*~*~ (hiding).
 30265 | Shoals:4 | 30265 ||| DROPPING +4 broad axe of Zulas {venom, rPois
                  | Str-4 Dex+2}.
 30279 | Shoals:4 | 30279 ||| Stepping ~*~*~tactically~*~*~ (stealth).
 30281 | Shoals:4 | 30281 ||| Stepping ~*~*~tactically~*~*~ (hiding).
 30309 | Shoals:4 | 30309 ||| Stepping ~*~*~tactically~*~*~ (stealth).
 30348 | Shoals:4 | 30348 ||| Stepping ~*~*~tactically~*~*~ (stealth).
 30349 | Shoals:4 | 30349 ||| Stepping ~*~*~tactically~*~*~ (stealth).
 30361 | Shoals:4 | Identified the ring of Pudavum {Ice rN+ Str+5 Int+2}
 30372 | Shoals:4 | 30372 ||| Stepping ~*~*~tactically~*~*~ (hiding).
 30374 | Shoals:4 | 30374 ||| Stepping ~*~*~tactically~*~*~ (hiding).
 30375 | Shoals:4 | 30375 ||| Stepping ~*~*~tactically~*~*~ (hiding).
 30376 | Shoals:4 | 30376 ||| Stepping ~*~*~tactically~*~*~ (hiding).
 30377 | Shoals:4 | 30377 ||| Stepping ~*~*~tactically~*~*~ (hiding).
 30380 | Shoals:4 | 30380 ||| INVOKING Heroism.
 30408 | Shoals:4 | Got a barnacled rune of Zot
 30421 | Shoals:4 | 30421 ||| Stepping ~*~*~tactically~*~*~ (hiding).
 30475 | Shoals:4 | 30475 ||| Stepping ~*~*~tactically~*~*~ (hiding).
 30476 | Shoals:4 | 30476 ||| Stepping ~*~*~tactically~*~*~ (hiding).
 30477 | Shoals:4 | 30477 ||| Stepping ~*~*~tactically~*~*~ (hiding).
 30479 | Shoals:4 | 30479 ||| Stepping ~*~*~tactically~*~*~ (hiding).
 30480 | Shoals:4 | 30480 ||| Stepping ~*~*~tactically~*~*~ (hiding).
 30528 | Shoals:4 | 30528 ||| Stepping ~*~*~tactically~*~*~ (hiding).
 30529 | Shoals:4 | 30529 ||| Stepping ~*~*~tactically~*~*~ (hiding).
 30760 | Shoals:4 | 30760 ||| PLANNING VAULTS:1-4
 30760 | Shoals:4 | 30760 ||| UPGRADING to ring of Pudavum {Ice rN+ Str+5
                  | Int+2}.
 31019 | Vaults:1 | Entered Level 1 of the Vaults
 31031 | Vaults:1 | Found Xahut's Book Shoppe.
 31091 | Vaults:1 | 31091 ||| Stepping ~*~*~tactically~*~*~ (hiding).
 31093 | Vaults:1 | 31093 ||| Stepping ~*~*~tactically~*~*~ (hiding).
 31095 | Vaults:1 | 31095 ||| Stepping ~*~*~tactically~*~*~ (hiding).
 31096 | Vaults:1 | 31096 ||| Stepping ~*~*~tactically~*~*~ (hiding).
 31189 | Vaults:1 | Noticed Nikola
 31190 | Vaults:1 | 31190 ||| INVOKING Heroism.
 31191 | Vaults:1 | 31191 ||| INVOKING Finesse.
 31192 | Vaults:1 | 31192 ||| INVOKING Finesse.
 31210 | Vaults:1 | Killed Nikola
 31371 | Vaults:1 | 31371 ||| Stepping ~*~*~tactically~*~*~ (stealth).
 31538 | Vaults:1 | 31538 ||| Stepping ~*~*~tactically~*~*~ (stealth).
 31559 | Vaults:1 | Identified the +4 broad axe "Raceqih" {spect, rC- Int+5
                  | Dex+3} (Okawaru gifted it to you on level 1 of the Vaults)
 31559 | Vaults:1 | Received a gift from Okawaru
 31805 | Vaults:1 | 31805 ||| Stepping ~*~*~tactically~*~*~ (stealth).
 31806 | Vaults:1 | 31806 ||| Stepping ~*~*~tactically~*~*~ (stealth).
 31843 | Vaults:1 | 31843 ||| FLEEEEING.
 31844 | Vaults:1 | 31844 ||| FLEEEEING.
 31845 | Vaults:1 | 31845 ||| FLEEEEING.
 31846 | Vaults:1 | 31846 ||| FLEEEEING.
 31847 | Vaults:1 | 31847 ||| FLEEEEING.
 31848 | Vaults:1 | 31848 ||| FLEEEEING.
 31850 | Vaults:1 | 31850 ||| FLEEEEING.
 31851 | Vaults:1 | 31851 ||| FLEEEEING.
 31852 | Vaults:1 | 31852 ||| FLEEEEING.
 31853 | Vaults:1 | 31853 ||| FLEEEEING.
 31854 | Vaults:1 | 31854 ||| FLEEEEING.
 31855 | Vaults:1 | 31855 ||| FLEEEEING.
 31856 | Vaults:1 | 31856 ||| FLEEEEING.
 31857 | Vaults:1 | 31857 ||| FLEEEEING.
 31863 | Vaults:1 | 31863 ||| FLEEEEING.
 31864 | Vaults:1 | 31864 ||| FLEEEEING.
 31865 | Vaults:1 | 31865 ||| FLEEEEING.
 31866 | Vaults:1 | 31866 ||| FLEEEEING.
 31867 | Vaults:1 | 31867 ||| FLEEEEING.
 31868 | Vaults:1 | 31868 ||| FLEEEEING.
 31869 | Vaults:1 | 31869 ||| FLEEEEING.
 31870 | Vaults:1 | 31870 ||| FLEEEEING.
 31871 | Vaults:1 | 31871 ||| FLEEEEING.
 31872 | Vaults:1 | 31872 ||| FLEEEEING.
 31873 | Vaults:1 | 31873 ||| FLEEEEING.
 31874 | Vaults:1 | 31874 ||| FLEEEEING.
 31875 | Vaults:1 | 31875 ||| FLEEEEING.
 31876 | Vaults:1 | 31876 ||| FLEEEEING.
 31882 | Vaults:1 | 31882 ||| FLEEEEING.
 31989 | Vaults:1 | 31989 ||| Stepping ~*~*~tactically~*~*~ (stealth).
 32001 | Vaults:1 | Reached XP level 19. HP: 123/127 MP: 26/26
 32007 | Vaults:1 | Paralysed by a great orb of eyes for 5 turns
 32120 | Vaults:1 | 32120 ||| Stepping ~*~*~tactically~*~*~ (stealth).
 32121 | Vaults:1 | 32121 ||| Stepping ~*~*~tactically~*~*~ (stealth).
 32123 | Vaults:1 | 32123 ||| Stepping ~*~*~tactically~*~*~ (hiding).
 32215 | Vaults:1 | Reached ****** piety under Okawaru
 32492 | Vaults:2 | Found Vittio's Jewellery Boutique.
 32499 | Vaults:2 | 32499 ||| BUYING +4 ring of protection (540 gold).
 32499 | Vaults:2 | Bought a +4 ring of protection for 540 gold pieces
 32499 | Vaults:2 | 32499 ||| SHOPLISTING ring "Ozeutoew" {Fire Dex+2} (543
                  | gold, have 200).
 32499 | Vaults:2 | 32499 ||| SHOPLISTING ring of protection from fire (375
                  | gold, have 200).
 32584 | Vaults:2 | 32584 ||| Stepping ~*~*~tactically~*~*~ (hiding).
 32628 | Vaults:2 | 32628 ||| Stepping ~*~*~tactically~*~*~ (stealth).
 32629 | Vaults:2 | 32629 ||| Stepping ~*~*~tactically~*~*~ (stealth).
 32631 | Vaults:2 | 32631 ||| Stepping ~*~*~tactically~*~*~ (stealth).
 32656 | Vaults:2 | Received a gift from Okawaru
 32705 | Vaults:2 | 32705 ||| FLEEEEING.
 32706 | Vaults:2 | 32706 ||| FLEEEEING.
 32707 | Vaults:2 | 32707 ||| FLEEEEING.
 32713 | Vaults:2 | 32713 ||| FLEEEEING.
 32770 | Vaults:2 | Identified the +3 scale mail "Wuufurog" {Str+7 Slay+3}
                  | (Okawaru gifted it to you on level 2 of the Vaults)
 32770 | Vaults:2 | Received a gift from Okawaru
 32772 | Vaults:2 | 32772 ||| Stepping ~*~*~tactically~*~*~ (hiding).
 32803 | Vaults:2 | 32803 ||| INVOKING Heroism.
 32804 | Vaults:2 | 32804 ||| INVOKING Finesse.
 32806 | Abyss:3  | Cast into level 3 of the Abyss (orc warlord)
 32851 | Abyss:3  | 32851 ||| Stepping ~*~*~tactically~*~*~ (stealth).
 32889 | Abyss:3  | Found a corrupted altar of Lugonu.
 32908 | Abyss:3  | 32908 ||| Stepping ~*~*~tactically~*~*~ (hiding).
 32957 | Abyss:3  | 32957 ||| Stepping ~*~*~tactically~*~*~ (stealth).
 33007 | Abyss:3  | 33007 ||| Stepping ~*~*~tactically~*~*~ (stealth).
 33080 | Abyss:3  | 33080 ||| Stepping ~*~*~tactically~*~*~ (stealth).
 33096 | Abyss:3  | 33096 ||| INVOKING Heroism.
 33186 | Vaults:2 | Escaped the Abyss
 33187 | Vaults:2 | 33187 ||| INVOKING Heroism.
 33188 | Vaults:2 | 33188 ||| INVOKING Finesse.
 33358 | Vaults:2 | 33358 ||| INVOKING Heroism.
 33364 | Vaults:2 | Paralysed by a great orb of eyes for 2 turns
 33387 | Vaults:2 | 33387 ||| INVOKING Finesse.
 33791 | Vaults:2 | 33791 ||| Stepping ~*~*~tactically~*~*~ (hiding).
 33804 | Vaults:2 | Identified the +2 robe "Cuuxajaf" {rF+} (Okawaru gifted it
                  | to you on level 2 of the Vaults)
 33804 | Vaults:2 | Received a gift from Okawaru
 33839 | Vaults:2 | 33839 ||| INVOKING Heroism.
 33850 | Vaults:2 | Reached skill level 18 in Fighting
 34181 | Vaults:2 | Found Hepy's Armour Emporium.
 34199 | Vaults:2 | 34199 ||| FLEEEEING.
 34200 | Vaults:2 | 34200 ||| FLEEEEING.
 34201 | Vaults:2 | 34201 ||| FLEEEEING.
 34205 | Vaults:2 | 34205 ||| FLEEEEING.
 34206 | Vaults:2 | 34206 ||| FLEEEEING.
 34207 | Vaults:2 | 34207 ||| FLEEEEING.
 34208 | Vaults:2 | 34208 ||| FLEEEEING.
 34209 | Vaults:2 | 34209 ||| FLEEEEING.
 34210 | Vaults:2 | 34210 ||| FLEEEEING.
 34211 | Vaults:2 | 34211 ||| FLEEEEING.
 34212 | Vaults:2 | 34212 ||| FLEEEEING.
 34216 | Vaults:2 | 34216 ||| FLEEEEING.
 34217 | Vaults:2 | 34217 ||| FLEEEEING.
 34218 | Vaults:2 | 34218 ||| FLEEEEING.
 34219 | Vaults:2 | 34219 ||| FLEEEEING.
 34224 | Vaults:2 | 34224 ||| STAIRDANCE
 34426 | Vaults:1 | 34426 ||| UPGRADING to +0 tower shield.
 34436 | Vaults:1 | 34436 ||| DROPPING +0 kite shield.
 34437 | Vaults:1 | 34437 ||| DROPPING ring of see invisible.
 34438 | Vaults:1 | 34438 ||| DROPPING +6 ring of dexterity.
 34442 | Vaults:2 | 34442 ||| STAIRDANCE
 34822 | Vaults:3 | Found Fobbok's Weapon Shoppe.
 34858 | Vaults:3 | Found a staircase to the Crypt.
 34861 | Vaults:3 | 34861 ||| Stepping ~*~*~tactically~*~*~ (stealth).
 34905 | Vaults:3 | 34905 ||| DRINKING 19 potions of curing.
 34905 | Vaults:3 | 34905 ||| (to cure confusion)
 34978 | Vaults:3 | 34978 ||| Stepping ~*~*~tactically~*~*~ (hiding).
 34985 | Vaults:3 | Identified the ring "Dirhoxac" {rF+ Str+6 Int+3}
 34990 | Vaults:3 | 34990 ||| FLEEEEING.
 34991 | Vaults:3 | 34991 ||| FLEEEEING.
 34992 | Vaults:3 | 34992 ||| FLEEEEING.
 34993 | Vaults:3 | 34993 ||| FLEEEEING.
 34994 | Vaults:3 | 34994 ||| FLEEEEING.
 34995 | Vaults:3 | 34995 ||| FLEEEEING.
 34996 | Vaults:3 | 34996 ||| FLEEEEING.
 34997 | Vaults:3 | 34997 ||| FLEEEEING.
 34998 | Vaults:3 | 34998 ||| FLEEEEING.
 34999 | Vaults:3 | 34999 ||| FLEEEEING.
 35000 | Vaults:3 | 35000 ||| FLEEEEING.
 35001 | Vaults:3 | 35001 ||| FLEEEEING.
 35002 | Vaults:3 | 35002 ||| FLEEEEING.
 35003 | Vaults:3 | 35003 ||| FLEEEEING.
 35004 | Vaults:3 | 35004 ||| FLEEEEING.
 35005 | Vaults:3 | 35005 ||| FLEEEEING.
 35006 | Vaults:3 | 35006 ||| FLEEEEING.
 35016 | Vaults:3 | Reached XP level 20. HP: 131/136 MP: 27/27
 35030 | Vaults:3 | 35030 ||| INVOKING Heroism.
 35116 | Vaults:3 | 35116 ||| Stepping ~*~*~tactically~*~*~ (hiding).
 35117 | Vaults:3 | 35117 ||| Stepping ~*~*~tactically~*~*~ (hiding).
 35148 | Vaults:3 | Found Qieschos's Magic Scroll Boutique.
 35156 | Vaults:3 | 35156 ||| SHOPLISTING scroll of acquirement (1040 gold,
                  | have 611).
 35156 | Vaults:3 | 35156 ||| BUYING scroll of enchant weapon (150 gold).
 35156 | Vaults:3 | Bought a scroll of enchant weapon for 150 gold pieces
 35156 | Vaults:3 | 35156 ||| BUYING scroll of teleportation (60 gold).
 35156 | Vaults:3 | Bought a scroll of teleportation for 60 gold pieces
 35186 | Vaults:3 | 35186 ||| Stepping ~*~*~tactically~*~*~ (hiding).
 35191 | Vaults:3 | Paralysed by an air elemental for 1 turns
 35194 | Vaults:3 | 35194 ||| Stepping ~*~*~tactically~*~*~ (hiding).
 35198 | Vaults:3 | 35198 ||| Stepping ~*~*~tactically~*~*~ (hiding).
 35402 | Vaults:3 | 35402 ||| INVOKING Heroism.
 35403 | Vaults:3 | 35403 ||| INVOKING Finesse.
 35479 | Vaults:3 | 35479 ||| FLEEEEING.
 35480 | Vaults:3 | 35480 ||| FLEEEEING.
 35483 | Vaults:3 | 35483 ||| FLEEEEING.
 35485 | Vaults:3 | 35485 ||| FLEEEEING.
 35486 | Vaults:3 | 35486 ||| FLEEEEING.
 35487 | Vaults:3 | 35487 ||| FLEEEEING.
 35488 | Vaults:3 | 35488 ||| FLEEEEING.
 35489 | Vaults:3 | 35489 ||| FLEEEEING.
 35490 | Vaults:3 | 35490 ||| FLEEEEING.
 35491 | Vaults:3 | 35491 ||| FLEEEEING.
 35492 | Vaults:3 | 35492 ||| FLEEEEING.
 35493 | Vaults:3 | 35493 ||| FLEEEEING.
 35494 | Vaults:3 | 35494 ||| FLEEEEING.
 35495 | Vaults:3 | 35495 ||| FLEEEEING.
 35496 | Vaults:3 | 35496 ||| FLEEEEING.
 35497 | Vaults:3 | 35497 ||| FLEEEEING.
 35498 | Vaults:3 | 35498 ||| FLEEEEING.
 35499 | Vaults:3 | 35499 ||| FLEEEEING.
 35500 | Vaults:3 | 35500 ||| FLEEEEING.
 35501 | Vaults:3 | 35501 ||| FLEEEEING.
 35502 | Vaults:3 | 35502 ||| FLEEEEING.
 35505 | Vaults:3 | 35505 ||| FLEEEEING.
 35506 | Vaults:3 | 35506 ||| FLEEEEING.
 35507 | Vaults:3 | 35507 ||| FLEEEEING.
 35510 | Vaults:3 | 35510 ||| STAIRDANCE
 35612 | Vaults:2 | 35612 ||| DROPPING +2 chain mail of fire resistance.
 35613 | Vaults:2 | 35613 ||| READING scroll labelled SAB QUTOIRYCW.
 35622 | Vaults:3 | 35622 ||| STAIRDANCE
 35726 | Vaults:3 | 35726 ||| STAIRDANCE
 35838 | Vaults:3 | 35838 ||| Stepping ~*~*~tactically~*~*~ (hiding).
 35845 | Vaults:3 | Received a gift from Okawaru
 36014 | Vaults:3 | 36014 ||| Stepping ~*~*~tactically~*~*~ (hiding).
 36015 | Vaults:3 | 36015 ||| Stepping ~*~*~tactically~*~*~ (hiding).
 36016 | Vaults:3 | 36016 ||| Stepping ~*~*~tactically~*~*~ (hiding).
 36075 | Vaults:3 | 36075 ||| INVOKING Heroism.
 36084 | Vaults:3 | Reached skill level 18 in Shields
 36427 | Vaults:3 | 36427 ||| Stepping ~*~*~tactically~*~*~ (hiding).
 36433 | Vaults:3 | 36433 ||| Stepping ~*~*~tactically~*~*~ (hiding).
 36693 | Vaults:3 | Identified the +7 hand crossbow of Loqih {freeze, Fly
                  | Int+3} (Okawaru gifted it to you on level 3 of the Vaults)
 36693 | Vaults:3 | Received a gift from Okawaru
 36831 | Vaults:3 | 36831 ||| INVOKING Heroism.
 36832 | Vaults:3 | 36832 ||| INVOKING Finesse.
 37071 | Vaults:3 | 37071 ||| Stepping ~*~*~tactically~*~*~ (stealth).
 37073 | Vaults:3 | 37073 ||| Stepping ~*~*~tactically~*~*~ (stealth).
 37141 | Vaults:3 | 37141 ||| Stepping ~*~*~tactically~*~*~ (hiding).
 37391 | Vaults:4 | Paralysed by a great orb of eyes for 2 turns
 37468 | Vaults:4 | Received a gift from Okawaru
 37526 | Vaults:4 | 37526 ||| Stepping ~*~*~tactically~*~*~ (hiding).
 37532 | Vaults:4 | 37532 ||| INVOKING Heroism.
 37537 | Vaults:4 | 37537 ||| INVOKING Finesse.
 37575 | Vaults:4 | 37575 ||| Stepping ~*~*~tactically~*~*~ (hiding).
 37581 | Vaults:4 | 37581 ||| Stepping ~*~*~tactically~*~*~ (hiding).
 37588 | Vaults:4 | Noticed Saint Roka
 37610 | Vaults:4 | Killed Saint Roka
 37677 | Vaults:4 | 37677 ||| Stepping ~*~*~tactically~*~*~ (hiding).
 37884 | Vaults:4 | 37884 ||| Stepping ~*~*~tactically~*~*~ (stealth).
 37890 | Vaults:4 | Received a gift from Okawaru
 38013 | Vaults:4 | 38013 ||| Stepping ~*~*~tactically~*~*~ (hiding).
 38052 | Vaults:4 | 38052 ||| Stepping ~*~*~tactically~*~*~ (hiding).
 38057 | Vaults:4 | 38057 ||| Stepping ~*~*~tactically~*~*~ (hiding).
 38173 | Vaults:4 | Paralysed by a great orb of eyes for 3 turns
 38179 | Vaults:4 | Reached XP level 21. HP: 139/141 MP: 23/28
 38207 | Vaults:4 | 38207 ||| FLEEEEING.
 38217 | Vaults:4 | Identified the +12 hand axe of Crafting Execution {drain,
                  | *Noise rPois Int+2 Dex+2} (Okawaru gifted it to you on
                  | level 4 of the Vaults)
 38217 | Vaults:4 | Received a gift from Okawaru
 38222 | Vaults:4 | Reached skill level 18 in Armour
 38392 | Vaults:4 | 38392 ||| Stepping ~*~*~tactically~*~*~ (stealth).
 38396 | Vaults:4 | 38396 ||| Stepping ~*~*~tactically~*~*~ (stealth).
 38539 | Vaults:4 | 38539 ||| INVOKING Finesse.
 38915 | Vaults:4 | 38915 ||| PLANNING SPIDER:4
 38915 | Vaults:4 | 38915 ||| DROPPING +6 ring of intelligence.
 39245 | Spider:4 | Entered Level 4 of the Spider Nest
 39515 | Spider:4 | 39515 ||| Stepping ~*~*~tactically~*~*~ (stealth).
 39516 | Spider:4 | 39516 ||| Stepping ~*~*~tactically~*~*~ (hiding).
 39560 | Spider:4 | 39560 ||| INVOKING Finesse.
 39605 | Spider:4 | 39605 ||| Stepping ~*~*~tactically~*~*~ (hiding).
 39635 | Spider:4 | Identified the +6 demon trident of Outrage {elec, Str+2
                  | Int+6} (Okawaru gifted it to you on level 4 of the Spider
                  | Nest)
 39635 | Spider:4 | Received a gift from Okawaru
 39743 | Spider:4 | Got a gossamer rune of Zot
 40128 | Spider:4 | 40128 ||| Stepping ~*~*~tactically~*~*~ (hiding).
 40225 | Spider:4 | 40225 ||| PLANNING DEPTHS
 40225 | Spider:4 | 40225 ||| DROPPING +0 pair of gloves of strength.
 40226 | Spider:4 | 40226 ||| DROPPING scarf of invisibility.
 40476 | Depths:1 | Entered Level 1 of the Depths
 40477 | Depths:1 | 40477 ||| INVOKING Finesse.
 40478 | Depths:1 | 40478 ||| INVOKING Heroism.
 40478 | Abyss:3  | Cast into level 3 of the Abyss (a wizard)
 40485 | Abyss:3  | 40485 ||| DRINKING 21 potions of curing.
 40485 | Abyss:3  | 40485 ||| (to cure confusion)
 40487 | Abyss:3  | 40487 ||| DRINKING 20 potions of curing.
 40487 | Abyss:3  | 40487 ||| (to cure confusion)
 40488 | Abyss:3  | 40488 ||| DRINKING 19 potions of curing.
 40488 | Abyss:3  | 40488 ||| (to cure confusion)
 40489 | Abyss:3  | 40489 ||| DRINKING 18 potions of curing.
 40489 | Abyss:3  | 40489 ||| (to cure confusion)
 40554 | Abyss:3  | 40554 ||| Stepping ~*~*~tactically~*~*~ (stealth).
 40600 | Abyss:3  | Identified the +6 hand axe of Xixud {freeze, Dex+3}
                  | (Okawaru gifted it to you on level 3 of the Abyss)
 40600 | Abyss:3  | Received a gift from Okawaru
 40612 | Abyss:3  | Lost dexterity.
 40616 | Abyss:3  | 40616 ||| SWAPPING to +4 broad axe "Raceqih" {spect, rC-
                  | Int+5 Dex+3}.
 40636 | Abyss:3  | 40636 ||| Stepping ~*~*~tactically~*~*~ (stealth).
 40637 | Abyss:3  | 40637 ||| Stepping ~*~*~tactically~*~*~ (stealth).
 40721 | Abyss:3  | 40721 ||| Stepping ~*~*~tactically~*~*~ (hiding).
 40769 | Abyss:3  | 40769 ||| Stepping ~*~*~tactically~*~*~ (stealth).
 40784 | Abyss:3  | 40784 ||| Stepping ~*~*~tactically~*~*~ (stealth).
 40802 | Abyss:3  | 40802 ||| Stepping ~*~*~tactically~*~*~ (stealth).
 40803 | Abyss:3  | 40803 ||| Stepping ~*~*~tactically~*~*~ (stealth).
 40814 | Abyss:3  | 40814 ||| Stepping ~*~*~tactically~*~*~ (stealth).
 40827 | Abyss:3  | 40827 ||| Stepping ~*~*~tactically~*~*~ (stealth).
 40828 | Abyss:3  | 40828 ||| Stepping ~*~*~tactically~*~*~ (stealth).
 40830 | Abyss:3  | 40830 ||| Stepping ~*~*~tactically~*~*~ (stealth).
 40837 | Abyss:3  | 40837 ||| SWAPPING to +9 vampiric broad axe.
 40852 | Depths:1 | Escaped the Abyss
 40853 | Depths:1 | 40853 ||| STAIRDANCE
 40855 | D:15     | 40855 ||| INVOKING Finesse.
 41007 | Depths:1 | 41007 ||| INVOKING Heroism.
 41046 | Depths:1 | 41046 ||| INVOKING Heroism.
 41047 | Depths:1 | 41047 ||| INVOKING Finesse.
 41090 | Depths:1 | Identified the +2 ring mail of Exclusion {rPois} (Okawaru
                  | gifted it to you on level 1 of the Depths)
 41090 | Depths:1 | Received a gift from Okawaru
 41249 | Depths:1 | 41249 ||| INVOKING Heroism.
 41266 | Depths:1 | Reached XP level 22. HP: 151/152 MP: 29/29
 41297 | Depths:1 | 41297 ||| Stepping ~*~*~tactically~*~*~ (hiding).
 41407 | Depths:1 | Found a gateway to Hell.
 41435 | Depths:1 | 41435 ||| Stepping ~*~*~tactically~*~*~ (hiding).
 41586 | Depths:1 | 41586 ||| FLEEEEING.
 41587 | Depths:1 | 41587 ||| FLEEEEING.
 41588 | Depths:1 | 41588 ||| FLEEEEING.
 41589 | Depths:1 | 41589 ||| FLEEEEING.
 41698 | Depths:1 | 41698 ||| Stepping ~*~*~tactically~*~*~ (stealth).
 41702 | Depths:1 | 41702 ||| Stepping ~*~*~tactically~*~*~ (stealth).
 41752 | Depths:1 | 41752 ||| INVOKING Heroism.
 41753 | Depths:1 | 41753 ||| INVOKING Finesse.
 41809 | Depths:1 | 41809 ||| Stepping ~*~*~tactically~*~*~ (hiding).
 41810 | Depths:1 | 41810 ||| Stepping ~*~*~tactically~*~*~ (hiding).
 41915 | Depths:1 | 41915 ||| READING scroll of enchant armour.
 41915 | Depths:1 | 41915 ||| ENCHANTING +1 helmet of see invisible.
 41941 | Depths:1 | 41941 ||| INVOKING Heroism.
 41942 | Depths:1 | 41942 ||| INVOKING Finesse.
 42095 | Depths:1 | Found a runed translucent door.
 42096 | Depths:1 | Noticed lmSkywalker's ghost (adept DrTm)
 42337 | Depths:1 | 42337 ||| DROPPING +2 helmet.
 42361 | Depths:2 | 42361 ||| INVOKING Heroism.
 42362 | Depths:2 | 42362 ||| INVOKING Finesse.
 42414 | Depths:2 | Found a one-way gate leading to the halls of Pandemonium.
 42418 | Depths:2 | 42418 ||| INVOKING Heroism.
 42589 | Depths:2 | 42589 ||| INVOKING Heroism.
 42597 | Depths:2 | 42597 ||| INVOKING Finesse.
 42618 | Depths:2 | Paralysed by a floating eye for 3 turns
 42634 | Depths:2 | Paralysed by a floating eye for 4 turns
 42647 | Depths:2 | 42647 ||| INVOKING Heroism.
 42651 | Depths:2 | Paralysed by a floating eye for 2 turns
 42656 | Depths:2 | Received a gift from Okawaru
 42660 | Depths:2 | Noticed Vv
 42661 | Depths:2 | 42661 ||| DRINKING 2 potions of resistance.
 42679 | Depths:2 | Reached skill level 21 in Shields
 42686 | Depths:2 | Paralysed by a floating eye for 3 turns
 42694 | Depths:2 | 42694 ||| INVOKING Heroism.
 42695 | Depths:2 | 42695 ||| INVOKING Finesse.
 42696 | Depths:2 | Received a gift from Okawaru
 42730 | Depths:2 | Killed Vv
 43052 | Depths:2 | Identified the +0 cloak of the Kraken {Str+3}
 43106 | Depths:2 | 43106 ||| Stepping ~*~*~tactically~*~*~ (hiding).
 43116 | Depths:2 | Received a gift from Okawaru
 43169 | Depths:2 | 43169 ||| Stepping ~*~*~tactically~*~*~ (stealth).
 43185 | Depths:2 | 43185 ||| Stepping ~*~*~tactically~*~*~ (stealth).
 43243 | Depths:2 | 43243 ||| UPGRADING to +0 cloak of the Kraken {Str+3}.
 43253 | Depths:2 | 43253 ||| DROPPING +0 cloak.
 43408 | Depths:2 | Received a gift from Okawaru
 43640 | Depths:2 | 43640 ||| INVOKING Heroism.
 43674 | Depths:2 | Identified the +3 leather armour of Compassion {rF- rC++
                  | Int+3 Dex+2}
 43731 | Depths:3 | 43731 ||| INVOKING Heroism.
 43849 | Depths:3 | 43849 ||| INVOKING Heroism.
 43860 | Depths:3 | Reached skill level 21 in Fighting
 43956 | Depths:3 | Found a one-way gate to the infinite horrors of the Abyss.
 44131 | Depths:3 | 44131 ||| Stepping ~*~*~tactically~*~*~ (stealth).
 44133 | Depths:3 | 44133 ||| Stepping ~*~*~tactically~*~*~ (hiding).
 44192 | Depths:3 | 44192 ||| INVOKING Finesse.
 44237 | Depths:3 | 44237 ||| Stepping ~*~*~tactically~*~*~ (hiding).
 44238 | Depths:3 | 44238 ||| INVOKING Heroism.
 44241 | Depths:3 | 44241 ||| Stepping ~*~*~tactically~*~*~ (hiding).
 44242 | Depths:3 | 44242 ||| Stepping ~*~*~tactically~*~*~ (hiding).
 44244 | Depths:3 | 44244 ||| Stepping ~*~*~tactically~*~*~ (hiding).
 44245 | Depths:3 | 44245 ||| Stepping ~*~*~tactically~*~*~ (hiding).
 44246 | Depths:3 | 44246 ||| Stepping ~*~*~tactically~*~*~ (hiding).
 44269 | Depths:3 | 44269 ||| Stepping ~*~*~tactically~*~*~ (hiding).
 44287 | Depths:3 | Received a gift from Okawaru
 44317 | Depths:3 | 44317 ||| Stepping ~*~*~tactically~*~*~ (stealth).
 44318 | Depths:3 | 44318 ||| Stepping ~*~*~tactically~*~*~ (stealth).
 44319 | Depths:3 | 44319 ||| Stepping ~*~*~tactically~*~*~ (stealth).
 44320 | Depths:3 | 44320 ||| Stepping ~*~*~tactically~*~*~ (stealth).
 44322 | Depths:3 | 44322 ||| Stepping ~*~*~tactically~*~*~ (stealth).
 44324 | Depths:3 | 44324 ||| Stepping ~*~*~tactically~*~*~ (hiding).
 44325 | Depths:3 | 44325 ||| Stepping ~*~*~tactically~*~*~ (hiding).
 44326 | Depths:3 | 44326 ||| Stepping ~*~*~tactically~*~*~ (hiding).
 44327 | Depths:3 | 44327 ||| Stepping ~*~*~tactically~*~*~ (hiding).
 44328 | Depths:3 | 44328 ||| Stepping ~*~*~tactically~*~*~ (hiding).
 44329 | Depths:3 | 44329 ||| INVOKING Heroism.
 44384 | Depths:3 | 44384 ||| Stepping ~*~*~tactically~*~*~ (hiding).
 44463 | Depths:3 | Found a one-way gateway to a ziggurat.
 44480 | Depths:3 | Found a hide-covered altar of Uskayaw.
 44485 | Depths:3 | Found a blossoming altar of Fedhas.
 44485 | Depths:3 | Found a hazy altar of Hepliaklqana.
 44487 | Depths:3 | Found a shimmering altar of Xom.
 44487 | Depths:3 | Found a blossoming altar of Fedhas.
 44487 | Depths:3 | Found a broken altar of Ashenzari.
 44684 | Depths:3 | 44684 ||| DROPPING +0 pair of boots of rampaging.
 44730 | Depths:4 | Entered Level 4 of the Depths
 44734 | Depths:4 | 44734 ||| Stepping ~*~*~tactically~*~*~ (hiding).
 44738 | Depths:4 | 44738 ||| Stepping ~*~*~tactically~*~*~ (stealth).
 44793 | Depths:4 | 44793 ||| Stepping ~*~*~tactically~*~*~ (hiding).
 44964 | Depths:4 | 44964 ||| INVOKING Heroism.
 44974 | Depths:4 | Reached XP level 23. HP: 160/160 MP: 28/30
 44978 | Depths:4 | Noticed a golden dragon
 44979 | Depths:4 | 44979 ||| INVOKING Finesse.
 44987 | Depths:4 | Reached skill level 12 in Throwing
 45014 | Depths:4 | Killed a golden dragon
 45042 | Depths:4 | Noticed a golden dragon
 45057 | Depths:4 | Reached skill level 21 in Armour
 45057 | Depths:4 | 45057 ||| INVOKING Finesse.
 45058 | Depths:4 | Found a gate to the Realm of Zot.
 45059 | Depths:4 | 45059 ||| INVOKING Heroism.
 45066 | Depths:4 | Killed a golden dragon
 45110 | Depths:4 | 45110 ||| Stepping ~*~*~tactically~*~*~ (stealth).
 45112 | Depths:4 | 45112 ||| Stepping ~*~*~tactically~*~*~ (hiding).
 45140 | Depths:4 | 45140 ||| Stepping ~*~*~tactically~*~*~ (hiding).
 45400 | Depths:4 | 45400 ||| Stepping ~*~*~tactically~*~*~ (stealth).
 45402 | Depths:4 | 45402 ||| Stepping ~*~*~tactically~*~*~ (hiding).
 45403 | Depths:4 | 45403 ||| Stepping ~*~*~tactically~*~*~ (hiding).
 45515 | Depths:4 | 45515 ||| Stepping ~*~*~tactically~*~*~ (stealth).
 45516 | Depths:4 | 45516 ||| Stepping ~*~*~tactically~*~*~ (stealth).
 45519 | Depths:4 | 45519 ||| INVOKING Heroism.
 45520 | Depths:4 | 45520 ||| INVOKING Finesse.
 45663 | Depths:3 | Identified the +5 glaive of Cobwebs {pain, Int+3}
 45669 | Depths:3 | 45669 ||| INVOKING Heroism.
 45947 | Depths:3 | 45947 ||| DROPPING ring of ice.
 46099 | Depths:4 | 46099 ||| Stepping ~*~*~tactically~*~*~ (stealth).
 46102 | Depths:4 | 46102 ||| INVOKING Finesse.
 46154 | Depths:4 | Found Qur Wiuw's Jewellery Boutique.
 46154 | Depths:4 | Found Ycsor's Book Shoppe.
 46155 | Depths:4 | Found Yshiory's Book Shoppe.
 46169 | Depths:4 | 46169 ||| BUYING amulet "Xaunot" {RegenMP +Blink rC+++
                  | Will+ Str-3} (1252 gold).
 46169 | Depths:4 | Bought the amulet "Xaunot" {RegenMP +Blink rC+++ Will+
                  | Str-3} for 1252 gold pieces
 46169 | Depths:4 | 46169 ||| SHOPLISTING ring of Hixas Qos {+Blink rC+ Str+3
                  | Dex+7 Slay-4} (691 gold, have 159).
 46169 | Depths:4 | 46169 ||| SHOPLISTING ring of Taumoth {Fire Slay+5} (848
                  | gold, have 159).
 46197 | Depths:4 | Noticed a golden dragon
 46198 | Depths:4 | 46198 ||| Stepping ~*~*~tactically~*~*~ (hiding).
 46201 | Depths:4 | 46201 ||| INVOKING Heroism.
 46202 | Depths:4 | 46202 ||| INVOKING Finesse.
 46212 | Depths:4 | Killed a golden dragon
 46295 | Depths:4 | 46295 ||| PLANNING VAULTS:5
 46602 | Vaults:5 | Entered Level 5 of the Vaults
 46606 | Vaults:5 | 46606 ||| INVOKING Heroism.
 46612 | Vaults:5 | Noticed an ancient lich
 46621 | Vaults:5 | Received a gift from Okawaru
 46627 | Vaults:5 | 46627 ||| INVOKING Finesse.
 46635 | Vaults:5 | Killed an ancient lich
 46635 | Vaults:5 | Received a gift from Okawaru
 46690 | Vaults:5 | 46690 ||| FLEEEEING.
 46691 | Vaults:5 | 46691 ||| STAIRDANCE
 46759 | Vaults:5 | 46759 ||| Stepping ~*~*~tactically~*~*~ (hiding).
 46765 | Vaults:5 | 46765 ||| INVOKING Heroism.
 46766 | Vaults:5 | 46766 ||| INVOKING Finesse.
 46771 | Vaults:5 | 46771 ||| Stepping ~*~*~tactically~*~*~ (hiding).
 46772 | Vaults:5 | 46772 ||| Stepping ~*~*~tactically~*~*~ (hiding).
 46785 | Vaults:5 | Noticed a golden dragon
 46803 | Vaults:5 | Identified the amulet "Ywutran" {Spirit Str+5}
 46819 | Vaults:5 | Killed a golden dragon
 46824 | Vaults:5 | Identified the +2 pair of gloves of Bitterness {+Inv rC-
                  | Dex+5} (Okawaru gifted it to you on level 5 of the Vaults)
 46824 | Vaults:5 | Received a gift from Okawaru
 46891 | Vaults:5 | 46891 ||| INVOKING Heroism.
 46978 | Vaults:5 | 46978 ||| Stepping ~*~*~tactically~*~*~ (hiding).
 46983 | Vaults:5 | 46983 ||| INVOKING Heroism.
 47071 | Vaults:5 | Reached XP level 24. HP: 168/168 MP: 30/30
 47107 | Vaults:5 | Identified the ring of Joepref {MP+9 SInv}
 47113 | Vaults:5 | 47113 ||| INVOKING Heroism.
 47141 | Vaults:5 | 47141 ||| Stepping ~*~*~tactically~*~*~ (hiding).
 47142 | Vaults:5 | 47142 ||| INVOKING Heroism.
 47182 | Vaults:5 | 47182 ||| READING scroll of acquirement.
 47182 | Vaults:5 | 47182 ||| ACQUIRING ring of Nod Ivitu {rPois rC+ rN++ Str+6
                  | Dex-2}
 47182 | Vaults:5 | Acquired the ring of Nod Ivitu {rPois rC+ rN++ Str+6 Dex-2}
 47184 | Vaults:5 | 47184 ||| DROPPING ring of Joepref {MP+9 SInv}.
 47201 | Vaults:5 | Got a silver rune of Zot
 47211 | Vaults:5 | 47211 ||| Stepping ~*~*~tactically~*~*~ (hiding).
 47262 | Vaults:5 | 47262 ||| INVOKING Heroism.
 47407 | Vaults:5 | Identified the +8 glaive "Ewuteghu" {heavy, Str+2 SInv}
 47425 | Vaults:5 | 47425 ||| Stepping ~*~*~tactically~*~*~ (hiding).
 47426 | Vaults:5 | 47426 ||| Stepping ~*~*~tactically~*~*~ (stealth).
 47428 | Vaults:5 | 47428 ||| INVOKING Heroism.
 47434 | Vaults:5 | 47434 ||| Stepping ~*~*~tactically~*~*~ (hiding).
 47631 | Vaults:5 | 47631 ||| Stepping ~*~*~tactically~*~*~ (stealth).
 47698 | Vaults:5 | 47698 ||| Stepping ~*~*~tactically~*~*~ (stealth).
 47701 | Vaults:5 | 47701 ||| Stepping ~*~*~tactically~*~*~ (hiding).
 47712 | Vaults:5 | 47712 ||| INVOKING Heroism.
 47752 | Vaults:5 | Identified the ring "Nuoriwn" {rElec rF+ MP+9}
 47868 | Vaults:5 | 47868 ||| INVOKING Heroism.
 47935 | Vaults:5 | Identified the +5 short sword of Jucettuh {spect, rElec rN+
                  | Dex-3 Stlth+}
 47940 | Vaults:5 | 47940 ||| FLEEEEING.
 47941 | Vaults:5 | 47941 ||| FLEEEEING.
 47942 | Vaults:5 | 47942 ||| FLEEEEING.
 47943 | Vaults:5 | 47943 ||| FLEEEEING.
 47944 | Vaults:5 | 47944 ||| FLEEEEING.
 48102 | Vaults:5 | Identified the -1 hat of Daffodils {MP+9 Str+3 Slay-3}
 48146 | Vaults:5 | 48146 ||| READING scroll of acquirement.
 48146 | Vaults:5 | 48146 ||| ACQUIRING +1 plate armour of Darkness {rF- Regen+
                  | Int+3}
 48146 | Vaults:5 | Acquired the +1 plate armour of Darkness {rF- Regen+ Int+3}
 48148 | Vaults:5 | 48148 ||| DROPPING +0 ice dragon scales.
 48157 | Vaults:5 | Identified the +1 falchion "Jelaguah" {freeze, Fly}
 48199 | Vaults:5 | 48199 ||| INVOKING Heroism.
 48253 | Vaults:5 | 48253 ||| Stepping ~*~*~tactically~*~*~ (hiding).
 48326 | Vaults:5 | Identified the staff of poison "Netepacs" {rPois rCorr
                  | Str+3}
 48441 | Vaults:5 | 48441 ||| PLANNING SHOPPING SPREE
 48441 | Vaults:5 | 48441 ||| DROPPING +1 cloak of poison resistance.
 48442 | Vaults:5 | 48442 ||| DROPPING +2 plate armour of fire resistance.
 48443 | Vaults:5 | 48443 ||| UPGRADING to +2 pair of gloves of Bitterness
                  | {+Inv rC- Dex+5}.
 48453 | Vaults:5 | 48453 ||| UPGRADING to +0 gold dragon scales.
 48463 | Vaults:5 | 48463 ||| DROPPING -1 hat of Daffodils {MP+9 Str+3 Slay-3}.
 48464 | Vaults:5 | 48464 ||| READING 2 scrolls of enchant armour.
 48464 | Vaults:5 | 48464 ||| ENCHANTING +0 gold dragon scales.
 48465 | Vaults:5 | 48465 ||| READING scroll of enchant armour.
 48465 | Vaults:5 | 48465 ||| ENCHANTING +1 gold dragon scales.
 48466 | Vaults:5 | 48466 ||| DROPPING ring of protection from fire.
 48788 | Orc:1    | 48788 ||| BUYING scroll of enchant weapon (97 gold).
 48788 | Orc:1    | Bought a scroll of enchant weapon for 97 gold pieces
 48788 | Orc:1    | 48788 ||| BUYING scroll of teleportation (39 gold).
 48788 | Orc:1    | Bought a scroll of teleportation for 39 gold pieces
 48788 | Orc:1    | 48788 ||| BUYING scroll of teleportation (39 gold).
 48788 | Orc:1    | Bought a scroll of teleportation for 39 gold pieces
 49077 | Shoals:3 | 49077 ||| BUYING potion of haste (180 gold).
 49077 | Shoals:3 | Bought a potion of haste for 180 gold pieces
 49077 | Shoals:3 | 49077 ||| CLEARING SHOPPING LIST
 49077 | Shoals:3 | 49077 ||| PLANNING ZOT:1-4
 49414 | Zot:1    | Entered Level 1 of the Realm of Zot
 49419 | Zot:1    | 49419 ||| STAIRDANCE
 49497 | Zot:1    | 49497 ||| Stepping ~*~*~tactically~*~*~ (stealth).
 49498 | Zot:1    | 49498 ||| Stepping ~*~*~tactically~*~*~ (stealth).
 49505 | Zot:1    | Received a gift from Okawaru
 49515 | Zot:1    | 49515 ||| INVOKING Heroism.
 49515 | Zot:1    | Noticed Grunn
 49516 | Zot:1    | 49516 ||| Stepping ~*~*~tactically~*~*~ (hiding).
 49533 | Zot:1    | HP: 40/171 [Tzitzimitl[a doom hound] (6)]
 49534 | Zot:1    | 49534 ||| READING 16 scrolls of teleportation.
 49535 | Zot:1    | 49535 ||| DRINKING 8 potions of heal wounds.
 49540 | Zot:1    | Received a gift from Okawaru
 49540 | Zot:1    | HP: 39/171 [???[a doom hound] (7)]
 49541 | Zot:1    | 49541 ||| DRINKING 7 potions of heal wounds.
 49563 | Zot:1    | 49563 ||| INVOKING Heroism.
 49564 | Zot:1    | 49564 ||| INVOKING Finesse.
 49573 | Zot:1    | Reached skill level 6 in Dodging
 49574 | Zot:1    | HP: 42/171 [reaper/+3 scythe of protection[a doom hound]
                  | (15)]
 49575 | Zot:1    | 49575 ||| READING 15 scrolls of teleportation.
 49576 | Zot:1    | 49576 ||| DRINKING 6 potions of heal wounds.
 49616 | Zot:1    | 49616 ||| FLEEEEING.
 49619 | Zot:1    | 49619 ||| INVOKING Heroism.
 49619 | Zot:1    | HP: 31/171 [red draconian scorcher/damnation (33)]
 49620 | Zot:1    | 49620 ||| READING 14 scrolls of teleportation.
 49621 | Zot:1    | 49621 ||| DRINKING 5 potions of heal wounds.
 49657 | Zot:1    | Killed Grunn
 49674 | Zot:1    | HP: 37/171 [yellow draconian annihilator/crystal spear[a
                  | red draconian scorcher] (65)]
 49675 | Zot:1    | 49675 ||| READING 13 scrolls of teleportation.
 49676 | Zot:1    | 49676 ||| DRINKING 4 potions of heal wounds.
 49677 | Zot:1    | 49677 ||| INVOKING Heroism.
 49683 | Zot:1    | 49683 ||| FLEEEEING.
 49684 | Zot:1    | 49684 ||| FLEEEEING.
 49685 | Zot:1    | 49685 ||| FLEEEEING.
 49686 | Zot:1    | 49686 ||| STAIRDANCE
 49990 | Zot:1    | 49990 ||| INVOKING Heroism.
 50054 | Zot:1    | 50054 ||| Stepping ~*~*~tactically~*~*~ (stealth).
 50243 | Zot:1    | Noticed a curse toe
 50244 | Zot:1    | 50244 ||| INVOKING Heroism.
 50262 | Zot:1    | Killed a curse toe
 50343 | Zot:1    | 50343 ||| INVOKING Heroism.
 50352 | Zot:1    | Noticed an orb of fire
 50357 | Zot:1    | Gained mutation: You have sharp fingernails. [an orb of
                  | fire]
 50361 | Zot:1    | Gained mutation: Your spells are easier to cast, but less
                  | powerful. [an orb of fire]
 50364 | Zot:1    | Gained mutation: Potions are less effective at restoring
                  | your health. [an orb of fire]
 50370 | Zot:1    | Gained mutation: You are weak. (Str -2) [an orb of fire]
 50382 | Zot:1    | 50382 ||| INVOKING Heroism.
 50386 | Zot:1    | Killed an orb of fire
 50453 | Zot:1    | 50453 ||| DRINKING 7 potions of mutation.
 50453 | Zot:1    | Lost mutation: You are weak. (Str -2) [potion of mutation]
 50453 | Zot:1    | Lost mutation: Your spells are easier to cast, but less
                  | powerful. [potion of mutation]
 50453 | Zot:1    | Lost mutation: Your spells are a little easier to cast, but
                  | a little less powerful. [potion of mutation]
 50453 | Zot:1    | Gained mutation: You occasionally lose the ability to drink
                  | potions when taking damage. [potion of mutation]
 50453 | Zot:1    | Gained mutation: You have a pair of small horns on your
                  | head. [potion of mutation]
 50454 | Zot:1    | 50454 ||| DRINKING 6 potions of mutation.
 50454 | Zot:1    | Lost mutation: You have sharp fingernails. [potion of
                  | mutation]
 50454 | Zot:1    | Lost mutation: Potions are less effective at restoring your
                  | health. [potion of mutation]
 50454 | Zot:1    | Lost mutation: You have a pair of small horns on your head.
                  | [potion of mutation]
 50454 | Zot:1    | Gained mutation: You sometimes lose the ability to drink
                  | potions when taking damage. [potion of mutation]
 50454 | Zot:1    | Gained mutation: You are agile. (Dex +4, Str/Int -1)
                  | [potion of mutation]
 50455 | Zot:1    | 50455 ||| DRINKING 5 potions of mutation.
 50455 | Zot:1    | Lost mutation: You are agile. (Dex +4, Str/Int -1) [potion
                  | of mutation]
 50455 | Zot:1    | Lost mutation: You sometimes lose the ability to drink
                  | potions when taking damage. [potion of mutation]
 50455 | Zot:1    | Lost mutation: You occasionally lose the ability to drink
                  | potions when taking damage. [potion of mutation]
 50455 | Zot:1    | Gained mutation: You possess an exceptional clarity of
                  | mind. [potion of mutation]
 50477 | Zot:1    | Noticed a Killer Klown
 50478 | Zot:1    | 50478 ||| INVOKING Heroism.
 50481 | Zot:1    | 50481 ||| Stepping ~*~*~tactically~*~*~ (hiding).
 50482 | Zot:1    | 50482 ||| Stepping ~*~*~tactically~*~*~ (hiding).
 50499 | Zot:1    | 50499 ||| INVOKING Heroism.
 50512 | Zot:1    | Noticed a Killer Klown
 50516 | Zot:1    | 50516 ||| Stepping ~*~*~tactically~*~*~ (hiding).
 50521 | Zot:1    | Killed a Killer Klown
 50529 | Zot:1    | 50529 ||| Stepping ~*~*~tactically~*~*~ (hiding).
 50529 | Zot:1    | Noticed a Killer Klown
 50547 | Zot:1    | Killed a Killer Klown
 50548 | Zot:1    | Killed a Killer Klown
 50608 | Zot:1    | Found a glowing silver altar of Zin.
 50664 | Zot:1    | Found a shimmering altar of Xom.
 50664 | Zot:1    | Found a shimmering altar of Xom.
 50750 | Zot:1    | 50750 ||| UPGRADING to +2 cloak.
 50760 | Zot:1    | 50760 ||| DROPPING +0 cloak of the Kraken {Str+3}.
 50761 | Zot:1    | 50761 ||| UPGRADING to +2 helmet of see invisible.
 50783 | Zot:2    | 50783 ||| INVOKING Heroism.
 50805 | Zot:2    | Reached skill level 24 in Fighting
 50809 | Zot:2    | Received a gift from Okawaru
 50823 | Zot:2    | Reached XP level 25. HP: 179/179 MP: 30/30
 50851 | Zot:2    | 50851 ||| Stepping ~*~*~tactically~*~*~ (stealth).
 51052 | Zot:2    | 51052 ||| INVOKING Heroism.
 51078 | Zot:2    | Received a gift from Okawaru
 51085 | Zot:2    | 51085 ||| Stepping ~*~*~tactically~*~*~ (stealth).
 51087 | Zot:2    | 51087 ||| Stepping ~*~*~tactically~*~*~ (hiding).
 51148 | Zot:2    | Received a gift from Okawaru
 51155 | Zot:2    | 51155 ||| FLEEEEING.
 51156 | Zot:2    | 51156 ||| FLEEEEING.
 51157 | Zot:2    | 51157 ||| FLEEEEING.
 51158 | Zot:2    | 51158 ||| FLEEEEING.
 51159 | Zot:2    | 51159 ||| FLEEEEING.
 51160 | Zot:2    | 51160 ||| FLEEEEING.
 51161 | Zot:2    | 51161 ||| FLEEEEING.
 51162 | Zot:2    | 51162 ||| FLEEEEING.
 51168 | Zot:2    | 51168 ||| FLEEEEING.
 51169 | Zot:2    | 51169 ||| FLEEEEING.
 51170 | Zot:2    | 51170 ||| FLEEEEING.
 51182 | Zot:2    | 51182 ||| Stepping ~*~*~tactically~*~*~ (hiding).
 51183 | Zot:2    | 51183 ||| Stepping ~*~*~tactically~*~*~ (hiding).
 51195 | Zot:2    | 51195 ||| Stepping ~*~*~tactically~*~*~ (hiding).
 51196 | Zot:2    | 51196 ||| Stepping ~*~*~tactically~*~*~ (hiding).
 51489 | Zot:2    | 51489 ||| Stepping ~*~*~tactically~*~*~ (hiding).
 51490 | Zot:2    | 51490 ||| Stepping ~*~*~tactically~*~*~ (hiding).
 51503 | Zot:2    | 51503 ||| INVOKING Heroism.
 51518 | Zot:2    | Received a gift from Okawaru
 51537 | Zot:2    | 51537 ||| Stepping ~*~*~tactically~*~*~ (hiding).
 51540 | Zot:2    | 51540 ||| Stepping ~*~*~tactically~*~*~ (hiding).
 51542 | Zot:2    | 51542 ||| Stepping ~*~*~tactically~*~*~ (hiding).
 51543 | Zot:2    | 51543 ||| Stepping ~*~*~tactically~*~*~ (hiding).
 51544 | Zot:2    | 51544 ||| Stepping ~*~*~tactically~*~*~ (hiding).
 51779 | Zot:2    | 51779 ||| Stepping ~*~*~tactically~*~*~ (stealth).
 51847 | Zot:2    | 51847 ||| Stepping ~*~*~tactically~*~*~ (hiding).
 51849 | Zot:2    | 51849 ||| Stepping ~*~*~tactically~*~*~ (hiding).
 51851 | Zot:2    | 51851 ||| INVOKING Heroism.
 52116 | Zot:3    | 52116 ||| INVOKING Heroism.
 52163 | Zot:3    | Received a gift from Okawaru
 52170 | Zot:3    | 52170 ||| Stepping ~*~*~tactically~*~*~ (stealth).
 52259 | Zot:3    | 52259 ||| Stepping ~*~*~tactically~*~*~ (stealth).
 53036 | Zot:4    | 53036 ||| INVOKING Heroism.
 53081 | Zot:4    | 53081 ||| Stepping ~*~*~tactically~*~*~ (stealth).
 53083 | Zot:4    | 53083 ||| Stepping ~*~*~tactically~*~*~ (hiding).
 53085 | Zot:4    | 53085 ||| INVOKING Heroism.
 53159 | Zot:4    | 53159 ||| INVOKING Heroism.
 53217 | Zot:4    | Received a gift from Okawaru
 53240 | Zot:4    | 53240 ||| FLEEEEING.
 53241 | Zot:4    | 53241 ||| FLEEEEING.
 53242 | Zot:4    | 53242 ||| FLEEEEING.
 53243 | Zot:4    | 53243 ||| FLEEEEING.
 53244 | Zot:4    | 53244 ||| FLEEEEING.
 53249 | Zot:4    | 53249 ||| FLEEEEING.
 53250 | Zot:4    | 53250 ||| FLEEEEING.
 53251 | Zot:4    | 53251 ||| FLEEEEING.
 53306 | Zot:4    | 53306 ||| Stepping ~*~*~tactically~*~*~ (stealth).
 53310 | Zot:4    | 53310 ||| Stepping ~*~*~tactically~*~*~ (stealth).
 53312 | Zot:4    | 53312 ||| Stepping ~*~*~tactically~*~*~ (stealth).
 53488 | Zot:4    | Received a gift from Okawaru
 53494 | Zot:4    | 53494 ||| INVOKING Heroism.
 53495 | Zot:4    | 53495 ||| INVOKING Finesse.
 53530 | Zot:4    | 53530 ||| Stepping ~*~*~tactically~*~*~ (stealth).
 53546 | Zot:4    | Noticed an ancient lich
 53560 | Zot:4    | Killed an ancient lich
 53570 | Zot:4    | 53570 ||| INVOKING Heroism.
 53575 | Zot:4    | 53575 ||| Stepping ~*~*~tactically~*~*~ (hiding).
 53577 | Zot:4    | 53577 ||| Stepping ~*~*~tactically~*~*~ (hiding).
 53940 | Zot:4    | 53940 ||| INVOKING Heroism.
 53994 | Zot:4    | 53994 ||| PLANNING SLIME:5
 53994 | Zot:4    | 53994 ||| DROPPING +2 helmet.
 53995 | Zot:4    | 53995 ||| UPGRADING to ring of Nod Ivitu {rPois rC+ rN++
                  | Str+6 Dex-2}.
 54527 | Slime:1  | Entered Level 1 of the Pits of Slime
 54530 | Slime:1  | 54530 ||| STAIRDANCE
 54543 | Slime:1  | 54543 ||| STAIRDANCE
 54649 | Slime:1  | 54649 ||| STAIRDANCE
 54728 | Slime:2  | 54728 ||| STAIRDANCE
 54734 | Slime:2  | 54734 ||| STAIRDANCE
 54747 | Slime:2  | 54747 ||| STAIRDANCE
 54772 | Slime:3  | 54772 ||| STAIRDANCE
 54783 | Slime:3  | 54783 ||| STAIRDANCE
 54832 | Slime:5  | Entered Level 5 of the Pits of Slime
 54981 | Slime:5  | Found a viscous altar of Jiyva.
 54984 | Slime:5  | Noticed the Royal Jelly
 54988 | Slime:5  | 54988 ||| INVOKING Heroism.
 54989 | Slime:5  | 54989 ||| INVOKING Finesse.
 55006 | Slime:5  | 55006 ||| DRINKING 5 potions of cancellation.
 55017 | Slime:5  | Killed the Royal Jelly
 55038 | Slime:5  | 55038 ||| DRINKING 4 potions of cancellation.
 55048 | Slime:5  | 55048 ||| INVOKING Heroism.
 55050 | Slime:5  | Reached XP level 26. HP: 124/192 MP: 27/30
 55054 | Slime:5  | 55054 ||| DRINKING 3 potions of cancellation.
 55057 | Slime:5  | Gained mutation: You are weak. (Str -2) [a shining eye]
 55177 | Slime:5  | Identified the +7 demon trident "Impom" {freeze, rElec
                  | rPois}
 55187 | Slime:5  | Identified the +2 short sword of Heseym {freeze, +Blink
                  | rC+++ rN+++ Will-}
 55204 | Slime:5  | Identified the +1 robe "Ruamucvo" {rElec rF- rCorr}
 55231 | Slime:5  | Got a slimy rune of Zot
 55255 | Slime:5  | Identified the +2 ring mail of Gravity {Will+}
 55263 | Slime:5  | 55263 ||| READING scroll of acquirement.
 55263 | Slime:5  | 55263 ||| ACQUIRING 518 gold pieces
 55263 | Slime:5  | Acquired 518 gold pieces
 55268 | Slime:5  | Identified the +1 pair of gloves "Zinipsat" {*Slow rPois
                  | Int+3 Dex+4}
 55271 | Slime:5  | Identified the +1 chain mail of Supple Strength {Rampage
                  | rC+ rN+ Str+3}
 55636 | Slime:5  | 55636 ||| PLANNING THE SHINING ONE WORSHIP
 55636 | Slime:5  | 55636 ||| DROPPING +0 plate armour of poison resistance.
 55637 | Slime:5  | 55637 ||| DROPPING +1 robe "Ruamucvo" {rElec rF- rCorr}.
 55638 | Slime:5  | 55638 ||| DROPPING +1 pair of gloves "Zinipsat" {*Slow
                  | rPois Int+3 Dex+4}.
 55639 | Slime:5  | 55639 ||| UPGRADING to +5 ring of evasion.
 55961 | Temple   | 55961 ||| SWAPPING to +4 broad axe "Raceqih" {spect, rC-
                  | Int+5 Dex+3}.
 55962 | Temple   | 55962 ||| UPGRADING to +2 pair of gloves.
 55972 | Temple   | Fell from the grace of Okawaru
 55972 | Temple   | Became a worshipper of the Shining One
 55972 | Temple   | 55972 ||| PLANNING CRYPT
 55973 | Temple   | 55973 ||| DROPPING amulet "Ywutran" {Spirit Str+5}.
 56240 | Crypt:1  | Entered Level 1 of the Crypt
 56263 | Crypt:1  | Reached * piety under the Shining One
 56275 | Crypt:1  | 56275 ||| FLEEEEING.
 56279 | Crypt:1  | 56279 ||| FLEEEEING.
 56280 | Crypt:1  | 56280 ||| FLEEEEING.
 56281 | Crypt:1  | 56281 ||| FLEEEEING.
 56282 | Crypt:1  | 56282 ||| FLEEEEING.
 56283 | Crypt:1  | 56283 ||| FLEEEEING.
 56284 | Crypt:1  | 56284 ||| FLEEEEING.
 56285 | Crypt:1  | 56285 ||| FLEEEEING.
 56286 | Crypt:1  | 56286 ||| FLEEEEING.
 56287 | Crypt:1  | 56287 ||| FLEEEEING.
 56288 | Crypt:1  | 56288 ||| FLEEEEING.
 56289 | Crypt:1  | 56289 ||| FLEEEEING.
 56290 | Crypt:1  | 56290 ||| FLEEEEING.
 56291 | Crypt:1  | 56291 ||| STAIRDANCE
 56410 | Crypt:1  | 56410 ||| FLEEEEING.
 56411 | Crypt:1  | 56411 ||| FLEEEEING.
 56412 | Crypt:1  | 56412 ||| FLEEEEING.
 56414 | Crypt:1  | 56414 ||| FLEEEEING.
 56415 | Crypt:1  | 56415 ||| FLEEEEING.
 56416 | Crypt:1  | 56416 ||| FLEEEEING.
 56417 | Crypt:1  | 56417 ||| FLEEEEING.
 56418 | Crypt:1  | 56418 ||| FLEEEEING.
 56419 | Crypt:1  | 56419 ||| FLEEEEING.
 56420 | Crypt:1  | 56420 ||| FLEEEEING.
 56421 | Crypt:1  | 56421 ||| FLEEEEING.
 56422 | Crypt:1  | 56422 ||| FLEEEEING.
 56423 | Crypt:1  | 56423 ||| FLEEEEING.
 56424 | Crypt:1  | 56424 ||| STAIRDANCE
 56581 | Crypt:1  | Reached ** piety under the Shining One
 56602 | Crypt:1  | 56602 ||| Stepping ~*~*~tactically~*~*~ (hiding).
 56604 | Crypt:1  | 56604 ||| Stepping ~*~*~tactically~*~*~ (hiding).
 56605 | Crypt:1  | 56605 ||| Stepping ~*~*~tactically~*~*~ (hiding).
 56606 | Crypt:1  | 56606 ||| Stepping ~*~*~tactically~*~*~ (stealth).
 56607 | Crypt:1  | 56607 ||| Stepping ~*~*~tactically~*~*~ (hiding).
 56634 | Crypt:1  | 56634 ||| Stepping ~*~*~tactically~*~*~ (cloud).
 56709 | Crypt:1  | Reached *** piety under the Shining One
 56737 | Crypt:1  | 56737 ||| Stepping ~*~*~tactically~*~*~ (stealth).
 56739 | Crypt:1  | 56739 ||| Stepping ~*~*~tactically~*~*~ (hiding).
 56741 | Crypt:1  | 56741 ||| Stepping ~*~*~tactically~*~*~ (hiding).
 56913 | Crypt:1  | Reached **** piety under the Shining One
 56964 | Crypt:1  | 56964 ||| FLEEEEING.
 56965 | Crypt:1  | 56965 ||| FLEEEEING.
 56966 | Crypt:1  | 56966 ||| FLEEEEING.
 56967 | Crypt:1  | 56967 ||| FLEEEEING.
 56975 | Crypt:1  | 56975 ||| Stepping ~*~*~tactically~*~*~ (hiding).
 56982 | Crypt:1  | 56982 ||| INVOKING Cleansing Flame.
 56983 | Crypt:1  | 56983 ||| INVOKING Cleansing Flame.
 56986 | Crypt:1  | Reached skill level 12 in Invocations
 56987 | Crypt:1  | 56987 ||| FLEEEEING.
 56988 | Crypt:1  | 56988 ||| FLEEEEING.
 56989 | Crypt:1  | 56989 ||| FLEEEEING.
 56990 | Crypt:1  | 56990 ||| FLEEEEING.
 56991 | Crypt:1  | 56991 ||| FLEEEEING.
 56992 | Crypt:1  | 56992 ||| FLEEEEING.
 56993 | Crypt:1  | 56993 ||| FLEEEEING.
 56998 | Crypt:1  | 56998 ||| Stepping ~*~*~tactically~*~*~ (hiding).
 57403 | Crypt:2  | Reached ***** piety under the Shining One
 57425 | Crypt:2  | 57425 ||| Stepping ~*~*~tactically~*~*~ (stealth).
 57427 | Crypt:2  | 57427 ||| Stepping ~*~*~tactically~*~*~ (stealth).
 57560 | Crypt:2  | 57560 ||| Stepping ~*~*~tactically~*~*~ (stealth).
 57561 | Crypt:2  | 57561 ||| Stepping ~*~*~tactically~*~*~ (stealth).
 58001 | Crypt:2  | 58001 ||| Stepping ~*~*~tactically~*~*~ (hiding).
 58209 | Crypt:2  | 58209 ||| DROPPING +2 cloak.
 58239 | Crypt:3  | Entered Level 3 of the Crypt
 58341 | Crypt:3  | Reached ****** piety under the Shining One
 58347 | Crypt:3  | 58347 ||| INVOKING Brand Weapon With Holy Wrath.
 58347 | Crypt:3  | Identified a +9 broad axe of holy wrath (a +9 vampiric
                  | broad axe blessed by the Shining One)
 58347 | Crypt:3  | Received a gift from the Shining One
 58348 | Crypt:3  | 58348 ||| DROPPING +6 broad axe of electrocution.
 58357 | Crypt:3  | 58357 ||| Stepping ~*~*~tactically~*~*~ (stealth).
 58367 | Crypt:3  | 58367 ||| Stepping ~*~*~tactically~*~*~ (hiding).
 58453 | Crypt:3  | 58453 ||| Stepping ~*~*~tactically~*~*~ (hiding).
 58623 | Crypt:3  | 58623 ||| Stepping ~*~*~tactically~*~*~ (hiding).
 58626 | Crypt:3  | 58626 ||| INVOKING Summon Divine Warrior.
 58630 | Crypt:3  | 58630 ||| INVOKING Cleansing Flame.
 58631 | Crypt:3  | 58631 ||| INVOKING Cleansing Flame.
 58647 | Crypt:3  | Reached skill level 15 in Invocations
 58897 | Crypt:3  | 58897 ||| INVOKING Summon Divine Warrior.
 58909 | Crypt:3  | HP: 45/192 [profane servitor/+3 demon whip of flaming (12)]
 58910 | Crypt:3  | 58910 ||| READING 15 scrolls of teleportation.
 58911 | Crypt:3  | 58911 ||| DRINKING 5 potions of heal wounds.
 59076 | Crypt:3  | Identified the ring "Remel" {Ice Str+3 Int+4 Dex-3}
 59076 | Crypt:3  | Noticed Josephina
 59082 | Crypt:3  | 59082 ||| INVOKING Summon Divine Warrior.
 59083 | Crypt:3  | 59083 ||| INVOKING Cleansing Flame.
 59084 | Crypt:3  | 59084 ||| INVOKING Cleansing Flame.
 59088 | Crypt:3  | Killed Josephina
 59091 | Crypt:3  | 59091 ||| INVOKING Cleansing Flame.
 59490 | Crypt:3  | Found a staircase to the Tomb.
 59644 | Crypt:3  | 59644 ||| FLEEEEING.
 59645 | Crypt:3  | 59645 ||| FLEEEEING.
 59650 | Crypt:3  | 59650 ||| FLEEEEING.
 59651 | Crypt:3  | 59651 ||| FLEEEEING.
 59653 | Crypt:3  | 59653 ||| FLEEEEING.
 59654 | Crypt:3  | 59654 ||| FLEEEEING.
 59657 | Crypt:3  | 59657 ||| STAIRDANCE
 59762 | Crypt:3  | 59762 ||| Stepping ~*~*~tactically~*~*~ (hiding).
 59809 | Crypt:3  | 59809 ||| Stepping ~*~*~tactically~*~*~ (stealth).
 59821 | Crypt:3  | Found an ancient bone altar of Kikubaaqudgha.
 59827 | Crypt:3  | Found a basalt altar of Yredelemnul.
 59909 | Crypt:3  | Found the +11 Singing Sword {sonic wave}
 60087 | Crypt:3  | 60087 ||| PLANNING TOMB
 60087 | Crypt:3  | 60087 ||| SWAPPING to +9 broad axe of holy wrath.
 60088 | Crypt:3  | 60088 ||| UPGRADING to +2 pair of gloves of Bitterness
                  | {+Inv rC- Dex+5}.
 60098 | Crypt:3  | 60098 ||| DROPPING amulet of guardian spirit.
 60153 | Tomb:1   | Entered Level 1 of the Tomb of the Ancients
 60419 | Tomb:1   | Paralysed by a sphinx for 5 turns
 60435 | Tomb:1   | Paralysed by a sphinx for 2 turns
 60441 | Tomb:1   | 60441 ||| FLEEEEING.
 60669 | Tomb:1   | Noticed a royal mummy
 60669 | Tomb:1   | Noticed a royal mummy
 60669 | Tomb:1   | Noticed a royal mummy
 60670 | Tomb:1   | 60670 ||| INVOKING Summon Divine Warrior.
 60671 | Tomb:1   | 60671 ||| INVOKING Summon Divine Warrior.
 60672 | Tomb:1   | 60672 ||| INVOKING Cleansing Flame.
 60673 | Tomb:1   | 60673 ||| INVOKING Cleansing Flame.
 60674 | Tomb:1   | 60674 ||| INVOKING Cleansing Flame.
 60675 | Tomb:1   | 60675 ||| INVOKING Cleansing Flame.
 60675 | Tomb:1   | Killed a royal mummy
 60676 | Tomb:1   | Killed a royal mummy
 60677 | Tomb:1   | Killed a royal mummy
 60678 | Tomb:1   | 60678 ||| INVOKING Cleansing Flame.
 60679 | Tomb:1   | 60679 ||| INVOKING Cleansing Flame.
 60699 | Tomb:1   | 60699 ||| INVOKING Cleansing Flame.
 60700 | Tomb:1   | Reached XP level 27. HP: 103/197 MP: 18/35
 60703 | Tomb:1   | 60703 ||| INVOKING Cleansing Flame.
 60708 | Tomb:1   | 60708 ||| INVOKING Cleansing Flame.
 60709 | Tomb:1   | 60709 ||| INVOKING Cleansing Flame.
 61123 | Tomb:1   | 61123 ||| INVOKING Cleansing Flame.
 61261 | Tomb:1   | 61261 ||| DROPPING amulet of regeneration.
 61813 | Tomb:2   | 61813 ||| DRINKING 4 potions of haste.
 61814 | Tomb:2   | 61814 ||| DRINKING 11 potions of attraction.
 61815 | Tomb:2   | Noticed a royal mummy
 61815 | Tomb:2   | Noticed a royal mummy
 61816 | Tomb:2   | 61816 ||| INVOKING Summon Divine Warrior.
 61817 | Tomb:2   | Noticed a royal mummy
 61818 | Tomb:2   | 61818 ||| INVOKING Cleansing Flame.
 61818 | Tomb:2   | Noticed a royal mummy
 61821 | Tomb:2   | 61821 ||| INVOKING Cleansing Flame.
 61822 | Tomb:2   | 61822 ||| INVOKING Cleansing Flame.
 61823 | Tomb:2   | 61823 ||| INVOKING Cleansing Flame.
 61823 | Tomb:2   | Killed a royal mummy
 61823 | Tomb:2   | Killed a royal mummy
 61824 | Tomb:2   | Killed a royal mummy
 61825 | Tomb:2   | Killed a royal mummy
 61830 | Tomb:2   | 61830 ||| INVOKING Cleansing Flame.
 61836 | Tomb:2   | Reached skill level 24 in Armour
 61918 | Tomb:2   | 61918 ||| Stepping ~*~*~tactically~*~*~ (stealth).
 61983 | Tomb:2   | 61983 ||| Stepping ~*~*~tactically~*~*~ (stealth).
 62004 | Tomb:2   | 62004 ||| Stepping ~*~*~tactically~*~*~ (stealth).
 62019 | Tomb:2   | 62019 ||| Stepping ~*~*~tactically~*~*~ (stealth).
 62020 | Tomb:2   | 62020 ||| Stepping ~*~*~tactically~*~*~ (stealth).
 62028 | Tomb:2   | 62028 ||| Stepping ~*~*~tactically~*~*~ (stealth).
 62029 | Tomb:2   | 62029 ||| Stepping ~*~*~tactically~*~*~ (stealth).
 62030 | Tomb:2   | 62030 ||| Stepping ~*~*~tactically~*~*~ (stealth).
 62045 | Tomb:2   | 62045 ||| Stepping ~*~*~tactically~*~*~ (stealth).
 62047 | Tomb:2   | 62047 ||| Stepping ~*~*~tactically~*~*~ (stealth).
 62050 | Tomb:2   | 62050 ||| Stepping ~*~*~tactically~*~*~ (stealth).
 62051 | Tomb:2   | 62051 ||| Stepping ~*~*~tactically~*~*~ (stealth).
 62082 | Tomb:2   | Identified the +1 robe of the Beginning {Str+3 Int+5}
 62260 | Tomb:2   | 62260 ||| Stepping ~*~*~tactically~*~*~ (stealth).
 62270 | Tomb:2   | Gained mutation: Armour fits poorly on your strangely
                  | shaped body. [mutagenic glow]
 62291 | Tomb:2   | Lost mutation: You are weak. (Str -2) [mutagenic glow]
 62376 | Tomb:2   | 62376 ||| DRINKING 6 potions of mutation.
 62376 | Tomb:2   | Lost mutation: You possess an exceptional clarity of mind.
                  | [potion of mutation]
 62376 | Tomb:2   | Lost mutation: Armour fits poorly on your strangely shaped
                  | body. [potion of mutation]
 62376 | Tomb:2   | Gained mutation: Your muscles are strong. (Str +4, Int/Dex
                  | -1) [potion of mutation]
 62376 | Tomb:2   | Gained mutation: You are strong-willed. (Will+) [potion of
                  | mutation]
 62485 | Tomb:2   | 62485 ||| Stepping ~*~*~tactically~*~*~ (hiding).
 62490 | Tomb:2   | 62490 ||| Stepping ~*~*~tactically~*~*~ (hiding).
 62491 | Tomb:2   | 62491 ||| Stepping ~*~*~tactically~*~*~ (hiding).
 62493 | Tomb:2   | 62493 ||| Stepping ~*~*~tactically~*~*~ (hiding).
 62574 | Tomb:1   | Noticed a royal mummy
 62574 | Tomb:1   | Noticed a royal mummy
 62575 | Tomb:1   | 62575 ||| INVOKING Summon Divine Warrior.
 62578 | Tomb:1   | 62578 ||| INVOKING Summon Divine Warrior.
 62581 | Tomb:1   | Noticed a royal mummy
 62582 | Tomb:1   | Killed a royal mummy
 62583 | Tomb:1   | Noticed a royal mummy
 62584 | Tomb:1   | 62584 ||| INVOKING Cleansing Flame.
 62585 | Tomb:1   | Noticed a royal mummy
 62587 | Tomb:1   | Killed a royal mummy
 62587 | Tomb:1   | Noticed a royal mummy
 62590 | Tomb:1   | 62590 ||| INVOKING Summon Divine Warrior.
 62595 | Tomb:1   | Killed a royal mummy
 62598 | Tomb:1   | Killed a royal mummy
 62599 | Tomb:1   | 62599 ||| INVOKING Cleansing Flame.
 62600 | Tomb:1   | 62600 ||| INVOKING Summon Divine Warrior.
 62600 | Tomb:1   | HP: 46/197 [royal mummy (11)]
 62601 | Tomb:1   | 62601 ||| READING 14 scrolls of teleportation.
 62602 | Tomb:1   | 62602 ||| DRINKING 6 potions of heal wounds.
 63008 | Tomb:1   | 63008 ||| INVOKING Summon Divine Warrior.
 63011 | Tomb:1   | Killed a royal mummy
 63012 | Tomb:1   | Noticed a royal mummy
 63013 | Tomb:1   | 63013 ||| INVOKING Cleansing Flame.
 63014 | Tomb:1   | 63014 ||| INVOKING Cleansing Flame.
 63015 | Tomb:1   | 63015 ||| INVOKING Cleansing Flame.
 63015 | Tomb:1   | Killed a royal mummy
 63017 | Tomb:1   | 63017 ||| INVOKING Cleansing Flame.
 63018 | Tomb:1   | 63018 ||| INVOKING Cleansing Flame.
 63019 | Tomb:1   | 63019 ||| DRINKING 9 potions of magic.
 63019 | Tomb:1   | Killed a royal mummy
 63019 | Tomb:1   | Noticed a royal mummy
 63020 | Tomb:1   | Noticed a royal mummy
 63021 | Tomb:1   | 63021 ||| INVOKING Cleansing Flame.
 63022 | Tomb:1   | 63022 ||| INVOKING Cleansing Flame.
 63022 | Tomb:1   | Killed a royal mummy
 63024 | Tomb:1   | 63024 ||| INVOKING Cleansing Flame.
 63030 | Tomb:1   | Killed a royal mummy
 63035 | Tomb:1   | Noticed a royal mummy
 63043 | Tomb:1   | Killed a royal mummy
 63134 | Tomb:1   | Was forgiven by Okawaru
 63151 | Tomb:1   | 63151 ||| INVOKING Summon Divine Warrior.
 63411 | Tomb:1   | Noticed a royal mummy
 63412 | Tomb:1   | 63412 ||| INVOKING Summon Divine Warrior.
 63412 | Tomb:1   | Noticed a royal mummy
 63419 | Tomb:1   | 63419 ||| INVOKING Cleansing Flame.
 63420 | Tomb:1   | 63420 ||| INVOKING Cleansing Flame.
 63421 | Tomb:1   | 63421 ||| INVOKING Cleansing Flame.
 63422 | Tomb:1   | 63422 ||| INVOKING Cleansing Flame.
 63423 | Tomb:1   | 63423 ||| INVOKING Cleansing Flame.
 63423 | Tomb:1   | Killed a royal mummy
 63425 | Tomb:1   | 63425 ||| DRINKING 8 potions of magic.
 63426 | Tomb:1   | 63426 ||| INVOKING Cleansing Flame.
 63427 | Tomb:1   | 63427 ||| INVOKING Cleansing Flame.
 63428 | Tomb:1   | 63428 ||| INVOKING Cleansing Flame.
 63429 | Tomb:1   | 63429 ||| INVOKING Cleansing Flame.
 63430 | Tomb:1   | 63430 ||| DRINKING 7 potions of magic.
 63431 | Tomb:1   | 63431 ||| INVOKING Cleansing Flame.
 63432 | Tomb:1   | 63432 ||| INVOKING Summon Divine Warrior.
 63433 | Tomb:1   | Killed a royal mummy
 63525 | Tomb:1   | Noticed a royal mummy
 63526 | Tomb:1   | Noticed a royal mummy
 63534 | Tomb:1   | 63534 ||| INVOKING Cleansing Flame.
 63541 | Tomb:1   | Killed a royal mummy
 63542 | Tomb:1   | Killed a royal mummy
 63543 | Tomb:1   | Reached skill level 18 in Invocations
 63581 | Tomb:1   | Noticed a royal mummy
 63584 | Tomb:1   | 63584 ||| INVOKING Cleansing Flame.
 63585 | Tomb:1   | 63585 ||| INVOKING Cleansing Flame.
 63586 | Tomb:1   | 63586 ||| INVOKING Cleansing Flame.
 63587 | Tomb:1   | 63587 ||| INVOKING Cleansing Flame.
 63587 | Tomb:1   | Killed a royal mummy
 63826 | Tomb:1   | Noticed a royal mummy
 63828 | Tomb:1   | Noticed a royal mummy
 63833 | Tomb:1   | 63833 ||| INVOKING Cleansing Flame.
 63834 | Tomb:1   | 63834 ||| INVOKING Cleansing Flame.
 63834 | Tomb:1   | Noticed a royal mummy
 63834 | Tomb:1   | Noticed a royal mummy
 63834 | Tomb:1   | Noticed a royal mummy
 63834 | Tomb:1   | Noticed a royal mummy
 63835 | Tomb:1   | 63835 ||| INVOKING Summon Divine Warrior.
 63837 | Tomb:1   | Noticed a royal mummy
 63840 | Tomb:1   | Gained mutation: Your mind is acute. (Int +4, Str/Dex -1)
                  | [mutagenic glow]
 63842 | Tomb:1   | 63842 ||| DRINKING 6 potions of magic.
 63843 | Tomb:1   | 63843 ||| INVOKING Cleansing Flame.
 63843 | Tomb:1   | Killed a royal mummy
 63843 | Tomb:1   | HP: 48/197 [royal mummy/divine providence (12)]
 63844 | Tomb:1   | 63844 ||| READING 13 scrolls of teleportation.
 63845 | Tomb:1   | 63845 ||| DRINKING 5 potions of heal wounds.
 63848 | Tomb:1   | Gained mutation: Armour fits poorly on your strangely
                  | shaped body. [mutagenic glow]
 63860 | Tomb:1   | Gained mutation: Your magical capacity is low. (-10% MP)
                  | [mutagenic glow]
 63879 | Tomb:1   | Lost mutation: Your muscles are strong. (Str +4, Int/Dex
                  | -1) [mutagenic glow]
 63889 | Tomb:1   | Gained mutation: You occasionally lose the ability to read
                  | scrolls when taking damage. [mutagenic glow]
 63901 | Tomb:1   | Gained mutation: You occasionally lose the ability to drink
                  | potions when taking damage. [mutagenic glow]
 63911 | Tomb:1   | Gained mutation: You are clumsy. (Dex -2) [mutagenic glow]
 64127 | Tomb:1   | 64127 ||| DRINKING 5 potions of mutation.
 64127 | Tomb:1   | Lost mutation: You are strong-willed. (Will+) [potion of
                  | mutation]
 64127 | Tomb:1   | Lost mutation: Your magical capacity is low. (-10% MP)
                  | [potion of mutation]
 64127 | Tomb:1   | Lost mutation: Armour fits poorly on your strangely shaped
                  | body. [potion of mutation]
 64127 | Tomb:1   | Gained mutation: Armour fits poorly on your strangely
                  | shaped body. [potion of mutation]
 64127 | Tomb:1   | Lost mutation: Your mind is acute. (Int +4, Str/Dex -1)
                  | [potion of mutation]
 64127 | Tomb:1   | Gained mutation: You are partially covered in iridescent
                  | scales. (AC +2) [potion of mutation]
 64128 | Tomb:1   | 64128 ||| DRINKING 4 potions of mutation.
 64128 | Tomb:1   | Lost mutation: You are clumsy. (Dex -2) [potion of
                  | mutation]
 64128 | Tomb:1   | Lost mutation: You occasionally lose the ability to drink
                  | potions when taking damage. [potion of mutation]
 64128 | Tomb:1   | Gained mutation: Your body sometimes deteriorates upon
                  | taking damage. [potion of mutation]
 64128 | Tomb:1   | Gained mutation: You are clumsy. (Dex -2) [potion of
                  | mutation]
 64129 | Tomb:1   | 64129 ||| DRINKING 3 potions of mutation.
 64129 | Tomb:1   | Lost mutation: You occasionally lose the ability to read
                  | scrolls when taking damage. [potion of mutation]
 64129 | Tomb:1   | Lost mutation: You are clumsy. (Dex -2) [potion of
                  | mutation]
 64129 | Tomb:1   | Lost mutation: You are partially covered in iridescent
                  | scales. (AC +2) [potion of mutation]
 64129 | Tomb:1   | Gained mutation: You passively dampen the noise of your
                  | surroundings. [potion of mutation]
 64130 | Tomb:1   | 64130 ||| DRINKING 2 potions of mutation.
 64130 | Tomb:1   | Lost mutation: Armour fits poorly on your strangely shaped
                  | body. [potion of mutation]
 64130 | Tomb:1   | Lost mutation: You passively dampen the noise of your
                  | surroundings. [potion of mutation]
 64130 | Tomb:1   | Lost mutation: Your body sometimes deteriorates upon taking
                  | damage. [potion of mutation]
 64130 | Tomb:1   | Gained mutation: You possess an exceptional clarity of
                  | mind. [potion of mutation]
 64130 | Tomb:1   | Gained mutation: You are occasionally teleported next to
                  | monsters. [potion of mutation]
 64131 | Tomb:1   | 64131 ||| DRINKING potion of mutation.
 64131 | Tomb:1   | Lost mutation: You possess an exceptional clarity of mind.
                  | [potion of mutation]
 64131 | Tomb:1   | Lost mutation: You are occasionally teleported next to
                  | monsters. [potion of mutation]
 64131 | Tomb:1   | Gained mutation: You are vulnerable to cold. (rC-) [potion
                  | of mutation]
 64131 | Tomb:1   | Gained mutation: You have a pair of small horns on your
                  | head. [potion of mutation]
 64131 | Tomb:1   | Gained mutation: You are somewhat resistant to further
                  | mutation. [potion of mutation]
 64143 | Tomb:1   | 64143 ||| DROPPING +2 helmet of see invisible.
 64289 | Tomb:1   | 64289 ||| INVOKING Cleansing Flame.
 64290 | Tomb:1   | 64290 ||| INVOKING Cleansing Flame.
 64296 | Tomb:1   | Killed a royal mummy
 64351 | Tomb:1   | 64351 ||| INVOKING Cleansing Flame.
 64352 | Tomb:1   | 64352 ||| INVOKING Cleansing Flame.
 64358 | Tomb:1   | HP: 48/197 [??? (9)]
 64359 | Tomb:1   | 64359 ||| READING 12 scrolls of teleportation.
 64360 | Tomb:1   | 64360 ||| DRINKING 4 potions of heal wounds.
 64361 | Tomb:1   | Killed a royal mummy
 64374 | Tomb:1   | 64374 ||| INVOKING Cleansing Flame.
 64375 | Tomb:1   | 64375 ||| INVOKING Cleansing Flame.
 64375 | Tomb:1   | HP: 49/197 [royal mummy/divine providence (7)]
 64376 | Tomb:1   | 64376 ||| READING 11 scrolls of teleportation.
 64377 | Tomb:1   | 64377 ||| DRINKING 3 potions of heal wounds.
 64378 | Tomb:1   | 64378 ||| INVOKING Cleansing Flame.
 64378 | Tomb:1   | Killed a royal mummy
 64794 | Tomb:1   | Killed a royal mummy
 64813 | Tomb:1   | Killed a royal mummy
 64822 | Tomb:1   | Killed a royal mummy
 64824 | Tomb:1   | 64824 ||| INVOKING Cleansing Flame.
 65224 | Tomb:2   | 65224 ||| INVOKING Cleansing Flame.
 65231 | Tomb:2   | 65231 ||| Stepping ~*~*~tactically~*~*~ (stealth).
 65251 | Tomb:2   | 65251 ||| INVOKING Cleansing Flame.
 65263 | Tomb:2   | Gained mutation: Your mind is acute. (Int +4, Str/Dex -1)
                  | [mutagenic glow]
 65523 | Tomb:3   | Entered Level 3 of the Tomb of the Ancients
 65524 | Tomb:3   | 65524 ||| DRINKING 3 potions of haste.
 65525 | Tomb:3   | 65525 ||| DRINKING 10 potions of attraction.
 65540 | Tomb:3   | 65540 ||| INVOKING Cleansing Flame.
 65541 | Tomb:3   | 65541 ||| INVOKING Cleansing Flame.
 65585 | Tomb:3   | 65585 ||| INVOKING Summon Divine Warrior.
 65587 | Tomb:3   | 65587 ||| INVOKING Cleansing Flame.
 65588 | Tomb:3   | 65588 ||| INVOKING Cleansing Flame.
 65588 | Tomb:3   | Noticed a royal mummy
 65591 | Tomb:3   | Noticed a royal mummy
 65591 | Tomb:3   | Noticed a royal mummy
 65592 | Tomb:3   | 65592 ||| INVOKING Cleansing Flame.
 65593 | Tomb:3   | 65593 ||| INVOKING Cleansing Flame.
 65594 | Tomb:3   | 65594 ||| INVOKING Cleansing Flame.
 65595 | Tomb:3   | 65595 ||| INVOKING Cleansing Flame.
 65596 | Tomb:3   | 65596 ||| INVOKING Cleansing Flame.
 65596 | Tomb:3   | Noticed a royal mummy
 65597 | Tomb:3   | 65597 ||| INVOKING Cleansing Flame.
 65598 | Tomb:3   | 65598 ||| INVOKING Cleansing Flame.
 65599 | Tomb:3   | 65599 ||| INVOKING Cleansing Flame.
 65600 | Tomb:3   | 65600 ||| INVOKING Cleansing Flame.
 65600 | Tomb:3   | Killed a royal mummy
 65602 | Tomb:3   | 65602 ||| INVOKING Cleansing Flame.
 65603 | Tomb:3   | 65603 ||| INVOKING Cleansing Flame.
 65604 | Tomb:3   | 65604 ||| INVOKING Cleansing Flame.
 65604 | Tomb:3   | Killed a royal mummy
 65605 | Tomb:3   | 65605 ||| INVOKING Cleansing Flame.
 65606 | Tomb:3   | 65606 ||| INVOKING Summon Divine Warrior.
 65606 | Tomb:3   | Noticed a royal mummy
 65607 | Tomb:3   | 65607 ||| INVOKING Cleansing Flame.
 65609 | Tomb:3   | Noticed a royal mummy
 65610 | Tomb:3   | 65610 ||| INVOKING Cleansing Flame.
 65610 | Tomb:3   | Killed a royal mummy
 65612 | Tomb:3   | 65612 ||| INVOKING Summon Divine Warrior.
 65612 | Tomb:3   | Identified the +7 tower shield of the Buccaneer {rC+ rN+
                  | Int+2}
 65613 | Tomb:3   | 65613 ||| INVOKING Cleansing Flame.
 65615 | Tomb:3   | Noticed a royal mummy
 65616 | Tomb:3   | Killed a royal mummy
 65618 | Tomb:3   | Killed a royal mummy
 65624 | Tomb:3   | Killed a royal mummy
 65629 | Tomb:3   | Killed a royal mummy
 65629 | Tomb:3   | Noticed a royal mummy
 65630 | Tomb:3   | HP: 41/197 [royal mummy/divine providence (12)]
 65631 | Tomb:3   | 65631 ||| READING 10 scrolls of teleportation.
 65632 | Tomb:3   | 65632 ||| DRINKING 2 potions of heal wounds.
 65634 | Tomb:3   | 65634 ||| INVOKING Cleansing Flame.
 65634 | Tomb:3   | Noticed a royal mummy
 65635 | Tomb:3   | 65635 ||| INVOKING Summon Divine Warrior.
 65636 | Tomb:3   | 65636 ||| INVOKING Cleansing Flame.
 65637 | Tomb:3   | HP: 45/197 [royal mummy/divine providence (11)]
 65638 | Tomb:3   | 65638 ||| READING 9 scrolls of teleportation.
 65639 | Tomb:3   | 65639 ||| DRINKING potion of heal wounds.
 65640 | Tomb:3   | 65640 ||| INVOKING Summon Divine Warrior.
 65641 | Tomb:3   | 65641 ||| DRINKING 5 potions of magic.
 65642 | Tomb:3   | 65642 ||| INVOKING Cleansing Flame.
 65703 | Tomb:3   | 65703 ||| INVOKING Cleansing Flame.
 65705 | Tomb:3   | Killed a royal mummy
 65719 | Tomb:3   | Killed a royal mummy
 65720 | Tomb:3   | Reached skill level 27 in Armour
 65829 | Tomb:3   | 65829 ||| Stepping ~*~*~tactically~*~*~ (stealth).
 65914 | Tomb:3   | Got a golden rune of Zot
 65977 | Tomb:3   | 65977 ||| Stepping ~*~*~tactically~*~*~ (stealth).
 65999 | Tomb:3   | 65999 ||| Stepping ~*~*~tactically~*~*~ (hiding).
 66134 | Tomb:3   | Identified the +2 great sword "Ytine" {antimagic, Int+2}
 66140 | Tomb:3   | Identified the +6 battleaxe of Maomy {flame, *Slow rElec
                  | Int+8}
 66166 | Tomb:3   | Identified the amulet of Kocoghic {*Slow rF- rN+++ Regen+
                  | rCorr}
 66206 | Tomb:3   | 66206 ||| INVOKING Cleansing Flame.
 66251 | Tomb:3   | Identified the +3 cloak of Akkekayhoy {rCorr Int+2 Dex+2}
 66313 | Tomb:3   | Identified the +5 trident of Growth {freeze, MP+9 Str+3}
 66459 | Tomb:3   | 66459 ||| PLANNING ABYSS
 66459 | Tomb:3   | 66459 ||| SWAPPING to +4 broad axe "Raceqih" {spect, rC-
                  | Int+5 Dex+3}.
 66460 | Tomb:3   | 66460 ||| DROPPING +0 plate armour of poison resistance.
 66461 | Tomb:3   | 66461 ||| UPGRADING to +3 cloak of Akkekayhoy {rCorr Int+2
                  | Dex+2}.
 66471 | Tomb:3   | 66471 ||| DROPPING +2 cloak.
 66472 | Tomb:3   | 66472 ||| UPGRADING to +2 pair of gloves.
 66482 | Tomb:3   | 66482 ||| DROPPING amulet of Kocoghic {*Slow rF- rN+++
                  | Regen+ rCorr}.
 66995 | Depths:3 | Voluntarily entered the Abyss.
 67014 | Abyss:3  | 67014 ||| Stepping ~*~*~tactically~*~*~ (stealth).
 67019 | Abyss:3  | 67019 ||| Stepping ~*~*~tactically~*~*~ (stealth).
 67049 | Abyss:3  | Found a corrupted altar of Lugonu.
 67055 | Abyss:3  | 67055 ||| Stepping ~*~*~tactically~*~*~ (stealth).
 67058 | Abyss:3  | Found a corrupted altar of Lugonu.
 67058 | Abyss:3  | Found a corrupted altar of Lugonu.
 67066 | Abyss:3  | 67066 ||| Stepping ~*~*~tactically~*~*~ (hiding).
 67067 | Abyss:3  | 67067 ||| Stepping ~*~*~tactically~*~*~ (hiding).
 67069 | Abyss:3  | 67069 ||| Stepping ~*~*~tactically~*~*~ (hiding).
 67070 | Abyss:3  | 67070 ||| Stepping ~*~*~tactically~*~*~ (hiding).
 67080 | Abyss:3  | 67080 ||| Stepping ~*~*~tactically~*~*~ (cloud).
 67111 | Abyss:3  | 67111 ||| Stepping ~*~*~tactically~*~*~ (stealth).
 67113 | Abyss:3  | 67113 ||| Stepping ~*~*~tactically~*~*~ (stealth).
 67114 | Abyss:3  | 67114 ||| Stepping ~*~*~tactically~*~*~ (stealth).
 67140 | Abyss:3  | Noticed a dread lich
 67141 | Abyss:3  | 67141 ||| INVOKING Summon Divine Warrior.
 67145 | Abyss:3  | Killed a dread lich
 67269 | Abyss:3  | Gained mutation: Your magical capacity is low. (-10% MP) [a
                  | neqoxec]
 67593 | Abyss:3  | 67593 ||| Stepping ~*~*~tactically~*~*~ (stealth).
 67627 | Abyss:3  | 67627 ||| Stepping ~*~*~tactically~*~*~ (stealth).
 67651 | Abyss:3  | 67651 ||| Stepping ~*~*~tactically~*~*~ (stealth).
 67672 | Abyss:3  | 67672 ||| Stepping ~*~*~tactically~*~*~ (stealth).
 67674 | Abyss:3  | 67674 ||| Stepping ~*~*~tactically~*~*~ (stealth).
 67675 | Abyss:3  | 67675 ||| Stepping ~*~*~tactically~*~*~ (stealth).
 67680 | Abyss:3  | 67680 ||| Stepping ~*~*~tactically~*~*~ (stealth).
 67720 | Abyss:3  | 67720 ||| Stepping ~*~*~tactically~*~*~ (stealth).
 67726 | Abyss:3  | 67726 ||| Stepping ~*~*~tactically~*~*~ (stealth).
 67732 | Abyss:3  | 67732 ||| Stepping ~*~*~tactically~*~*~ (hiding).
 67794 | Abyss:3  | 67794 ||| Stepping ~*~*~tactically~*~*~ (stealth).
 67817 | Abyss:3  | 67817 ||| Stepping ~*~*~tactically~*~*~ (hiding).
 67820 | Abyss:3  | 67820 ||| Stepping ~*~*~tactically~*~*~ (hiding).
 67873 | Abyss:3  | 67873 ||| Stepping ~*~*~tactically~*~*~ (hiding).
 67874 | Abyss:3  | 67874 ||| Stepping ~*~*~tactically~*~*~ (hiding).
 67885 | Abyss:3  | Reached skill level 27 in Fighting
 67930 | Abyss:3  | 67930 ||| Stepping ~*~*~tactically~*~*~ (hiding).
 67965 | Abyss:3  | 67965 ||| Stepping ~*~*~tactically~*~*~ (stealth).
 67982 | Abyss:3  | 67982 ||| Stepping ~*~*~tactically~*~*~ (hiding).
 68014 | Abyss:3  | 68014 ||| Stepping ~*~*~tactically~*~*~ (stealth).
 68020 | Abyss:3  | 68020 ||| Stepping ~*~*~tactically~*~*~ (stealth).
 68022 | Abyss:3  | 68022 ||| Stepping ~*~*~tactically~*~*~ (stealth).
 68025 | Abyss:3  | 68025 ||| Stepping ~*~*~tactically~*~*~ (hiding).
 68054 | Abyss:3  | 68054 ||| Stepping ~*~*~tactically~*~*~ (stealth).
 68056 | Abyss:3  | 68056 ||| Stepping ~*~*~tactically~*~*~ (hiding).
 68086 | Abyss:3  | 68086 ||| FLEEEEING.
 68087 | Abyss:3  | 68087 ||| FLEEEEING.
 68088 | Abyss:3  | 68088 ||| FLEEEEING.
 68089 | Abyss:3  | 68089 ||| FLEEEEING.
 68090 | Abyss:3  | 68090 ||| FLEEEEING.
 68134 | Abyss:3  | 68134 ||| Stepping ~*~*~tactically~*~*~ (stealth).
 68137 | Abyss:3  | 68137 ||| INVOKING Cleansing Flame.
 68139 | Abyss:3  | 68139 ||| Stepping ~*~*~tactically~*~*~ (hiding).
 68162 | Abyss:3  | 68162 ||| Stepping ~*~*~tactically~*~*~ (hiding).
 68192 | Abyss:3  | 68192 ||| Stepping ~*~*~tactically~*~*~ (stealth).
 68193 | Abyss:3  | 68193 ||| Stepping ~*~*~tactically~*~*~ (stealth).
 68197 | Abyss:3  | Reached skill level 21 in Invocations
 68253 | Abyss:3  | 68253 ||| Stepping ~*~*~tactically~*~*~ (stealth).
 68255 | Abyss:3  | 68255 ||| Stepping ~*~*~tactically~*~*~ (stealth).
 68281 | Abyss:3  | 68281 ||| Stepping ~*~*~tactically~*~*~ (stealth).
 68286 | Abyss:3  | 68286 ||| Stepping ~*~*~tactically~*~*~ (stealth).
 68302 | Abyss:3  | 68302 ||| Stepping ~*~*~tactically~*~*~ (hiding).
 68303 | Abyss:3  | 68303 ||| Stepping ~*~*~tactically~*~*~ (hiding).
 68327 | Abyss:3  | 68327 ||| Stepping ~*~*~tactically~*~*~ (stealth).
 68328 | Abyss:3  | 68328 ||| Stepping ~*~*~tactically~*~*~ (stealth).
 68335 | Abyss:3  | 68335 ||| Stepping ~*~*~tactically~*~*~ (stealth).
 68338 | Abyss:3  | 68338 ||| Stepping ~*~*~tactically~*~*~ (hiding).
 68343 | Abyss:3  | 68343 ||| Stepping ~*~*~tactically~*~*~ (hiding).
 68360 | Abyss:3  | 68360 ||| FLEEEEING.
 68361 | Abyss:3  | 68361 ||| FLEEEEING.
 68366 | Abyss:3  | 68366 ||| FLEEEEING.
 68367 | Abyss:3  | 68367 ||| FLEEEEING.
 68368 | Abyss:3  | 68368 ||| FLEEEEING.
 68370 | Abyss:3  | 68370 ||| FLEEEEING.
 68371 | Abyss:3  | 68371 ||| FLEEEEING.
 68372 | Abyss:3  | 68372 ||| FLEEEEING.
 68401 | Abyss:3  | Paralysed by accursed screaming for 1 turns
 68455 | Abyss:3  | 68455 ||| Stepping ~*~*~tactically~*~*~ (hiding).
 68488 | Abyss:3  | 68488 ||| Stepping ~*~*~tactically~*~*~ (stealth).
 68490 | Abyss:3  | 68490 ||| Stepping ~*~*~tactically~*~*~ (stealth).
 68508 | Abyss:3  | 68508 ||| Stepping ~*~*~tactically~*~*~ (stealth).
 68511 | Abyss:3  | 68511 ||| Stepping ~*~*~tactically~*~*~ (stealth).
 68515 | Abyss:3  | 68515 ||| Stepping ~*~*~tactically~*~*~ (stealth).
 68522 | Abyss:3  | 68522 ||| Stepping ~*~*~tactically~*~*~ (hiding).
 68525 | Abyss:3  | 68525 ||| Stepping ~*~*~tactically~*~*~ (hiding).
 68578 | Abyss:3  | 68578 ||| Stepping ~*~*~tactically~*~*~ (stealth).
 68641 | Abyss:3  | 68641 ||| Stepping ~*~*~tactically~*~*~ (stealth).
 68673 | Abyss:3  | 68673 ||| Stepping ~*~*~tactically~*~*~ (stealth).
 68675 | Abyss:3  | 68675 ||| Stepping ~*~*~tactically~*~*~ (hiding).
 68681 | Abyss:3  | 68681 ||| Stepping ~*~*~tactically~*~*~ (hiding).
 68707 | Abyss:3  | 68707 ||| Stepping ~*~*~tactically~*~*~ (hiding).
 68745 | Abyss:3  | Found a corrupted altar of Lugonu.
 68766 | Abyss:3  | 68766 ||| Stepping ~*~*~tactically~*~*~ (hiding).
 68767 | Abyss:3  | 68767 ||| Stepping ~*~*~tactically~*~*~ (hiding).
 68769 | Abyss:3  | 68769 ||| Stepping ~*~*~tactically~*~*~ (hiding).
 68783 | Abyss:3  | 68783 ||| Stepping ~*~*~tactically~*~*~ (stealth).
 68784 | Abyss:3  | 68784 ||| Stepping ~*~*~tactically~*~*~ (stealth).
 68786 | Abyss:3  | 68786 ||| Stepping ~*~*~tactically~*~*~ (stealth).
 68791 | Abyss:3  | 68791 ||| Stepping ~*~*~tactically~*~*~ (hiding).
 68793 | Abyss:3  | 68793 ||| Stepping ~*~*~tactically~*~*~ (hiding).
 68794 | Abyss:3  | 68794 ||| Stepping ~*~*~tactically~*~*~ (hiding).
 68809 | Abyss:3  | 68809 ||| Stepping ~*~*~tactically~*~*~ (stealth).
 68882 | Abyss:4  | 68882 ||| Stepping ~*~*~tactically~*~*~ (stealth).
 68892 | Abyss:4  | 68892 ||| Stepping ~*~*~tactically~*~*~ (hiding).
 68893 | Abyss:4  | 68893 ||| Stepping ~*~*~tactically~*~*~ (hiding).
 68914 | Abyss:4  | 68914 ||| Stepping ~*~*~tactically~*~*~ (hiding).
 68926 | Abyss:4  | 68926 ||| Stepping ~*~*~tactically~*~*~ (hiding).
 68928 | Abyss:4  | 68928 ||| Stepping ~*~*~tactically~*~*~ (hiding).
 68947 | Abyss:4  | 68947 ||| Stepping ~*~*~tactically~*~*~ (stealth).
 68996 | Abyss:4  | 68996 ||| Stepping ~*~*~tactically~*~*~ (hiding).
 68997 | Abyss:4  | 68997 ||| Stepping ~*~*~tactically~*~*~ (stealth).
 69008 | Abyss:4  | 69008 ||| Stepping ~*~*~tactically~*~*~ (hiding).
 69011 | Abyss:4  | 69011 ||| Stepping ~*~*~tactically~*~*~ (stealth).
 69032 | Abyss:4  | 69032 ||| Stepping ~*~*~tactically~*~*~ (stealth).
 69033 | Abyss:4  | 69033 ||| Stepping ~*~*~tactically~*~*~ (stealth).
 69035 | Abyss:4  | 69035 ||| Stepping ~*~*~tactically~*~*~ (hiding).
 69140 | Abyss:4  | 69140 ||| Stepping ~*~*~tactically~*~*~ (hiding).
 69206 | Abyss:4  | 69206 ||| Stepping ~*~*~tactically~*~*~ (stealth).
 69217 | Abyss:4  | 69217 ||| Stepping ~*~*~tactically~*~*~ (hiding).
 69225 | Abyss:4  | 69225 ||| Stepping ~*~*~tactically~*~*~ (hiding).
 69237 | Abyss:4  | 69237 ||| Stepping ~*~*~tactically~*~*~ (stealth).
 69252 | Abyss:4  | 69252 ||| Stepping ~*~*~tactically~*~*~ (stealth).
 69254 | Abyss:4  | 69254 ||| FLEEEEING.
 69255 | Abyss:4  | 69255 ||| Stepping ~*~*~tactically~*~*~ (hiding).
 69257 | Abyss:4  | 69257 ||| Stepping ~*~*~tactically~*~*~ (hiding).
 69286 | Abyss:4  | 69286 ||| Stepping ~*~*~tactically~*~*~ (stealth).
 69293 | Abyss:4  | 69293 ||| Stepping ~*~*~tactically~*~*~ (hiding).
 69301 | Abyss:4  | 69301 ||| Stepping ~*~*~tactically~*~*~ (stealth).
 69310 | Abyss:4  | 69310 ||| Stepping ~*~*~tactically~*~*~ (stealth).
 69358 | Abyss:4  | 69358 ||| Stepping ~*~*~tactically~*~*~ (stealth).
 69372 | Abyss:4  | Reached skill level 9 in Dodging
 69379 | Abyss:4  | 69379 ||| DRINKING 34 potions of curing.
 69379 | Abyss:4  | 69379 ||| (to cure confusion)
 69385 | Abyss:4  | 69385 ||| Stepping ~*~*~tactically~*~*~ (stealth).
 69386 | Abyss:4  | 69386 ||| Stepping ~*~*~tactically~*~*~ (hiding).
 69390 | Abyss:4  | 69390 ||| Stepping ~*~*~tactically~*~*~ (hiding).
 69397 | Abyss:4  | 69397 ||| Stepping ~*~*~tactically~*~*~ (stealth).
 69406 | Abyss:4  | 69406 ||| Stepping ~*~*~tactically~*~*~ (stealth).
 69410 | Abyss:4  | 69410 ||| Stepping ~*~*~tactically~*~*~ (hiding).
 69411 | Abyss:4  | 69411 ||| Stepping ~*~*~tactically~*~*~ (stealth).
 69412 | Abyss:4  | 69412 ||| Stepping ~*~*~tactically~*~*~ (hiding).
 69469 | Abyss:4  | 69469 ||| Stepping ~*~*~tactically~*~*~ (hiding).
 69471 | Abyss:4  | 69471 ||| Stepping ~*~*~tactically~*~*~ (hiding).
 69489 | Abyss:4  | 69489 ||| Stepping ~*~*~tactically~*~*~ (hiding).
 69499 | Abyss:4  | Found a corrupted altar of Lugonu.
 69525 | Abyss:4  | Found a corrupted altar of Lugonu.
 69560 | Abyss:4  | 69560 ||| Stepping ~*~*~tactically~*~*~ (hiding).
 69561 | Abyss:4  | 69561 ||| Stepping ~*~*~tactically~*~*~ (hiding).
 69580 | Abyss:4  | 69580 ||| Stepping ~*~*~tactically~*~*~ (stealth).
 69689 | Abyss:4  | 69689 ||| Stepping ~*~*~tactically~*~*~ (stealth).
 69695 | Abyss:4  | 69695 ||| Stepping ~*~*~tactically~*~*~ (stealth).
 69696 | Abyss:4  | 69696 ||| Stepping ~*~*~tactically~*~*~ (stealth).
 69698 | Abyss:4  | 69698 ||| Stepping ~*~*~tactically~*~*~ (stealth).
 69704 | Abyss:4  | 69704 ||| Stepping ~*~*~tactically~*~*~ (stealth).
 69715 | Abyss:4  | Paralysed by accursed screaming for 1 turns
 69731 | Abyss:4  | Paralysed by accursed screaming for 1 turns
 69750 | Abyss:4  | 69750 ||| INVOKING Summon Divine Warrior.
 69776 | Abyss:4  | Reached skill level 24 in Shields
 69836 | Abyss:4  | Found a corrupted altar of Lugonu.
 69863 | Abyss:4  | 69863 ||| FLEEEEING.
 69902 | Abyss:4  | 69902 ||| Stepping ~*~*~tactically~*~*~ (hiding).
 69969 | Abyss:4  | Found a corrupted altar of Lugonu.
 69987 | Abyss:4  | Reached skill level 24 in Invocations
 70090 | Abyss:4  | 70090 ||| INVOKING Cleansing Flame.
 70146 | Abyss:4  | 70146 ||| INVOKING Cleansing Flame.
 70159 | Abyss:4  | 70159 ||| INVOKING Summon Divine Warrior.
 70161 | Abyss:4  | HP: 47/199 [white draconian stormcaller/divine providence
                  | (14)]
 70162 | Abyss:4  | 70162 ||| READING 8 scrolls of teleportation.
 70165 | Abyss:4  | HP: 15/199 [disintegration (19)]
 70173 | Abyss:4  | HP: 14/199 [starcursed mass/accursed screaming (5)]
 70174 | Abyss:4  | HP: 6/199 [starcursed mass/accursed screaming (8)]
 70196 | Abyss:4  | 70196 ||| Stepping ~*~*~tactically~*~*~ (stealth).
 70203 | Abyss:4  | 70203 ||| READING 7 scrolls of teleportation.
 70203 | Abyss:4  | HP: 7/199 [large abomination (21)]
 70271 | Abyss:4  | 70271 ||| Stepping ~*~*~tactically~*~*~ (stealth).
 70284 | Abyss:4  | 70284 ||| INVOKING Summon Divine Warrior.
 70288 | Abyss:4  | Gained mutation: You are very vulnerable to cold. (rC--) [a
                  | cacodemon]
 70437 | Abyss:4  | 70437 ||| INVOKING Cleansing Flame.
 70464 | Abyss:4  | 70464 ||| Stepping ~*~*~tactically~*~*~ (cloud).
 70469 | Abyss:4  | 70469 ||| Stepping ~*~*~tactically~*~*~ (cloud).
 70497 | Abyss:4  | 70497 ||| Stepping ~*~*~tactically~*~*~ (stealth).
 70499 | Abyss:4  | 70499 ||| Stepping ~*~*~tactically~*~*~ (stealth).
 70504 | Abyss:4  | 70504 ||| Stepping ~*~*~tactically~*~*~ (stealth).
 70518 | Abyss:4  | 70518 ||| Stepping ~*~*~tactically~*~*~ (stealth).
 70552 | Abyss:4  | 70552 ||| Stepping ~*~*~tactically~*~*~ (hiding).
 70554 | Abyss:4  | 70554 ||| Stepping ~*~*~tactically~*~*~ (hiding).
 70556 | Abyss:4  | 70556 ||| Stepping ~*~*~tactically~*~*~ (hiding).
 70557 | Abyss:4  | 70557 ||| Stepping ~*~*~tactically~*~*~ (hiding).
 70558 | Abyss:4  | 70558 ||| Stepping ~*~*~tactically~*~*~ (hiding).
 70582 | Abyss:4  | 70582 ||| Stepping ~*~*~tactically~*~*~ (stealth).
 70585 | Abyss:4  | 70585 ||| Stepping ~*~*~tactically~*~*~ (stealth).
 70595 | Abyss:4  | 70595 ||| Stepping ~*~*~tactically~*~*~ (stealth).
 70596 | Abyss:4  | 70596 ||| Stepping ~*~*~tactically~*~*~ (stealth).
 70597 | Abyss:4  | 70597 ||| Stepping ~*~*~tactically~*~*~ (stealth).
 70598 | Abyss:4  | 70598 ||| Stepping ~*~*~tactically~*~*~ (stealth).
 70603 | Abyss:4  | 70603 ||| INVOKING Cleansing Flame.
 70636 | Abyss:4  | 70636 ||| Stepping ~*~*~tactically~*~*~ (stealth).
 70639 | Abyss:4  | 70639 ||| DRINKING 33 potions of curing.
 70639 | Abyss:4  | 70639 ||| (to cure confusion)
 70641 | Abyss:4  | 70641 ||| DRINKING 32 potions of curing.
 70641 | Abyss:4  | 70641 ||| (to cure confusion)
 70644 | Abyss:4  | 70644 ||| DRINKING 31 potions of curing.
 70644 | Abyss:4  | 70644 ||| (to cure confusion)
 70645 | Abyss:4  | 70645 ||| DRINKING 30 potions of curing.
 70645 | Abyss:4  | 70645 ||| (to cure confusion)
 70648 | Abyss:4  | 70648 ||| Stepping ~*~*~tactically~*~*~ (hiding).
 70649 | Abyss:4  | 70649 ||| Stepping ~*~*~tactically~*~*~ (hiding).
 70664 | Abyss:4  | 70664 ||| Stepping ~*~*~tactically~*~*~ (stealth).
 70667 | Abyss:4  | 70667 ||| Stepping ~*~*~tactically~*~*~ (stealth).
 70700 | Abyss:4  | 70700 ||| Stepping ~*~*~tactically~*~*~ (hiding).
 70701 | Abyss:4  | 70701 ||| Stepping ~*~*~tactically~*~*~ (hiding).
 70703 | Abyss:4  | 70703 ||| Stepping ~*~*~tactically~*~*~ (hiding).
 70704 | Abyss:4  | 70704 ||| Stepping ~*~*~tactically~*~*~ (hiding).
 70705 | Abyss:4  | 70705 ||| Stepping ~*~*~tactically~*~*~ (hiding).
 70706 | Abyss:4  | 70706 ||| Stepping ~*~*~tactically~*~*~ (hiding).
 70707 | Abyss:4  | 70707 ||| Stepping ~*~*~tactically~*~*~ (hiding).
 70708 | Abyss:4  | 70708 ||| Stepping ~*~*~tactically~*~*~ (hiding).
 70778 | Abyss:4  | 70778 ||| Stepping ~*~*~tactically~*~*~ (hiding).
 70860 | Abyss:4  | 70860 ||| Stepping ~*~*~tactically~*~*~ (stealth).
 70916 | Abyss:4  | 70916 ||| Stepping ~*~*~tactically~*~*~ (hiding).
 70975 | Abyss:4  | 70975 ||| Stepping ~*~*~tactically~*~*~ (hiding).
 70982 | Abyss:4  | 70982 ||| FLEEEEING.
 70985 | Abyss:4  | 70985 ||| Stepping ~*~*~tactically~*~*~ (hiding).
 70995 | Abyss:4  | 70995 ||| Stepping ~*~*~tactically~*~*~ (hiding).
 71031 | Abyss:4  | 71031 ||| FLEEEEING.
 71035 | Abyss:4  | 71035 ||| Stepping ~*~*~tactically~*~*~ (hiding).
 71064 | Abyss:4  | 71064 ||| Stepping ~*~*~tactically~*~*~ (stealth).
 71080 | Abyss:4  | 71080 ||| Stepping ~*~*~tactically~*~*~ (stealth).
 71083 | Abyss:4  | 71083 ||| Stepping ~*~*~tactically~*~*~ (stealth).
 71104 | Abyss:4  | 71104 ||| Stepping ~*~*~tactically~*~*~ (stealth).
 71105 | Abyss:4  | 71105 ||| Stepping ~*~*~tactically~*~*~ (stealth).
 71106 | Abyss:4  | Noticed a dread lich
 71107 | Abyss:4  | 71107 ||| INVOKING Summon Divine Warrior.
 71111 | Abyss:4  | 71111 ||| INVOKING Cleansing Flame.
 71112 | Abyss:4  | 71112 ||| INVOKING Cleansing Flame.
 71113 | Abyss:4  | 71113 ||| INVOKING Cleansing Flame.
 71114 | Abyss:4  | 71114 ||| INVOKING Cleansing Flame.
 71114 | Abyss:4  | Killed a dread lich
 71134 | Abyss:4  | Gained mutation: Your spells are a little easier to cast,
                  | but a little less powerful. [a neqoxec]
 71162 | Abyss:4  | 71162 ||| Stepping ~*~*~tactically~*~*~ (hiding).
 71175 | Abyss:4  | 71175 ||| Stepping ~*~*~tactically~*~*~ (hiding).
 71192 | Abyss:4  | 71192 ||| Stepping ~*~*~tactically~*~*~ (stealth).
 71214 | Abyss:4  | 71214 ||| Stepping ~*~*~tactically~*~*~ (stealth).
 71215 | Abyss:4  | 71215 ||| Stepping ~*~*~tactically~*~*~ (stealth).
 71217 | Abyss:4  | 71217 ||| Stepping ~*~*~tactically~*~*~ (stealth).
 71265 | Abyss:4  | 71265 ||| Stepping ~*~*~tactically~*~*~ (hiding).
 71271 | Abyss:4  | 71271 ||| Stepping ~*~*~tactically~*~*~ (hiding).
 71335 | Abyss:4  | 71335 ||| PLANNING DEPTHS
 71347 | Abyss:4  | 71347 ||| Stepping ~*~*~tactically~*~*~ (hiding).
 71348 | Abyss:4  | 71348 ||| Stepping ~*~*~tactically~*~*~ (hiding).
 71355 | Abyss:4  | 71355 ||| Stepping ~*~*~tactically~*~*~ (hiding).
 71357 | Abyss:4  | 71357 ||| Stepping ~*~*~tactically~*~*~ (hiding).
 71364 | Abyss:4  | 71364 ||| Stepping ~*~*~tactically~*~*~ (stealth).
 71404 | Abyss:4  | 71404 ||| Stepping ~*~*~tactically~*~*~ (stealth).
 71406 | Abyss:4  | 71406 ||| Stepping ~*~*~tactically~*~*~ (hiding).
 71421 | Abyss:4  | 71421 ||| Stepping ~*~*~tactically~*~*~ (stealth).
 71423 | Abyss:4  | 71423 ||| Stepping ~*~*~tactically~*~*~ (hiding).
 71425 | Abyss:4  | 71425 ||| Stepping ~*~*~tactically~*~*~ (hiding).
 71432 | Abyss:4  | Paralysed by accursed screaming for 2 turns
 71475 | Abyss:4  | 71475 ||| Stepping ~*~*~tactically~*~*~ (hiding).
 71487 | Abyss:4  | Paralysed by accursed screaming for 1 turns
 71489 | Depths:3 | Escaped the Abyss
 71648 | Depths:3 | 71648 ||| PLANNING ABYSS
 71659 | Depths:3 | Voluntarily entered the Abyss.
 71724 | Abyss:4  | 71724 ||| Stepping ~*~*~tactically~*~*~ (stealth).
 71726 | Abyss:4  | 71726 ||| Stepping ~*~*~tactically~*~*~ (hiding).
 71788 | Abyss:4  | 71788 ||| Stepping ~*~*~tactically~*~*~ (stealth).
 71822 | Abyss:4  | 71822 ||| Stepping ~*~*~tactically~*~*~ (hiding).
 71843 | Abyss:4  | 71843 ||| Stepping ~*~*~tactically~*~*~ (stealth).
 71861 | Abyss:4  | 71861 ||| Stepping ~*~*~tactically~*~*~ (stealth).
 71882 | Abyss:4  | 71882 ||| Stepping ~*~*~tactically~*~*~ (stealth).
 71884 | Abyss:4  | 71884 ||| Stepping ~*~*~tactically~*~*~ (stealth).
 71893 | Abyss:4  | 71893 ||| Stepping ~*~*~tactically~*~*~ (stealth).
 71894 | Abyss:4  | 71894 ||| Stepping ~*~*~tactically~*~*~ (stealth).
 71901 | Abyss:4  | 71901 ||| Stepping ~*~*~tactically~*~*~ (hiding).
 71902 | Abyss:4  | 71902 ||| Stepping ~*~*~tactically~*~*~ (hiding).
 71908 | Abyss:4  | 71908 ||| Stepping ~*~*~tactically~*~*~ (stealth).
 71915 | Abyss:4  | 71915 ||| Stepping ~*~*~tactically~*~*~ (stealth).
 71969 | Abyss:4  | 71969 ||| Stepping ~*~*~tactically~*~*~ (stealth).
 71970 | Abyss:4  | 71970 ||| Stepping ~*~*~tactically~*~*~ (stealth).
 71975 | Abyss:4  | 71975 ||| Stepping ~*~*~tactically~*~*~ (hiding).
 71976 | Abyss:4  | 71976 ||| Stepping ~*~*~tactically~*~*~ (stealth).
 72008 | Abyss:4  | 72008 ||| Stepping ~*~*~tactically~*~*~ (hiding).
 72009 | Abyss:4  | 72009 ||| Stepping ~*~*~tactically~*~*~ (hiding).
 72010 | Abyss:4  | 72010 ||| Stepping ~*~*~tactically~*~*~ (hiding).
 72012 | Abyss:4  | 72012 ||| Stepping ~*~*~tactically~*~*~ (stealth).
 72104 | Abyss:4  | 72104 ||| Stepping ~*~*~tactically~*~*~ (stealth).
 72114 | Abyss:4  | 72114 ||| Stepping ~*~*~tactically~*~*~ (stealth).
 72223 | Abyss:4  | 72223 ||| Stepping ~*~*~tactically~*~*~ (stealth).
 72224 | Abyss:4  | 72224 ||| Stepping ~*~*~tactically~*~*~ (stealth).
 72242 | Abyss:4  | 72242 ||| Stepping ~*~*~tactically~*~*~ (hiding).
 72246 | Abyss:4  | Paralysed by a great orb of eyes for 3 turns
 72351 | Abyss:4  | 72351 ||| Stepping ~*~*~tactically~*~*~ (stealth).
 72360 | Abyss:4  | 72360 ||| Stepping ~*~*~tactically~*~*~ (stealth).
 72361 | Abyss:4  | 72361 ||| Stepping ~*~*~tactically~*~*~ (stealth).
 72363 | Abyss:4  | 72363 ||| Stepping ~*~*~tactically~*~*~ (stealth).
 72364 | Abyss:4  | 72364 ||| Stepping ~*~*~tactically~*~*~ (stealth).
 72367 | Abyss:4  | 72367 ||| Stepping ~*~*~tactically~*~*~ (stealth).
 72368 | Abyss:4  | 72368 ||| Stepping ~*~*~tactically~*~*~ (stealth).
 72414 | Abyss:4  | 72414 ||| INVOKING Summon Divine Warrior.
 72426 | Abyss:4  | Noticed an ancient lich
 72427 | Abyss:4  | 72427 ||| Stepping ~*~*~tactically~*~*~ (hiding).
 72438 | Abyss:4  | Killed an ancient lich
 72498 | Abyss:4  | 72498 ||| Stepping ~*~*~tactically~*~*~ (cloud).
 72562 | Abyss:4  | Reached skill level 21 in Axes
 72697 | Abyss:4  | 72697 ||| INVOKING Cleansing Flame.
 72697 | Abyss:4  | Paralysed by accursed screaming for 1 turns
 72777 | Abyss:4  | Reached skill level 1 in Short Blades
 72827 | Abyss:4  | 72827 ||| Stepping ~*~*~tactically~*~*~ (hiding).
 72876 | Abyss:4  | 72876 ||| Stepping ~*~*~tactically~*~*~ (hiding).
 72937 | Abyss:4  | Reached skill level 3 in Short Blades
 72999 | Abyss:4  | 72999 ||| FLEEEEING.
 73007 | Abyss:4  | 73007 ||| Stepping ~*~*~tactically~*~*~ (stealth).
 73009 | Abyss:4  | 73009 ||| Stepping ~*~*~tactically~*~*~ (stealth).
 73010 | Abyss:4  | 73010 ||| FLEEEEING.
 73011 | Abyss:4  | 73011 ||| Stepping ~*~*~tactically~*~*~ (stealth).
 73012 | Abyss:4  | 73012 ||| FLEEEEING.
 73014 | Abyss:4  | 73014 ||| FLEEEEING.
 73016 | Abyss:4  | 73016 ||| FLEEEEING.
 73018 | Abyss:4  | 73018 ||| FLEEEEING.
 73020 | Abyss:4  | 73020 ||| FLEEEEING.
 73027 | Abyss:4  | 73027 ||| FLEEEEING.
 73033 | Abyss:4  | 73033 ||| Stepping ~*~*~tactically~*~*~ (stealth).
 73034 | Abyss:4  | 73034 ||| FLEEEEING.
 73036 | Abyss:4  | 73036 ||| FLEEEEING.
 73038 | Abyss:4  | 73038 ||| FLEEEEING.
 73039 | Abyss:4  | 73039 ||| Stepping ~*~*~tactically~*~*~ (hiding).
 73040 | Abyss:4  | 73040 ||| FLEEEEING.
 73047 | Abyss:4  | 73047 ||| DRINKING 29 potions of curing.
 73047 | Abyss:4  | 73047 ||| (to cure confusion)
 73050 | Abyss:4  | 73050 ||| Stepping ~*~*~tactically~*~*~ (hiding).
 73079 | Abyss:4  | 73079 ||| Stepping ~*~*~tactically~*~*~ (stealth).
 73082 | Abyss:4  | 73082 ||| Stepping ~*~*~tactically~*~*~ (stealth).
 73089 | Abyss:4  | 73089 ||| Stepping ~*~*~tactically~*~*~ (stealth).
 73090 | Abyss:4  | 73090 ||| Stepping ~*~*~tactically~*~*~ (stealth).
 73092 | Abyss:4  | 73092 ||| Stepping ~*~*~tactically~*~*~ (stealth).
 73096 | Abyss:4  | 73096 ||| Stepping ~*~*~tactically~*~*~ (stealth).
 73104 | Abyss:4  | 73104 ||| Stepping ~*~*~tactically~*~*~ (stealth).
 73105 | Abyss:4  | 73105 ||| FLEEEEING.
 73123 | Abyss:4  | Reached skill level 27 in Invocations
 73123 | Abyss:4  | 73123 ||| Stepping ~*~*~tactically~*~*~ (hiding).
 73136 | Abyss:4  | 73136 ||| Stepping ~*~*~tactically~*~*~ (cloud).
 73184 | Abyss:4  | 73184 ||| Stepping ~*~*~tactically~*~*~ (stealth).
 73215 | Abyss:4  | 73215 ||| Stepping ~*~*~tactically~*~*~ (stealth).
 73221 | Abyss:4  | 73221 ||| Stepping ~*~*~tactically~*~*~ (stealth).
 73224 | Abyss:4  | 73224 ||| Stepping ~*~*~tactically~*~*~ (stealth).
 73237 | Abyss:4  | 73237 ||| Stepping ~*~*~tactically~*~*~ (hiding).
 73238 | Abyss:4  | 73238 ||| Stepping ~*~*~tactically~*~*~ (hiding).
 73239 | Abyss:4  | 73239 ||| Stepping ~*~*~tactically~*~*~ (hiding).
 73240 | Abyss:4  | 73240 ||| Stepping ~*~*~tactically~*~*~ (hiding).
 73287 | Abyss:4  | 73287 ||| Stepping ~*~*~tactically~*~*~ (stealth).
 73331 | Abyss:4  | 73331 ||| Stepping ~*~*~tactically~*~*~ (stealth).
 73365 | Abyss:4  | 73365 ||| Stepping ~*~*~tactically~*~*~ (hiding).
 73367 | Abyss:4  | 73367 ||| Stepping ~*~*~tactically~*~*~ (hiding).
 73403 | Abyss:4  | 73403 ||| Stepping ~*~*~tactically~*~*~ (cloud).
 73417 | Abyss:4  | 73417 ||| Stepping ~*~*~tactically~*~*~ (hiding).
 73422 | Abyss:4  | 73422 ||| Stepping ~*~*~tactically~*~*~ (hiding).
 73426 | Abyss:4  | 73426 ||| Stepping ~*~*~tactically~*~*~ (hiding).
 73445 | Abyss:4  | 73445 ||| Stepping ~*~*~tactically~*~*~ (stealth).
 73453 | Abyss:4  | 73453 ||| Stepping ~*~*~tactically~*~*~ (stealth).
 73497 | Abyss:4  | 73497 ||| Stepping ~*~*~tactically~*~*~ (stealth).
 73511 | Abyss:4  | 73511 ||| Stepping ~*~*~tactically~*~*~ (hiding).
 73565 | Abyss:4  | 73565 ||| Stepping ~*~*~tactically~*~*~ (stealth).
 73567 | Abyss:4  | 73567 ||| Stepping ~*~*~tactically~*~*~ (stealth).
 73571 | Abyss:4  | 73571 ||| Stepping ~*~*~tactically~*~*~ (stealth).
 73574 | Abyss:4  | 73574 ||| Stepping ~*~*~tactically~*~*~ (stealth).
 73575 | Abyss:4  | 73575 ||| Stepping ~*~*~tactically~*~*~ (stealth).
 73576 | Abyss:4  | 73576 ||| Stepping ~*~*~tactically~*~*~ (stealth).
 73583 | Abyss:4  | 73583 ||| Stepping ~*~*~tactically~*~*~ (stealth).
 73643 | Abyss:4  | 73643 ||| Stepping ~*~*~tactically~*~*~ (stealth).
 73647 | Abyss:4  | 73647 ||| Stepping ~*~*~tactically~*~*~ (hiding).
 73655 | Abyss:4  | Gained mutation: You are vulnerable to heat. (rF-) [a
                  | shining eye]
 73661 | Abyss:4  | 73661 ||| Stepping ~*~*~tactically~*~*~ (hiding).
 73665 | Abyss:4  | 73665 ||| Stepping ~*~*~tactically~*~*~ (hiding).
 73670 | Abyss:4  | Gained mutation: You are occasionally teleported next to
                  | monsters. [a neqoxec]
 73673 | Abyss:4  | Gained mutation: Your magical capacity is very low. (-20%
                  | MP) [a neqoxec]
 73677 | Abyss:4  | 73677 ||| Stepping ~*~*~tactically~*~*~ (hiding).
 73685 | Abyss:4  | 73685 ||| Stepping ~*~*~tactically~*~*~ (hiding).
 73692 | Abyss:4  | 73692 ||| Stepping ~*~*~tactically~*~*~ (hiding).
 73693 | Abyss:4  | Paralysed by an air elemental for 1 turns
 73712 | Abyss:4  | 73712 ||| Stepping ~*~*~tactically~*~*~ (hiding).
 73713 | Abyss:4  | 73713 ||| Stepping ~*~*~tactically~*~*~ (hiding).
 73762 | Abyss:4  | 73762 ||| Stepping ~*~*~tactically~*~*~ (hiding).
 73763 | Abyss:4  | 73763 ||| Stepping ~*~*~tactically~*~*~ (hiding).
 73766 | Abyss:4  | 73766 ||| Stepping ~*~*~tactically~*~*~ (hiding).
 73829 | Abyss:4  | 73829 ||| Stepping ~*~*~tactically~*~*~ (hiding).
 73830 | Abyss:4  | 73830 ||| Stepping ~*~*~tactically~*~*~ (hiding).
 73831 | Abyss:4  | 73831 ||| Stepping ~*~*~tactically~*~*~ (hiding).
 73844 | Abyss:4  | 73844 ||| Stepping ~*~*~tactically~*~*~ (stealth).
 73846 | Abyss:4  | 73846 ||| Stepping ~*~*~tactically~*~*~ (stealth).
 73873 | Abyss:4  | Noticed an ancient lich
 73874 | Abyss:4  | 73874 ||| INVOKING Summon Divine Warrior.
 73878 | Abyss:4  | 73878 ||| Stepping ~*~*~tactically~*~*~ (cloud).
 73878 | Abyss:4  | Killed an ancient lich
 73962 | Abyss:4  | Found a corrupted altar of Lugonu.
 74110 | Abyss:4  | Gained mutation: You are very vulnerable to heat. (rF--) [a
                  | cacodemon]
 74177 | Abyss:4  | 74177 ||| Stepping ~*~*~tactically~*~*~ (stealth).
 74190 | Abyss:4  | 74190 ||| Stepping ~*~*~tactically~*~*~ (hiding).
 74194 | Abyss:4  | 74194 ||| Stepping ~*~*~tactically~*~*~ (hiding).
 74200 | Abyss:4  | 74200 ||| Stepping ~*~*~tactically~*~*~ (hiding).
 74219 | Abyss:4  | Paralysed by accursed screaming for 1 turns
 74260 | Abyss:4  | 74260 ||| INVOKING Summon Divine Warrior.
 74303 | Abyss:4  | 74303 ||| Stepping ~*~*~tactically~*~*~ (hiding).
 74304 | Abyss:4  | 74304 ||| FLEEEEING.
 74305 | Abyss:4  | 74305 ||| FLEEEEING.
 74306 | Abyss:4  | 74306 ||| FLEEEEING.
 74341 | Abyss:4  | 74341 ||| INVOKING Summon Divine Warrior.
 74422 | Abyss:4  | 74422 ||| Stepping ~*~*~tactically~*~*~ (hiding).
 74498 | Abyss:4  | 74498 ||| INVOKING Cleansing Flame.
 74540 | Abyss:4  | 74540 ||| INVOKING Summon Divine Warrior.
 74777 | Abyss:4  | 74777 ||| DRINKING 28 potions of curing.
 74777 | Abyss:4  | 74777 ||| (to cure confusion)
 74826 | Abyss:4  | Noticed an ancient lich
 74838 | Abyss:4  | Killed an ancient lich
 74839 | Abyss:4  | Reached skill level 12 in Dodging
 74981 | Abyss:4  | 74981 ||| Stepping ~*~*~tactically~*~*~ (stealth).
 75007 | Abyss:4  | 75007 ||| Stepping ~*~*~tactically~*~*~ (stealth).
 75009 | Abyss:4  | 75009 ||| Stepping ~*~*~tactically~*~*~ (stealth).
 75012 | Abyss:4  | 75012 ||| Stepping ~*~*~tactically~*~*~ (hiding).
 75022 | Abyss:4  | 75022 ||| Stepping ~*~*~tactically~*~*~ (stealth).
 75029 | Abyss:4  | Noticed an ancient lich
 75031 | Abyss:4  | 75031 ||| INVOKING Summon Divine Warrior.
 75033 | Abyss:4  | 75033 ||| INVOKING Cleansing Flame.
 75034 | Abyss:4  | 75034 ||| INVOKING Cleansing Flame.
 75035 | Abyss:4  | Killed an ancient lich
 75163 | Abyss:4  | 75163 ||| Stepping ~*~*~tactically~*~*~ (stealth).
 75164 | Abyss:4  | 75164 ||| Stepping ~*~*~tactically~*~*~ (stealth).
 75257 | Abyss:4  | 75257 ||| Stepping ~*~*~tactically~*~*~ (cloud).
 75267 | Abyss:4  | Paralysed by accursed screaming for 1 turns
 75289 | Abyss:4  | 75289 ||| Stepping ~*~*~tactically~*~*~ (cloud).
 75373 | Abyss:4  | 75373 ||| INVOKING Cleansing Flame.
 75381 | Abyss:4  | 75381 ||| Stepping ~*~*~tactically~*~*~ (hiding).
 75400 | Abyss:4  | Reached skill level 24 in Axes
 75428 | Abyss:4  | 75428 ||| INVOKING Cleansing Flame.
 75443 | Abyss:4  | Got an abyssal rune of Zot
 75515 | Abyss:4  | Paralysed by you for 2 turns
 75552 | Abyss:4  | 75552 ||| INVOKING Summon Divine Warrior.
 75606 | Abyss:4  | 75606 ||| DRINKING 27 potions of curing.
 75606 | Abyss:4  | 75606 ||| (to cure confusion)
 75652 | Abyss:4  | 75652 ||| INVOKING Cleansing Flame.
 75667 | Abyss:4  | 75667 ||| PLANNING PAN
 75668 | Depths:3 | Escaped the Abyss
 75669 | Depths:3 | 75669 ||| SWAPPING to +9 broad axe of holy wrath.
 75673 | Depths:3 | 75673 ||| UPGRADING to +2 pair of gloves of Bitterness
                  | {+Inv rC- Dex+5}.
 75723 | Pan      | Entered Pandemonium
 75724 | Pan      | 75724 ||| Stepping ~*~*~tactically~*~*~ (hiding).
 75735 | Pan      | 75735 ||| INVOKING Summon Divine Warrior.
 75736 | Pan      | 75736 ||| INVOKING Cleansing Flame.
 75976 | Pan      | 75976 ||| INVOKING Cleansing Flame.
 75991 | Pan      | Noticed Viwnezui the pandemonium lord
 75995 | Pan      | 75995 ||| DRINKING 26 potions of curing.
 75995 | Pan      | 75995 ||| (to cure confusion)
 75996 | Pan      | 75996 ||| INVOKING Cleansing Flame.
 76003 | Pan      | 76003 ||| DRINKING 25 potions of curing.
 76003 | Pan      | 76003 ||| (to cure confusion)
 76007 | Pan      | 76007 ||| INVOKING Summon Divine Warrior.
 76008 | Pan      | Killed Viwnezui the pandemonium lord
 76023 | Pan      | 76023 ||| Stepping ~*~*~tactically~*~*~ (hiding).
 76180 | Pan      | 76180 ||| INVOKING Cleansing Flame.
 76628 | Pan      | 76628 ||| INVOKING Cleansing Flame.
 76629 | Pan      | 76629 ||| INVOKING Cleansing Flame.
 76630 | Pan      | 76630 ||| INVOKING Cleansing Flame.
 76631 | Pan      | 76631 ||| INVOKING Cleansing Flame.
 76632 | Pan      | 76632 ||| INVOKING Cleansing Flame.
 76664 | Pan      | 76664 ||| INVOKING Cleansing Flame.
 76919 | Pan      | 76919 ||| Stepping ~*~*~tactically~*~*~ (stealth).
 76971 | Pan      | 76971 ||| UPGRADING to +2 tower shield of reflection.
 76981 | Pan      | 76981 ||| DROPPING +0 tower shield.
 77008 | Pan      | 77008 ||| Stepping ~*~*~tactically~*~*~ (cloud).
 77020 | Pan      | 77020 ||| INVOKING Summon Divine Warrior.
 77041 | Pan      | 77041 ||| Stepping ~*~*~tactically~*~*~ (hiding).
 77042 | Pan      | 77042 ||| Stepping ~*~*~tactically~*~*~ (hiding).
 77043 | Pan      | 77043 ||| INVOKING Summon Divine Warrior.
 77044 | Pan      | 77044 ||| INVOKING Cleansing Flame.
 77109 | Pan      | 77109 ||| Stepping ~*~*~tactically~*~*~ (stealth).
 77110 | Pan      | 77110 ||| Stepping ~*~*~tactically~*~*~ (stealth).
 77111 | Pan      | 77111 ||| Stepping ~*~*~tactically~*~*~ (stealth).
 77112 | Pan      | 77112 ||| INVOKING Cleansing Flame.
 77113 | Pan      | 77113 ||| Stepping ~*~*~tactically~*~*~ (hiding).
 77114 | Pan      | 77114 ||| DRINKING potion of resistance.
 77115 | Pan      | 77115 ||| INVOKING Summon Divine Warrior.
 77122 | Pan      | 77122 ||| INVOKING Cleansing Flame.
 77123 | Pan      | 77123 ||| INVOKING Cleansing Flame.
 77124 | Pan      | 77124 ||| INVOKING Cleansing Flame.
 77205 | Pan      | Found an exit through the horrors of the Abyss.
 77253 | Pan      | Noticed Cesaipus the pandemonium lord
 77254 | Pan      | 77254 ||| INVOKING Summon Divine Warrior.
 77262 | Pan      | Killed Cesaipus the pandemonium lord
 77263 | Pan      | 77263 ||| INVOKING Cleansing Flame.
 77301 | Pan      | 77301 ||| Stepping ~*~*~tactically~*~*~ (stealth).
 77356 | Pan      | 77356 ||| INVOKING Cleansing Flame.
 77590 | Pan      | 77590 ||| INVOKING Summon Divine Warrior.
 77594 | Pan      | Noticed Mosmih the pandemonium lord
 77617 | Pan      | 77617 ||| Stepping ~*~*~tactically~*~*~ (cloud).
 77622 | Pan      | 77622 ||| Stepping ~*~*~tactically~*~*~ (cloud).
 77626 | Pan      | 77626 ||| Stepping ~*~*~tactically~*~*~ (cloud).
 77640 | Pan      | Identified the +12 halberd of Doubt {freeze, Contam +Blink
                  | Int+2}
 77646 | Pan      | 77646 ||| Stepping ~*~*~tactically~*~*~ (cloud).
 77647 | Pan      | 77647 ||| Stepping ~*~*~tactically~*~*~ (cloud).
 77649 | Pan      | 77649 ||| Stepping ~*~*~tactically~*~*~ (cloud).
 77650 | Pan      | 77650 ||| Stepping ~*~*~tactically~*~*~ (cloud).
 77654 | Pan      | HP: 21/199 [ice statue/bolt of cold (34)]
 77655 | Pan      | 77655 ||| READING 6 scrolls of teleportation.
 77656 | Pan      | 77656 ||| DRINKING potion of heal wounds.
 77660 | Pan      | 77660 ||| READING 5 scrolls of teleportation.
 77661 | Pan      | HP: 33/199 [balrug/bolt of fire (13)]
 77662 | Pan      | 77662 ||| INVOKING Cleansing Flame.
 77679 | Pan      | 77679 ||| INVOKING Summon Divine Warrior.
 77694 | Pan      | 77694 ||| DRINKING 26 potions of curing.
 77694 | Pan      | 77694 ||| (to cure confusion)
 77700 | Pan      | 77700 ||| INVOKING Cleansing Flame.
 77709 | Pan      | 77709 ||| INVOKING Summon Divine Warrior.
 77718 | Pan      | 77718 ||| INVOKING Cleansing Flame.
 77719 | Pan      | 77719 ||| INVOKING Summon Divine Warrior.
 77724 | Pan      | Killed Mosmih the pandemonium lord
 77725 | Pan      | Reached skill level 15 in Dodging
 77733 | Pan      | HP: 36/199 [golden dragon[a demonspawn corrupter] (15)]
 77734 | Pan      | 77734 ||| READING 4 scrolls of teleportation.
 77738 | Pan      | HP: 30/199 [acid[a demonspawn corrupter] (2)]
 78108 | Pan      | 78108 ||| Stepping ~*~*~tactically~*~*~ (stealth).
 78128 | Pan      | 78128 ||| Stepping ~*~*~tactically~*~*~ (hiding).
 78130 | Pan      | 78130 ||| Stepping ~*~*~tactically~*~*~ (hiding).
 78132 | Pan      | 78132 ||| Stepping ~*~*~tactically~*~*~ (hiding).
 78133 | Pan      | 78133 ||| Stepping ~*~*~tactically~*~*~ (hiding).
 78134 | Pan      | 78134 ||| Stepping ~*~*~tactically~*~*~ (hiding).
 78135 | Pan      | 78135 ||| Stepping ~*~*~tactically~*~*~ (hiding).
 78136 | Pan      | 78136 ||| Stepping ~*~*~tactically~*~*~ (hiding).
 78287 | Pan      | 78287 ||| Stepping ~*~*~tactically~*~*~ (stealth).
 78288 | Pan      | 78288 ||| Stepping ~*~*~tactically~*~*~ (stealth).
 78289 | Pan      | 78289 ||| Stepping ~*~*~tactically~*~*~ (stealth).
 78290 | Pan      | 78290 ||| Stepping ~*~*~tactically~*~*~ (stealth).
 78392 | Pan      | 78392 ||| Stepping ~*~*~tactically~*~*~ (stealth).
 78530 | Pan      | 78530 ||| INVOKING Summon Divine Warrior.
 78534 | Pan      | 78534 ||| Stepping ~*~*~tactically~*~*~ (cloud).
 78535 | Pan      | 78535 ||| Stepping ~*~*~tactically~*~*~ (cloud).
 78536 | Pan      | 78536 ||| Stepping ~*~*~tactically~*~*~ (cloud).
 78538 | Pan      | 78538 ||| Stepping ~*~*~tactically~*~*~ (cloud).
 78541 | Pan      | 78541 ||| Stepping ~*~*~tactically~*~*~ (cloud).
 78542 | Pan      | 78542 ||| INVOKING Summon Divine Warrior.
 78544 | Pan      | 78544 ||| Stepping ~*~*~tactically~*~*~ (cloud).
 78548 | Pan      | 78548 ||| Stepping ~*~*~tactically~*~*~ (cloud).
 78549 | Pan      | 78549 ||| Stepping ~*~*~tactically~*~*~ (cloud).
 78553 | Pan      | 78553 ||| Stepping ~*~*~tactically~*~*~ (cloud).
 78554 | Pan      | 78554 ||| INVOKING Summon Divine Warrior.
 78569 | Pan      | 78569 ||| Stepping ~*~*~tactically~*~*~ (cloud).
 78574 | Pan      | 78574 ||| Stepping ~*~*~tactically~*~*~ (cloud).
 78579 | Pan      | 78579 ||| Stepping ~*~*~tactically~*~*~ (cloud).
 78585 | Pan      | 78585 ||| Stepping ~*~*~tactically~*~*~ (cloud).
 78587 | Pan      | 78587 ||| Stepping ~*~*~tactically~*~*~ (cloud).
 78589 | Pan      | 78589 ||| Stepping ~*~*~tactically~*~*~ (cloud).
 78590 | Pan      | 78590 ||| INVOKING Summon Divine Warrior.
 78676 | Pan      | Got a demonic rune of Zot
 78693 | Pan      | Entered the realm of Lom Lobon.
 78693 | Pan      | Noticed Lom Lobon
 78694 | Pan      | 78694 ||| DRINKING 4 potions of haste.
 78695 | Pan      | 78695 ||| INVOKING Summon Divine Warrior.
 78696 | Pan      | 78696 ||| DRINKING 7 potions of might.
 78709 | Pan      | 78709 ||| INVOKING Summon Divine Warrior.
 78712 | Pan      | HP: 31/199 [Lom Lobon/great icy blast (76)]
 78713 | Pan      | 78713 ||| READING 3 scrolls of teleportation.
 78713 | Pan      | HP: 12/199 [Lom Lobon] (19)]
 78714 | Pan      | Killed Lom Lobon
 78715 | Pan      | 78715 ||| Stepping ~*~*~tactically~*~*~ (cloud).
 78750 | Pan      | 78750 ||| READING 2 scrolls of teleportation.
 78753 | Pan      | 78753 ||| Stepping ~*~*~tactically~*~*~ (cloud).
 78759 | Pan      | 78759 ||| READING scroll of teleportation.
 78791 | Pan      | 78791 ||| INVOKING Summon Divine Warrior.
 78794 | Pan      | 78794 ||| Stepping ~*~*~tactically~*~*~ (cloud).
 78796 | Pan      | 78796 ||| INVOKING Summon Divine Warrior.
 78903 | Pan      | 78903 ||| INVOKING Summon Divine Warrior.
 79253 | Pan      | 79253 ||| Stepping ~*~*~tactically~*~*~ (hiding).
 79281 | Pan      | 79281 ||| Stepping ~*~*~tactically~*~*~ (hiding).
 79282 | Pan      | 79282 ||| Stepping ~*~*~tactically~*~*~ (hiding).
 79333 | Pan      | 79333 ||| Stepping ~*~*~tactically~*~*~ (stealth).
 79335 | Pan      | 79335 ||| Stepping ~*~*~tactically~*~*~ (hiding).
 79336 | Pan      | 79336 ||| Stepping ~*~*~tactically~*~*~ (hiding).
 79478 | Pan      | 79478 ||| READING scroll of enchant armour.
 79478 | Pan      | 79478 ||| ENCHANTING +2 gold dragon scales.
 79721 | Pan      | Got a magical rune of Zot
 79733 | Pan      | 79733 ||| Stepping ~*~*~tactically~*~*~ (stealth).
 79734 | Pan      | 79734 ||| Stepping ~*~*~tactically~*~*~ (stealth).
 79735 | Pan      | 79735 ||| Stepping ~*~*~tactically~*~*~ (stealth).
 79743 | Pan      | 79743 ||| Stepping ~*~*~tactically~*~*~ (stealth).
 79875 | Pan      | 79875 ||| Stepping ~*~*~tactically~*~*~ (hiding).
 79876 | Pan      | 79876 ||| Stepping ~*~*~tactically~*~*~ (hiding).
 79996 | Pan      | 79996 ||| Stepping ~*~*~tactically~*~*~ (hiding).
 79997 | Pan      | 79997 ||| Stepping ~*~*~tactically~*~*~ (hiding).
 80038 | Pan      | 80038 ||| Stepping ~*~*~tactically~*~*~ (stealth).
 80087 | Pan      | Identified the +5 flail of Fortitude {heavy, rElec rPois}
 80485 | Pan      | 80485 ||| Stepping ~*~*~tactically~*~*~ (stealth).
 80568 | Pan      | Found a runed translucent door.
 80605 | Pan      | 80605 ||| INVOKING Summon Divine Warrior.
 80610 | Pan      | 80610 ||| INVOKING Cleansing Flame.
 80611 | Pan      | 80611 ||| INVOKING Cleansing Flame.
 80735 | Pan      | 80735 ||| INVOKING Cleansing Flame.
 80797 | Pan      | Found a runed translucent door.
 80805 | Pan      | 80805 ||| Stepping ~*~*~tactically~*~*~ (hiding).
 80806 | Pan      | 80806 ||| Stepping ~*~*~tactically~*~*~ (hiding).
 80906 | Pan      | 80906 ||| Stepping ~*~*~tactically~*~*~ (stealth).
 80908 | Pan      | 80908 ||| Stepping ~*~*~tactically~*~*~ (stealth).
 80948 | Pan      | 80948 ||| Stepping ~*~*~tactically~*~*~ (hiding).
 80949 | Pan      | 80949 ||| Stepping ~*~*~tactically~*~*~ (hiding).
 80950 | Pan      | 80950 ||| Stepping ~*~*~tactically~*~*~ (hiding).
 80955 | Pan      | 80955 ||| Stepping ~*~*~tactically~*~*~ (hiding).
 80956 | Pan      | 80956 ||| Stepping ~*~*~tactically~*~*~ (stealth).
 80966 | Pan      | Noticed Cichyf the pandemonium lord
 80967 | Pan      | 80967 ||| INVOKING Cleansing Flame.
 80968 | Pan      | 80968 ||| INVOKING Summon Divine Warrior.
 80973 | Pan      | 80973 ||| INVOKING Cleansing Flame.
 80975 | Pan      | Killed Cichyf the pandemonium lord
 81005 | Pan      | 81005 ||| INVOKING Cleansing Flame.
 81096 | Pan      | Entered the realm of Cerebov.
 81185 | Pan      | 81185 ||| Stepping ~*~*~tactically~*~*~ (hiding).
 81206 | Pan      | 81206 ||| Stepping ~*~*~tactically~*~*~ (hiding).
 81208 | Pan      | 81208 ||| Stepping ~*~*~tactically~*~*~ (hiding).
 81324 | Pan      | 81324 ||| Stepping ~*~*~tactically~*~*~ (stealth).
 81331 | Pan      | 81331 ||| Stepping ~*~*~tactically~*~*~ (hiding).
 81373 | Pan      | 81373 ||| Stepping ~*~*~tactically~*~*~ (hiding).
 81559 | Pan      | 81559 ||| Stepping ~*~*~tactically~*~*~ (hiding).
 81618 | Pan      | Identified the +0 leather armour of Experimentation {rElec
                  | rF++ Will+ Str+4}
 81638 | Pan      | Identified the +3 falchion "Urueliaved" {freeze, rElec
                  | Int+3}
 81639 | Pan      | Identified the staff of cold "Osammy" {rC+ Str+4}
 81680 | Pan      | Found the +6 sword of Cerebov {flame}
 81680 | Pan      | Noticed Cerebov
 81681 | Pan      | 81681 ||| DRINKING 5 potions of haste.
 81682 | Pan      | 81682 ||| INVOKING Summon Divine Warrior.
 81683 | Pan      | 81683 ||| DRINKING 6 potions of might.
 81692 | Pan      | 81692 ||| INVOKING Summon Divine Warrior.
 81701 | Pan      | 81701 ||| INVOKING Summon Divine Warrior.
 81701 | Pan      | HP: 20/199 [Cerebov/great blast of fire (49)]
 81702 | Pan      | 81702 ||| READING scroll of teleportation.
 81703 | Pan      | 81703 ||| DRINKING potion of heal wounds.
 81705 | Pan      | 81705 ||| INVOKING Cleansing Flame.
 81707 | Pan      | Killed Cerebov
 81975 | Pan      | 81975 ||| Stepping ~*~*~tactically~*~*~ (stealth).
 82032 | Pan      | Got a fiery rune of Zot
 82082 | Pan      | Entered the realm of Mnoleg.
 82086 | Pan      | Noticed Mnoleg
 82087 | Pan      | 82087 ||| INVOKING Cleansing Flame.
 82088 | Pan      | 82088 ||| INVOKING Cleansing Flame.
 82090 | Pan      | 82090 ||| INVOKING Summon Divine Warrior.
 82093 | Pan      | 82093 ||| INVOKING Cleansing Flame.
 82094 | Pan      | 82094 ||| INVOKING Cleansing Flame.
 82095 | Pan      | 82095 ||| INVOKING Cleansing Flame.
 82098 | Pan      | Killed Mnoleg
 82098 | Pan      | Paralysed by a floating eye for 2 turns
 82099 | Pan      | Reached skill level 6 in Short Blades
 82103 | Pan      | Paralysed by a floating eye for 4 turns
 82106 | Pan      | HP: 33/199 [eldritch tentacle[Mnoleg] (43)]
 82108 | Pan      | HP: 7/199 [eldritch tentacle[Mnoleg] (27)]
 82108 | Pan      | Slain by an eldritch tentacle

Levels and vault maps discovered:
D:1:      kb_arrival_jail, layout_rooms, ebering_ecumenical_altar_webs,
          minivault_11, st_stairs_12
D:2:      layout_basic, uniq_crazy_yiuf_cottage
D:3:      layout_loops_ring
D:4:      layout_gridville, minmay_manual_macuahuitl
D:5:      lemuel_castle_with_subvaults [lemuel_castle_interior_carwin_1],
          layout_gridville, nicolae_ru_awakened_eye,
          mainiacjoe_overflow_concentric_impassable,
          mainiacjoe_overflow_tiny_flanked, uniq_menkaure
D:6:      layout_cave_pools, mainiacjoe_overflow_catwalk_spiral,
          minmay_temple_entry_water_ring, uniq_blork_the_orc
D:7:      layout_cave_pools, lightli_temple_of_fire,
          gammafunk_ghost_wrathful_warriors, hangedman_decor_lopped
D:8:      layout_basic, hellmonk_ghost_happy_afterlife, nicolae_shop_gadgets
D:9:      layout_rooms
D:10:     layout_loops_cross, makhleb_altar_promises_db
D:11:     layout_cave_pools, due_lair_maze_entry_diamond, david_orc_4,
          st_stairs_10
D:12:     layout_cave_pools, muffindrake_ghost_dual_entry, minivault_8
D:13:     minmay_opposing_rooms, layout_loops_cross,
          grunt_vaults_entry_fortified, uniq_maurice
D:14:     layout_irregular_city, grunt_decor_clamped,
          ebering_ghost_reflecting_pool, beargit_elvish_explorers
D:15:     grunt_enter_depths_giant_problem, layout_basic,
          ebering_ghost_inner_flame, serial_bayou_pond_c, st_stairs_5,
          uniq_nessos
Temple:   nicolae_temple_superstar
Lair:1:   wad_woods_04, layout_chaotic_city, nicolae_lair_run_with_the_wolves,
          grunt_megastairs_5
Lair:2:   layout_misc_corridors, nicolae_shoals_entry_flooding,
          spider_nest_entry_a, nicolae_quartered_pool_little, uniq_urug
Lair:3:   layout_chaotic_city
Lair:4:   layout_misc_corridors, slime_entry_2, st_stairs_8,
          serial_bayou_shore_b, grunt_megastairs_2
Lair:5:   hangedman_lair_caniforms_friends, layout_regular_city, wormcave,
          lemuel_fruit_fields, serial_bayou_shore_a
Shoals:1: layout_shoals, kb_tengu_band
Shoals:2: layout_shoals, serial_shops, shop, gammafunk_ghost_cemetery,
          nicolae_shoals_elemental_ambush
Shoals:3: layout_shoals, serial_shops, nicolae_take_the_stairs,
          nicolae_shop_trees
Shoals:4: shoals_end_hellmonk_lost_city, uniq_polyphemus, uniq_aizul
Spider:1: layout_spider_delve
Spider:2: layout_cave_pods, nicolae_spider_moth_buddies
Spider:3: layout_spider_delve, special_room [special_room_bee], uniq_arachne,
          uniq_asterion
Spider:4: guppyfry_spider_rune
Slime:1:  layout_caves, basic_altar
Slime:2:  layout_caves
Slime:3:  cheibrodos_slime_lost_civilization_10, layout_caves
Slime:4:  layout_caves
Slime:5
Orc:1:    layout_caves, serial_shops, shop, nicolae_shop_peninsula,
          nicolae_shop_stone, nicolae_shop_real_fake_doors, basic_altar,
          uniq_erolcha
Orc:2:    st_orc_mages, layout_caves, portal_ice_cave_rime
Vaults:1: vaults_room_stairs_pillars, vaults_room_octagon, v_pattern_5,
          hangedman_vaults_capsules, nicolae_vaults_tetromino_T_2,
          nicolae_vaults_ring_of_whatevers, nicolae_vaults_wine_cellar,
          vaults_standard_mumra_lines, nicolae_vaults_surprise_closet,
          layout_vaults_quadrants, serial_shops, shop_coins, uniq_nikola
Vaults:2: v_misc_12, nicolae_vaults_taking_the_gang_shopping,
          grunt_vaults_hallway_short, nicolae_vaults_theta,
          hangedman_vaults_nodes, vaults_room_pools, st_smaller_cells,
          nicolae_vaults_ellipses_ellipsis, vaults_dpeg_emergency_exit,
          nicolae_vaults_trapezoid_lopsided_1, nicolae_vaults_little_squares_1,
          v_alt_pattern_5, vaults_dpeg_cross, nicolae_vaults_sealed_display,
          layout_vaults_omnicross, serial_shops, nicolae_diamond_shop
Vaults:3: nicolae_vaults_meiosis, dpeg_vaults_monster_box,
          minmay_crypt_entry_simple_sparse, nicolae_vaults_alarming,
          vaults_room_grid, nicolae_vaults_shipping_containers_6,
          hangedman_vaults_corner_blocks, nicolae_vaults_trapezoid_lopsided_1,
          nicolae_vaults_closet_pinwheel_5, nicolae_vaults_closet_pinwheel_5,
          vaults_dpeg_hooks, vaults_room_corners, layout_vaults_big_room,
          serial_hangedman_research, hangedman_research_quantum,
          hangedman_research_electronics, hangedman_research_thermodynamics,
          serial_shops, nicolae_shop_hallway_plus, shop
Vaults:4: nicolae_vaults_network_s, nicolae_vaults_oval_intersection,
          nicolae_vaults_little_squares_6, nicolae_vaults_twisting_passages,
          vaults_mumra_minichess_inversion, hangedman_vaults_river_flow,
          grunt_vaults_bifocal, hangedman_vaults_variations, st_hourglassy,
          nicolae_vaults_shelves_hall, nicolae_vaults_apartment_1,
          vaults_room_hallway, layout_vaults_maze_bifur, uniq_saint_roka
Vaults:5
Crypt:1:  layout_regular_city, grunt_crypt_arrival_guarded_gate
Crypt:2:  layout_chaotic_city
Crypt:3:  lightli_unholy_cathedral, layout_chaotic_city,
          tomb_entry_forgotten_bobbens, grunt_megastairs_1, uniq_josephina
Tomb:1
Tomb:2
Tomb:3
Depths:1: layout_forbidden_donut, lightli_too_deep,
          ebering_ghost_reflecting_pool, hex_tiny, minmay_alternating_orb
Depths:2: minmay_complete_graph, layout_gridlike, rand_demon_pan_entry_8,
          pf_vacation_house_of_asmodeus, serial_sigils_hangedman_stare, uniq_vv
Depths:3: cheibrodos_quadrivalence, layout_cave_pools, enter_ziggurat_e,
          grunt_hell_entry_dis_grunt, hangedman_abyss_entry_splay,
          doesnt_xom_only_xom
Depths:4: grunt_zot_entry_alcove, layout_honeycomb, hell_entry,
          minmay_shop_grove, grunt_megastairs_3
Zot:1:    dreamdust_zin_vs_xom, layout_misc_corridors, uniq_grunn
Zot:2:    layout_misc_corridors, st_single_dragon_hoard_3
Zot:3:    layout_cathedral_of_symmetry
Zot:4:    hangedman_snap_crack_crunch, layout_onion_interference
Pan:      nicolae_pan_diamonds, layout_gridlike, nicolae_pan_sigil_uleosi,
          nicolae_pan_diamonds, layout_basic, grunt_pan_frozen_over,
          layout_long_grid, pan_blood_fountain, lom_lobon_grunt,
          layout_pan_divisions_b [pan_division_quadrant_b1,
          pan_division_quadrant_b2, pan_division_quadrant_b2,
          pan_division_quadrant_b6], evilmike_mini_pan_rooms, layout_stronghold,
          reaverb_pan_figure_eight, nicolae_pan_double_arrow, layout_small_grid,
          rand_demon_7, layout_onion_city, pan_blood_fountain_small,
          evilmike_mini_pan_3x3, layout_stronghold, reaverb_pan_squares,
          nicolae_pan_mnolegish_3, cerebov, layout_chambers,
          mnoleg_grunt_wretched_star, layout_rooms

Skill      XL: |  1  2  3  4  5  6  7  8  9 10 11 12 13 14 15 16 17 18 19 20 21 22 23 24 25 26 27 |
---------------+----------------------------------------------------------------------------------+-----
Axes           | 2 3 4 5 6 7 8 9 11 12 13 14 15 17 18 26 | 26.8
Dodging        | 1 2 3 4 7 8 16 | 16.0
Fighting       | 4 5 6 7 8 9 10 11 12 13 15 16 18 19 21 22 24 26 27 | 27.0
Throwing       | 1 5 6 9 10 11 13 14 | 14.0
Armour         | 4 5 6 8 9 10 12 13 15 16 17 19 20 21 22 23 27 | 27.0
Shields        | 4 5 6 7 11 13 14 15 16 19 20 21 22 26 | 26.0
Invocations    | 5 6 10 16 27 | 27.0
Short Blades   | 6 |  6.2

Action                     |  1- 3 |  4- 6 |  7- 9 | 10-12 | 13-15 | 16-18 | 19-21 | 22-24 | 25-27 || total
---------------------------+-------+-------+-------+-------+-------+-------+-------+-------+-------++-------
  Melee: War axe           |    84 |   210 |   351 |   146 |       |       |       |       |       ||   791
         Broad axe         |       |       |       |   314 |   788 |  1459 |  1655 |  1404 |  4874 || 10494
         Headbutt          |       |       |       |       |       |       |       |       |  1300 ||  1300
         Unarmed           |       |       |       |       |       |       |       |       |     8 ||     8
  Throw: Boomerang         |       |       |    83 |    78 |    60 |    87 |    17 |    47 |   190 ||   562
         Javelin           |       |       |       |     4 |    75 |    83 |   149 |    63 |    86 ||   460
 Invoke: Heroism           |       |       |     1 |    25 |    42 |    24 |    14 |    39 |    12 ||   157
         Finesse           |       |       |       |       |     2 |     9 |    11 |    14 |     2 ||    38
         Cleansing Flame   |       |       |       |       |       |       |       |       |   134 ||   134
         Summon Divine War |       |       |       |       |       |       |       |       |    57 ||    57
         Brand Weapon With |       |       |       |       |       |       |       |       |     1 ||     1
    Use: Scroll            |     2 |     3 |    12 |     7 |    10 |     6 |     1 |     9 |    18 ||    68
         Potion            |       |     5 |     3 |     2 |     5 |       |     5 |     9 |    43 ||    72
   Stab: Petrified         |       |       |       |       |       |    10 |       |       |       ||    10
 Armour: Scale mail        |    51 |    43 |       |       |       |       |       |       |       ||    94
         Ring mail         |       |    62 |    98 |       |       |       |       |       |       ||   160
         Chain mail        |       |       |    94 |   143 |       |       |       |       |       ||   237
         Plate armour      |       |       |       |    87 |   558 |   745 |   669 |   539 |       ||  2598
         Gold dragon scale |       |       |       |       |       |       |       |   214 |  1932 ||  2146
         Skin              |       |       |       |       |       |       |       |       |     1 ||     1
  Dodge: Dodged            |    32 |    78 |   152 |   182 |   305 |   566 |   493 |   517 |  1341 ||  3666
  Block: Buckler           |    14 |    49 |    75 |   120 |   218 |       |       |       |       ||   476
         Kite shield       |       |       |       |       |    75 |  1031 |   179 |       |       ||  1285
         Reflection        |       |       |       |       |     4 |    50 |       |       |    22 ||    76
         Tower shield      |       |       |       |       |       |       |   819 |  1135 |  3389 ||  5343

Table legend:
 A = Non-vault XP
 B = Vault XP
 C = Vault XP percentage of total XP
 D = Non-vault monster count
 E = Vault monster count
 F = Vault count percentage of total count
                 A         B        C        D         E       F
            +---------+---------+-------+---------+---------+-------
      Total | 1714473 |  953871 |  35.7 |    3395 |    1206 |  26.2
            +---------+---------+-------+---------+---------+-------
        D:1 |      39 |       2 |   4.9 |      24 |       1 |   4.0
        D:2 |      69 |       0 |   0.0 |      21 |       0 |   0.0
        D:3 |     100 |       0 |   0.0 |      18 |       0 |   0.0
        D:4 |     206 |     153 |  42.6 |      20 |       5 |  20.0
        D:5 |     597 |     767 |  56.2 |      18 |      53 |  74.6
        D:6 |     609 |      96 |  13.6 |      14 |       1 |   6.7
        D:7 |    1086 |       0 |   0.0 |      11 |       0 |   0.0
        D:8 |    2607 |       0 |   0.0 |      22 |       0 |   0.0
        D:9 |    3093 |       0 |   0.0 |      34 |       0 |   0.0
       D:10 |    4680 |     463 |   9.0 |      23 |       1 |   4.2
       D:11 |    2919 |    2660 |  47.7 |      12 |      32 |  72.7
       D:12 |    8786 |    1692 |  16.1 |      22 |       4 |  15.4
       D:13 |   10768 |   10731 |  49.9 |      24 |      21 |  46.7
       D:14 |    7724 |       0 |   0.0 |      15 |       0 |   0.0
       D:15 |   12676 |    3801 |  23.1 |      27 |       5 |  15.6
     Lair:1 |    5159 |    2562 |  33.2 |      21 |       8 |  27.6
     Lair:2 |    7691 |    2003 |  20.7 |      22 |       5 |  18.5
     Lair:3 |    4008 |       0 |   0.0 |      16 |       0 |   0.0
     Lair:4 |   15909 |     528 |   3.2 |      31 |       8 |  20.5
     Lair:5 |    7917 |   17635 |  69.0 |      28 |      75 |  72.8
   Shoals:1 |    7715 |    1185 |  13.3 |      12 |       2 |  14.3
   Shoals:2 |   11645 |    1920 |  14.2 |      24 |       9 |  27.3
   Shoals:3 |   19057 |       0 |   0.0 |      35 |       0 |   0.0
   Shoals:4 |    9573 |   35844 |  78.9 |      19 |      49 |  72.1
   Spider:1 |   10227 |       0 |   0.0 |      30 |       0 |   0.0
   Spider:2 |   17853 |    4372 |  19.7 |      48 |      10 |  17.2
   Spider:3 |    9365 |    6288 |  40.2 |      27 |      26 |  49.1
   Spider:4 |   19400 |   20318 |  51.2 |      48 |      30 |  38.5
    Slime:1 |   10966 |       0 |   0.0 |      29 |       0 |   0.0
    Slime:2 |    4446 |       0 |   0.0 |       8 |       0 |   0.0
    Slime:3 |     234 |       0 |   0.0 |       1 |       0 |   0.0
    Slime:4 |    1437 |       0 |   0.0 |       7 |       0 |   0.0
    Slime:5 |    3181 |   26312 |  89.2 |       7 |      17 |  70.8
      Orc:1 |    6573 |     861 |  11.6 |      42 |       1 |   2.3
      Orc:2 |    3475 |    6147 |  63.9 |      30 |      43 |  58.9
   Vaults:1 |   15114 |   25304 |  62.6 |      19 |      32 |  62.7
   Vaults:2 |   26745 |   26042 |  49.3 |      44 |      38 |  46.3
   Vaults:3 |   23406 |   35372 |  60.2 |      29 |      65 |  69.1
   Vaults:4 |   28290 |   29289 |  50.9 |      38 |      41 |  51.9
   Vaults:5 |   22800 |   96699 |  80.9 |      34 |      84 |  71.2
    Crypt:1 |   27341 |       0 |   0.0 |      56 |       0 |   0.0
    Crypt:2 |   10382 |       0 |   0.0 |      18 |       0 |   0.0
    Crypt:3 |   33815 |   40977 |  54.8 |      52 |      44 |  45.8
     Tomb:1 |   15306 |  112449 |  88.0 |      43 |      59 |  57.8
     Tomb:2 |   28191 |   49447 |  63.7 |      54 |      70 |  56.5
     Tomb:3 |   19508 |   90660 |  82.3 |      35 |      97 |  73.5
   Depths:1 |   28115 |   16422 |  36.9 |      33 |      18 |  35.3
   Depths:2 |   10582 |   38819 |  78.6 |      12 |      37 |  75.5
   Depths:3 |   30990 |    7844 |  20.2 |      41 |       9 |  18.0
   Depths:4 |   40265 |   22852 |  36.2 |      46 |      19 |  29.2
      Zot:1 |   39847 |   25257 |  38.8 |      27 |      16 |  37.2
      Zot:2 |   47481 |    2515 |   5.0 |      43 |       1 |   2.3
      Zot:3 |    9386 |       0 |   0.0 |       7 |       0 |   0.0
      Zot:4 |   29170 |   25212 |  46.4 |      28 |      18 |  39.1
    Abyss:3 |  134676 |       0 |   0.0 |     311 |       0 |   0.0
    Abyss:4 |  679323 |   41210 |   5.7 |    1366 |      49 |   3.5
        Pan |  181950 |  121161 |  40.0 |     269 |     103 |  27.7
            +---------+---------+-------+---------+---------+-------
